Workbook

Sheet Compilation
B1: Significant Effect | C1: No Significant Effect | D1: Significant Effect | E1: Significant Effect | F1: No Significant Effect | G1: No Significant Effect | J1: Significant Effect | K1: Significant Effect | L1: No Significant Effect | M1: No Significant Effect | P1: Significant Effect | Q1: Significant Effect | R1: No Significant Effect | S1: No Significant Effect | T1: Significant Effect | U1: No Significant Effect | Z1: Effect Paper | AA1: No effect paper | AB1: Uncertain Effect Paper
A2: BioEffect Cat | B2: Significant Effect | C2: No Significant Effect | D2: Real | E2: Simulated | F2: Real | G2: Simulated | J2: Pulsed | K2: Cont | L2: Pulsed | M2: Cont | P2: Industry | Q2: Govt, Institution | R2: Industry | S2: Govt, Institution | T2: Unknown | U2: Unknown
A3: Audio/Tinitus | B3: =Audio!Q71 -> 21 | C3: =Audio!Q72 -> 45 | D3: =Audio!Q75 -> 16 | E3: =Audio!Q79 -> 4 | F3: =Audio!Q76 -> 36 | G3: =Audio!Q80 -> 7 | J3: =Audio!Q83 -> 19 | K3: =Audio!Q87 -> 1 | L3: =Audio!Q84 -> 39 | M3: =Audio!Q88 -> 2 | P3: =Audio!AO70 -> 0 | Q3: =Audio!AO74 -> 4 | R3: =Audio!AO71 -> 3 | S3: =Audio!AO75 -> 24 | T3: =Audio!AO94 -> 15 | U3: =Audio!AO95 -> 19 | V3: Audio/Tinitus
A4: Cardio | B4: =Cardio!Q158 -> 67 | C4: =Cardio!Q159 -> 85 | D4: =Cardio!Q162 -> 36 | E4: =Cardio!Q166 -> 27 | F4: =Cardio!Q163 -> 46 | G4: =Cardio!Q167 -> 35 | J4: =Cardio!Q170 -> 47 | K4: =Cardio!Q174 -> 8 | L4: =Cardio!Q171 -> 64 | M4: =Cardio!Q175 -> 8 | P4: =Cardio!AO156 -> 2 | Q4: =Cardio!AO160 -> 34 | R4: =Cardio!AO157 -> 17 | S4: =Cardio!AO161 -> 58 | T4: =Cardio!AO180 -> 28 | U4: =Cardio!AO181 -> 18 | V4: Cardio
A5: Cognitive | B5: =Cognitive!Q202 -> 97 | C5: =Cognitive!Q203 -> 100 | D5: =Cognitive!Q206 -> 47 | E5: =Cognitive!Q210 -> 46 | F5: =Cognitive!Q207 -> 50 | G5: =Cognitive!Q211 -> 46 | J5: =Cognitive!Q214 -> 72 | K5: =Cognitive!Q218 -> 7 | L5: =Cognitive!Q215 -> 71 | M5: =Cognitive!Q219 -> 9 | P5: =Cognitive!AO201 -> 9 | Q5: =Cognitive!AO205 -> 63 | R5: =Cognitive!AO202 -> 29 | S5: =Cognitive!AO206 -> 61 | T5: =Cognitive!AO225 -> 29 | U5: =Cognitive!AO226 -> 26 | V5: Cognitive
A6: Depression | B6: =Depression!Q42 -> 19 | C6: =Depression!Q43 -> 17 | D6: =Depression!Q46 -> 16 | E6: =Depression!Q50 -> 2 | F6: =Depression!Q47 -> 11 | G6: =Depression!Q51 -> 6 | J6: =Depression!Q54 -> 16 | K6: =Depression!Q58 -> 0 | L6: =Depression!Q55 -> 14 | M6: =Depression!Q59 -> 1 | P6: =Depression!AO40 -> 1 | Q6: =Depression!AO44 -> 7 | R6: =Depression!AO41 -> 2 | S6: =Depression!AO45 -> 11 | T6: =Depression!AO64 -> 9 | U6: =Depression!AO65 -> 6 | V6: Depression
A7: Dizziness | B7: =Dizziness!Q56 -> 29 | C7: =Dizziness!Q57 -> 22 | D7: =Dizziness!Q60 -> 27 | E7: =Dizziness!Q64 -> 1 | F7: =Dizziness!Q61 -> 17 | G7: =Dizziness!Q65 -> 5 | J7: =Dizziness!Q68 -> 26 | K7: =Dizziness!Q72 -> 1 | L7: =Dizziness!Q69 -> 20 | M7: =Dizziness!Q73 -> 1 | P7: =Dizziness!AO55 -> 3 | Q7: =Dizziness!AO59 -> 12 | R7: =Dizziness!AO56 -> 2 | S7: =Dizziness!AO60 -> 12 | T7: =Dizziness!AO79 -> 13 | U7: =Dizziness!AO80 -> 9 | V7: Dizziness
A8: EEG | B8: =EEG!Q147 -> 111 | C8: =EEG!Q148 -> 32 | D8: =EEG!Q151 -> 46 | E8: =EEG!Q155 -> 17 | F8: =EEG!Q152 -> 15 | G8: =EEG!Q156 -> 17 | J8: =EEG!Q159 -> 88 | K8: =EEG!Q163 -> 14 | L8: =EEG!Q160 -> 26 | M8: =EEG!Q164 -> 4 | P8: =EEG!AO147 -> 23 | Q8: =EEG!AO151 -> 73 | R8: =EEG!AO148 -> 12 | S8: =EEG!AO152 -> 17 | T8: =EEG!AO171 -> 31 | U8: =EEG!AO172 -> 6 | V8: EEG
A9: Fatigue | B9: =Fatigue!Q62 -> 32 | C9: =Fatigue!Q63 -> 23 | D9: =Fatigue!Q66 -> 29 | E9: =Fatigue!Q70 -> 1 | F9: =Fatigue!Q67 -> 16 | G9: =Fatigue!Q71 -> 7 | J9: =Fatigue!Q74 -> 29 | K9: =Fatigue!Q78 -> 0 | L9: =Fatigue!Q75 -> 18 | M9: =Fatigue!Q79 -> 3 | P9: =Fatigue!AO59 -> 3 | Q9: =Fatigue!AO63 -> 14 | R9: =Fatigue!AO60 -> 5 | S9: =Fatigue!AO64 -> 19 | T9: =Fatigue!AO83 -> 12 | U9: =Fatigue!AO84 -> 4 | V9: Fatigue
A10: Gene Expression changes | B10: ='Gene Exprn changes'!Q292 -> 212 | C10: ='Gene Exprn changes'!Q297 -> 14 | D10: ='Gene Exprn changes'!Q296 -> 32 | E10: ='Gene Exprn changes'!Q300 -> 180 | F10: ='Gene Exprn changes'!Q297 -> 14 | G10: ='Gene Exprn changes'!Q301 -> 61 | J10: ='Gene Exprn changes'!Q304 -> 111 | K10: ='Gene Exprn changes'!Q308 -> 48 | L10: ='Gene Exprn changes'!Q305 -> 52 | M10: ='Gene Exprn changes'!Q309 -> 13 | P10: ='Gene Exprn changes'!AO291 -> 15 | Q10: ='Gene Exprn changes'!AO295 -> 170 | R10: ='Gene Exprn changes'!AO292 -> 13 | S10: ='Gene Exprn changes'!AO296 -> 53 | T10: ='Gene Exprn changes'!AO315 -> 29 | U10: ='Gene Exprn changes'!AO316 -> 15 | V10: Gene Expression changes
A11: Geneoxicity | B11: =Geneoxicity!Q404 -> 237 | C11: =Geneoxicity!Q405 -> 162 | D11: =Geneoxicity!Q408 -> 63 | E11: =Geneoxicity!Q412 -> 174 | F11: =Geneoxicity!Q409 -> 20 | G11: =Geneoxicity!Q413 -> 142 | J11: =Geneoxicity!Q416 -> 132 | K11: =Geneoxicity!Q420 -> 65 | L11: =Geneoxicity!Q417 -> 86 | M11: =Geneoxicity!Q421 -> 42 | P11: =Geneoxicity!AO403 -> 6 | Q11: =Geneoxicity!AO407 -> 129 | R11: =Geneoxicity!AO404 -> 40 | S11: =Geneoxicity!AO408 -> 99 | T11: =Geneoxicity!AO427 -> 94 | U11: =Geneoxicity!AO428 -> 39 | V11: Geneoxicity
A12: Headache | B12: =Headache!Q97 -> 61 | C12: =Headache!Q98 -> 31 | D12: =Headache!Q101 -> 51 | E12: =Headache!Q105 -> 4 | F12: =Headache!Q102 -> 19 | G12: =Headache!Q106 -> 9 | J12: =Headache!Q109 -> 53 | K12: =Headache!Q113 -> 1 | L12: =Headache!Q110 -> 23 | M12: =Headache!Q114 -> 2 | P12: =Headache!AO96 -> 8 | Q12: =Headache!AO100 -> 28 | R12: =Headache!AO97 -> 7 | S12: =Headache!AO101 -> 22 | T12: =Headache!AO120 -> 26 | U12: =Headache!AO121 -> 6 | V12: Headache
A13: Immune Sys | B13: ='Immune Sys'!Q199 -> 104 | C13: ='Immune Sys'!Q200 -> 89 | D13: ='Immune Sys'!Q203 -> 37 | E13: ='Immune Sys'!Q207 -> 64 | F13: ='Immune Sys'!Q204 -> 19 | G13: ='Immune Sys'!Q208 -> 65 | J13: ='Immune Sys'!Q211 -> 47 | K13: ='Immune Sys'!Q215 -> 22 | L13: ='Immune Sys'!Q212 -> 48 | M13: ='Immune Sys'!Q216 -> 14 | P13: ='Immune Sys'!AO197 -> 2 | Q13: ='Immune Sys'!AO201 -> 63 | R13: ='Immune Sys'!AO198 -> 12 | S13: ='Immune Sys'!AO202 -> 58 | T13: ='Immune Sys'!AO221 -> 36 | U13: ='Immune Sys'!AO222 -> 20 | V13: Immune Sys
A14: Inflammation | B14: =Inflammation!Q36 -> 19 | C14: =Inflammation!Q37 -> 11 | D14: =Inflammation!Q40 -> 7 | E14: =Inflammation!Q44 -> 10 | F14: =Inflammation!Q41 -> 2 | G14: =Inflammation!Q45 -> 7 | J14: =Inflammation!Q48 -> 12 | K14: =Inflammation!Q52 -> 2 | L14: =Inflammation!Q49 -> 4 | M14: =Inflammation!Q53 -> 3 | P14: =Inflammation!AO34 -> 0 | Q14: =Inflammation!AO38 -> 14 | R14: =Inflammation!AO35 -> 0 | S14: =Inflammation!AO39 -> 7 | T14: =Inflammation!AO58 -> 5 | U14: =Inflammation!AO59 -> 2 | V14: Inflammation
A15: Neurobehavioural | B15: =Neurobehavioural!Q241 -> 158 | C15: =Neurobehavioural!Q242 -> 76 | D15: =Neurobehavioural!Q245 -> 83 | E15: =Neurobehavioural!Q249 -> 71 | F15: =Neurobehavioural!Q246 -> 44 | G15: =Neurobehavioural!Q250 -> 30 | J15: =Neurobehavioural!Q253 -> 115 | K15: =Neurobehavioural!Q257 -> 14 | L15: =Neurobehavioural!Q254 -> 63 | M15: =Neurobehavioural!Q258 -> 8 | P15: =Neurobehavioural!AO238 -> 12 | Q15: =Neurobehavioural!AO242 -> 98 | R15: =Neurobehavioural!AO239 -> 23 | S15: =Neurobehavioural!AO243 -> 49 | T15: =Neurobehavioural!AO262 -> 50 | U15: =Neurobehavioural!AO263 -> 18 | V15: Neurobehavioural
A16: Ocular | B16: =Ocular!Q62 -> 32 | C16: =Ocular!Q63 -> 24 | D16: =Ocular!Q66 -> 12 | E16: =Ocular!Q70 -> 17 | F16: =Ocular!Q67 -> 9 | G16: =Ocular!Q71 -> 9 | J16: =Ocular!Q74 -> 18 | K16: =Ocular!Q78 -> 4 | L16: =Ocular!Q75 -> 20 | M16: =Ocular!Q79 -> 1 | P16: =Ocular!AO60 -> 0 | Q16: =Ocular!AO64 -> 12 | R16: =Ocular!AO61 -> 3 | S16: =Ocular!AO65 -> 14 | T16: =Ocular!AO84 -> 19 | U16: =Ocular!AO85 -> 8 | V16: Ocular
A17: Oxidative Stress | B17: ='Oxidative Stress'!Q394 -> 327 | C17: ='Oxidative Stress'!Q395 -> 61 | D17: ='Oxidative Stress'!Q398 -> 111 | E17: ='Oxidative Stress'!Q402 -> 210 | F17: ='Oxidative Stress'!Q399 -> 16 | G17: ='Oxidative Stress'!Q403 -> 42 | J17: ='Oxidative Stress'!Q406 -> 197 | K17: ='Oxidative Stress'!Q410 -> 63 | L17: ='Oxidative Stress'!Q407 -> 38 | M17: ='Oxidative Stress'!Q411 -> 14 | P17: ='Oxidative Stress'!AO392 -> 8 | Q17: ='Oxidative Stress'!AO396 -> 191 | R17: ='Oxidative Stress'!AO393 -> 12 | S17: ='Oxidative Stress'!AO397 -> 46 | T17: ='Oxidative Stress'!AO416 -> 119 | U17: ='Oxidative Stress'!AO417 -> 12 | V17: Oxidative Stress
A18: Synergisitc | B18: =Synergistic!Q86 -> 53 | C18: =Synergistic!Q87 -> 26 | D18: =Synergistic!Q90 -> 8 | E18: =Synergistic!Q94 -> 45 | F18: =Synergistic!Q91 -> 3 | G18: =Synergistic!Q95 -> 23 | J18: =Synergistic!Q98 -> 23 | K18: =Synergistic!Q102 -> 10 | L18: =Synergistic!Q99 -> 17 | M18: =Synergistic!Q103 -> 6 | P18: =Synergistic!AO83 -> 8 | Q18: =Synergistic!AO87 -> 38 | R18: =Synergistic!AO84 -> 5 | S18: =Synergistic!AO88 -> 19 | T18: =Synergistic!AO107 -> 14 | U18: =Synergistic!AO108 -> 3 | V18: Synergisitc
A19: Sleep | B19: =Sleep!Q95 -> 55 | C19: =Sleep!Q96 -> 34 | D19: =Sleep!Q99 -> 37 | E19: =Sleep!Q103 -> 15 | F19: =Sleep!Q100 -> 19 | G19: =Sleep!Q104 -> 14 | J19: =Sleep!Q107 -> 49 | K19: =Sleep!Q111 -> 2 | L19: =Sleep!Q108 -> 32 | M19: =Sleep!Q112 -> 0 | P19: =Sleep!AO93 -> 9 | Q19: =Sleep!AO97 -> 27 | R19: =Sleep!AO94 -> 11 | S19: =Sleep!AO98 -> 25 | T19: =Sleep!AO117 -> 23 | U19: =Sleep!AO118 -> 2 | V19: Sleep
A20: Biochemical | B20: =Biochemical!Q391 -> 325 | C20: =Biochemical!Q392 -> 60 | D20: =Biochemical!Q395 -> 82 | E20: =Biochemical!Q399 -> 243 | F20: =Biochemical!Q396 -> 16 | G20: =Biochemical!Q400 -> 44 | J20: =Biochemical!Q403 -> 171 | K20: =Biochemical!Q407 -> 75 | L20: =Biochemical!Q404 -> 36 | M20: =Biochemical!Q408 -> 9 | P20: =Biochemical!AO389 -> 10 | Q20: =Biochemical!AO393 -> 226 | R20: =Biochemical!AO390 -> 11 | S20: =Biochemical!AO394 -> 44 | T20: =Biochemical!AO413 -> 87 | U20: =Biochemical!AO414 -> 12 | V20: Biochemical
A21: Cell Damage | B21: ='Cell Damage'!Q90 -> 19 | C21: ='Cell Damage'!Q91 -> 65 | D21: ='Cell Damage'!Q94 -> 6 | E21: ='Cell Damage'!Q98 -> 13 | F21: ='Cell Damage'!Q95 -> 4 | G21: ='Cell Damage'!Q99 -> 61 | J21: ='Cell Damage'!Q102 -> 12 | K21: ='Cell Damage'!Q106 -> 3 | L21: ='Cell Damage'!Q103 -> 38 | M21: ='Cell Damage'!Q107 -> 11 | P21: ='Cell Damage'!AO88 -> 3 | Q21: ='Cell Damage'!AO92 -> 16 | R21: ='Cell Damage'!AO89 -> 10 | S21: ='Cell Damage'!AO93 -> 48 | T21: ='Cell Damage'!AO112 -> 3 | U21: ='Cell Damage'!AO113 -> 11 | V21: Cell Damage
A22: BBB | B22: =BBB!Q44 -> 15 | C22: =BBB!Q45 -> 23 | D22: =BBB!Q48 -> 4 | E22: =BBB!Q52 -> 0 | F22: =BBB!Q49 -> 3 | G22: =BBB!Q53 -> 0 | J22: =BBB!Q56 -> 9 | K22: =BBB!Q60 -> 6 | L22: =BBB!Q57 -> 19 | M22: =BBB!Q61 -> 2 | P22: =BBB!AO42 -> 1 | Q22: =BBB!AO46 -> 11 | R22: =BBB!AO43 -> 7 | S22: =BBB!AO47 -> 15 | T22: =BBB!AO66 -> 3 | U22: =BBB!AO67 -> 2 | V22: BBB
A23: Endocrine | B23: =Endocrine!Q144 -> 101 | C23: =Endocrine!Q145 -> 37 | D23: =Endocrine!Q148 -> 33 | E23: =Endocrine!Q152 -> 68 | F23: =Endocrine!Q149 -> 13 | G23: =Endocrine!Q153 -> 24 | J23: =Endocrine!Q156 -> 53 | K23: =Endocrine!Q160 -> 23 | L23: =Endocrine!Q157 -> 22 | M23: =Endocrine!Q161 -> 11 | P23: =Endocrine!AO142 -> 5 | Q23: =Endocrine!AO146 -> 60 | R23: =Endocrine!AO143 -> 5 | S23: =Endocrine!AO147 -> 17 | T23: =Endocrine!AO166 -> 34 | U23: =Endocrine!AO167 -> 16 | V23: Endocrine
A24: Adaptive Response | B24: ='Adaptive Response'!Q57 -> 35 | C24: ='Adaptive Response'!Q58 -> 16 | D24: ='Adaptive Response'!Q61 -> 4 | E24: ='Adaptive Response'!Q65 -> 31 | F24: ='Adaptive Response'!Q62 -> 4 | G24: ='Adaptive Response'!Q66 -> 12 | J24: ='Adaptive Response'!Q69 -> 19 | K24: ='Adaptive Response'!Q73 -> 11 | L24: ='Adaptive Response'!Q70 -> 11 | M24: ='Adaptive Response'!Q74 -> 0 | P24: ='Adaptive Response'!AO55 -> 0 | Q24: ='Adaptive Response'!AO59 -> 25 | R24: ='Adaptive Response'!AO56 -> 2 | S24: ='Adaptive Response'!AO60 -> 10 | T24: ='Adaptive Response'!AO79 -> 9 | U24: ='Adaptive Response'!AO80 -> 4 | V24: Adaptive Response
A25: Hepatic | B25: =Hepatic!Q66 -> 31 | C25: =Hepatic!Q67 -> 29 | D25: =Hepatic!Q70 -> 13 | E25: =Hepatic!Q74 -> 18 | F25: =Hepatic!Q71 -> 6 | G25: =Hepatic!Q75 -> 23 | J25: =Hepatic!Q78 -> 24 | K25: =Hepatic!Q82 -> 5 | L25: =Hepatic!Q79 -> 20 | M25: =Hepatic!Q83 -> 6 | P25: =Hepatic!AO64 -> 0 | Q25: =Hepatic!AO68 -> 13 | R25: =Hepatic!AO65 -> 4 | S25: =Hepatic!AO69 -> 18 | T25: =Hepatic!AO88 -> 15 | U25: =Hepatic!AO89 -> 5 | V25: Hepatic
A26: Mitochondrial | B26: =Mitochondrial!Q62 -> 39 | C26: =Mitochondrial!Q63 -> 17 | D26: =Mitochondrial!Q66 -> 4 | E26: =Mitochondrial!Q70 -> 35 | F26: =Mitochondrial!Q67 -> 1 | G26: =Mitochondrial!Q71 -> 16 | J26: =Mitochondrial!Q74 -> 21 | K26: =Mitochondrial!Q78 -> 10 | L26: =Mitochondrial!Q75 -> 11 | M26: =Mitochondrial!Q79 -> 5 | P26: =Mitochondrial!AO60 -> 3 | Q26: =Mitochondrial!AO64 -> 30 | R26: =Mitochondrial!AO61 -> 3 | S26: =Mitochondrial!AO65 -> 10 | T26: =Mitochondrial!AO84 -> 6 | U26: =Mitochondrial!AO85 -> 3 | V26: Mitochondrial
A27: Metabolic | B27: =Metabolic!Q111 -> 32 | C27: =Metabolic!Q112 -> 73 | D27: =Metabolic!Q115 -> 3 | E27: =Metabolic!Q119 -> 29 | F27: =Metabolic!Q116 -> 13 | G27: =Metabolic!Q120 -> 60 | J27: =Metabolic!Q123 -> 17 | K27: =Metabolic!Q127 -> 14 | L27: =Metabolic!Q124 -> 47 | M27: =Metabolic!Q128 -> 18 | P27: =Metabolic!AO109 -> 3 | Q27: =Metabolic!AO113 -> 21 | R27: =Metabolic!AO110 -> 21 | S27: =Metabolic!AO114 -> 50 | T27: =Metabolic!AO133 -> 9 | U27: =Metabolic!AO134 -> 14 | V27: Metabolic
A28: Neurotransmitter | B28: =Neurotransmitter!Q61 -> 41 | C28: =Neurotransmitter!Q62 -> 14 | D28: =Neurotransmitter!Q65 -> 7 | E28: =Neurotransmitter!Q69 -> 34 | F28: =Neurotransmitter!Q66 -> 2 | G28: =Neurotransmitter!Q70 -> 12 | J28: =Neurotransmitter!Q73 -> 21 | K28: =Neurotransmitter!Q77 -> 7 | L28: =Neurotransmitter!Q74 -> 8 | M28: =Neurotransmitter!Q78 -> 3 | P28: =Neurotransmitter!AO59 -> 3 | Q28: =Neurotransmitter!AO63 -> 31 | R28: =Neurotransmitter!AO60 -> 3 | S28: =Neurotransmitter!AO64 -> 11 | T28: =Neurotransmitter!AO83 -> 9 | U28: =Neurotransmitter!AO84 -> 1 | V28: Neurotransmitter
A29: Cell morphology | B29: ='Cell morphological'!Q206 -> 135 | C29: ='Cell morphological'!Q207 -> 65 | D29: ='Cell morphological'!Q210 -> 47 | E29: ='Cell morphological'!Q214 -> 88 | F29: ='Cell morphological'!Q211 -> 17 | G29: ='Cell morphological'!Q215 -> 48 | J29: ='Cell morphological'!Q218 -> 81 | K29: ='Cell morphological'!Q222 -> 26 | L29: ='Cell morphological'!Q219 -> 39 | M29: ='Cell morphological'!Q223 -> 14 | P29: ='Cell morphological'!AO204 -> 3 | Q29: ='Cell morphological'!AO208 -> 76 | R29: ='Cell morphological'!AO205 -> 6 | S29: ='Cell morphological'!AO209 -> 48 | T29: ='Cell morphological'!AO228 -> 52 | U29: ='Cell morphological'!AO229 -> 13 | V29: Cell morphology
A30: Memory | B30: =Memory!Q161 -> 71 | C30: =Memory!Q162 -> 85 | D30: =Memory!Q165 -> 30 | E30: =Memory!Q169 -> 36 | F30: =Memory!Q166 -> 40 | G30: =Memory!Q170 -> 40 | J30: =Memory!Q173 -> 48 | K30: =Memory!Q177 -> 7 | L30: =Memory!Q174 -> 59 | M30: =Memory!Q178 -> 7 | P30: =Memory!AO160 -> 2 | Q30: =Memory!AO164 -> 49 | R30: =Memory!AO161 -> 27 | S30: =Memory!AO165 -> 54 | T30: =Memory!AO184 -> 20 | U30: =Memory!AO185 -> 20 | V30: Memory
A31: Fertility | B31: =Fertility!Q155 -> 109 | C31: =Fertility!Q156 -> 39 | D31: =Fertility!Q159 -> 53 | E31: =Fertility!Q163 -> 56 | F31: =Fertility!Q160 -> 13 | G31: =Fertility!Q164 -> 25 | J31: =Fertility!Q167 -> 73 | K31: =Fertility!Q171 -> 16 | L31: =Fertility!Q168 -> 27 | M31: =Fertility!Q172 -> 7 | P31: =Fertility!AO152 -> 3 | Q31: =Fertility!AO156 -> 61 | R31: =Fertility!AO153 -> 1 | S31: =Fertility!AO157 -> 26 | T31: =Fertility!AO176 -> 38 | U31: =Fertility!AO177 -> 12 | V31: Fertility
A32: BioEffect Cat | B32: How Generated | C32: Significant Effect | D32: No Significant Effect | E32: Proportion Effects | F32: Proportion No Effects | G32: BioEffect Cat | H32: WaveType | I32: Significant Effect | J32: No Significant Effect | K32: Proportion Effects | L32: Proportion No Effects | M32: BioEffect Cat | N32: Funding | O32: Significant Effect | P32: No Significant Effect | Q32: Proportion Effects | R32: Proportion No Effects
A33: Adaptive Response | B33: Real | C33: =D24 -> 4 | D33: =F24 -> 4 | E33: =C33/SUM(C33:D33) -> 0.5 | F33: =D33/SUM(C33:D33) -> 0.5 | G33: Cell Adaptive | H33: Pulsed | I33: =J24 -> 19 | J33: =L24 -> 11 | K33: =I33/SUM(I33:J33) -> 0.63333333 | L33: =J33/SUM(I33:J33) -> 0.36666667 | M33: Cell Adaptive | N33: Industry | O33: =P24 -> 0 | P33: =R24 -> 2 | Q33: =O33/SUM(O33:P33) -> 0 | R33: =P33/SUM(O33:P33) -> 1
A34: Adaptive Response | B34: Simulated | C34: =E24 -> 31 | D34: =G24 -> 12 | E34: =C34/SUM(C34:D34) -> 0.72093023 | F34: =D34/SUM(C34:D34) -> 0.27906977 | G34: Cell Adaptive | H34: Continouus | I34: =K24 -> 11 | J34: =M24 -> 0 | K34: =I34/SUM(I34:J34) -> 1 | L34: =J34/SUM(I34:J34) -> 0 | M34: Cell Adaptive | N34: Govt or Institut. | O34: =Q24 -> 25 | P34: =S24 -> 10 | Q34: =O34/SUM(O34:P34) -> 0.71428571 | R34: =P34/SUM(O34:P34) -> 0.28571429
A35: Audio/Tinitus | B35: Real | C35: =D3 -> 16 | D35: =F3 -> 36 | E35: =C35/SUM(C35:D35) -> 0.30769231 | F35: =D35/SUM(C35:D35) -> 0.69230769 | G35: Audio/Tinitus | H35: Pulsed | I35: =J3 -> 19 | J35: =L3 -> 39 | K35: =I35/SUM(I35:J35) -> 0.32758621 | L35: =J35/SUM(I35:J35) -> 0.67241379 | M35: Audio/Tinitus | N35: Industry | O35: =P3 -> 0 | P35: =R3 -> 3 | Q35: =O35/SUM(O35:P35) -> 0 | R35: =P35/SUM(O35:P35) -> 1
A36: Audio/Tinitus | B36: Simulated | C36: =E3 -> 4 | D36: =G3 -> 7 | E36: =C36/SUM(C36:D36) -> 0.36363636 | F36: =D36/SUM(C36:D36) -> 0.63636364 | G36: Audio/Tinitus | H36: Continouus | I36: =K3 -> 1 | J36: =M3 -> 2 | K36: =I36/SUM(I36:J36) -> 0.33333333 | L36: =J36/SUM(I36:J36) -> 0.66666667 | M36: Audio/Tinitus | N36: Govt or Institut. | O36: =Q3 -> 4 | P36: =S3 -> 24 | Q36: =O36/SUM(O36:P36) -> 0.14285714 | R36: =P36/SUM(O36:P36) -> 0.85714286
A37: Blood Brain Barrier | B37: Real | C37: =D22 -> 4 | D37: =F22 -> 3 | E37: =C37/SUM(C37:D37) -> 0.57142857 | F37: =D37/SUM(C37:D37) -> 0.42857143 | G37: Blood Brain Barrier | H37: Pulsed | I37: =J22 -> 9 | J37: =L22 -> 19 | K37: =I37/SUM(I37:J37) -> 0.32142857 | L37: =J37/SUM(I37:J37) -> 0.67857143 | M37: Blood Brain Barrier | N37: Industry | O37: =P22 -> 1 | P37: =R22 -> 7 | Q37: =O37/SUM(O37:P37) -> 0.125 | R37: =P37/SUM(O37:P37) -> 0.875
A38: Blood Brain Barrier | B38: Simulated | C38: =E22 -> 0 | D38: =G22 -> 0 | E38: 0 | F38: 0 | G38: Blood Brain Barrier | H38: Continouus | I38: =K22 -> 6 | J38: =M22 -> 2 | K38: =I38/SUM(I38:J38) -> 0.75 | L38: =J38/SUM(I38:J38) -> 0.25 | M38: Blood Brain Barrier | N38: Govt or Institut. | O38: =Q22 -> 11 | P38: =S22 -> 15 | Q38: =O38/SUM(O38:P38) -> 0.42307692 | R38: =P38/SUM(O38:P38) -> 0.57692308
A39: Cardio | B39: Real | C39: =D4 -> 36 | D39: =F4 -> 46 | E39: =C39/SUM(C39:D39) -> 0.43902439 | F39: =D39/SUM(C39:D39) -> 0.56097561 | G39: Cardio | H39: Pulsed | I39: =J4 -> 47 | J39: =L4 -> 64 | K39: =I39/SUM(I39:J39) -> 0.42342342 | L39: =J39/SUM(I39:J39) -> 0.57657658 | M39: Cardio | N39: Industry | O39: =P4 -> 2 | P39: =R4 -> 17 | Q39: =O39/SUM(O39:P39) -> 0.10526316 | R39: =P39/SUM(O39:P39) -> 0.89473684
A40: Cardio | B40: Simulated | C40: =E4 -> 27 | D40: =G4 -> 35 | E40: =C40/SUM(C40:D40) -> 0.43548387 | F40: =D40/SUM(C40:D40) -> 0.56451613 | G40: Cardio | H40: Continouus | I40: =K4 -> 8 | J40: =M4 -> 8 | K40: =I40/SUM(I40:J40) -> 0.5 | L40: =J40/SUM(I40:J40) -> 0.5 | M40: Cardio | N40: Govt or Institut. | O40: =Q4 -> 34 | P40: =S4 -> 58 | Q40: =O40/SUM(O40:P40) -> 0.36956522 | R40: =P40/SUM(O40:P40) -> 0.63043478
A41: Cell Damage | B41: Real | C41: =D21 -> 6 | D41: =F21 -> 4 | E41: =C41/SUM(C41:D41) -> 0.6 | F41: =D41/SUM(C41:D41) -> 0.4 | G41: Cell Damage | H41: Pulsed | I41: =J21 -> 12 | J41: =L21 -> 38 | K41: =I41/SUM(I41:J41) -> 0.24 | L41: =J41/SUM(I41:J41) -> 0.76 | M41: Cell Damage | N41: Industry | O41: =P21 -> 3 | P41: =R21 -> 10 | Q41: =O41/SUM(O41:P41) -> 0.23076923 | R41: =P41/SUM(O41:P41) -> 0.76923077
A42: Cell Damage | B42: Simulated | C42: =E21 -> 13 | D42: =G21 -> 61 | E42: =C42/SUM(C42:D42) -> 0.17567568 | F42: =D42/SUM(C42:D42) -> 0.82432432 | G42: Cell Damage | H42: Continouus | I42: =K21 -> 3 | J42: =M21 -> 11 | K42: =I42/SUM(I42:J42) -> 0.21428571 | L42: =J42/SUM(I42:J42) -> 0.78571429 | M42: Cell Damage | N42: Govt or Institut. | O42: =Q21 -> 16 | P42: =S21 -> 48 | Q42: =O42/SUM(O42:P42) -> 0.25 | R42: =P42/SUM(O42:P42) -> 0.75
A43: Cognitive | B43: Real | C43: =D5 -> 47 | D43: =F5 -> 50 | E43: =C43/SUM(C43:D43) -> 0.48453608 | F43: =D43/SUM(C43:D43) -> 0.51546392 | G43: Cognitive | H43: Pulsed | I43: =J5 -> 72 | J43: =L5 -> 71 | K43: =I43/SUM(I43:J43) -> 0.5034965 | L43: =J43/SUM(I43:J43) -> 0.4965035 | M43: Cognitive | N43: Industry | O43: =P5 -> 9 | P43: =R5 -> 29 | Q43: =O43/SUM(O43:P43) -> 0.23684211 | R43: =P43/SUM(O43:P43) -> 0.76315789
A44: Cognitive | B44: Simulated | C44: =E5 -> 46 | D44: =G5 -> 46 | E44: =C44/SUM(C44:D44) -> 0.5 | F44: =D44/SUM(C44:D44) -> 0.5 | G44: Cognitive | H44: Continouus | I44: =K5 -> 7 | J44: =M5 -> 9 | K44: =I44/SUM(I44:J44) -> 0.4375 | L44: =J44/SUM(I44:J44) -> 0.5625 | M44: Cognitive | N44: Govt or Institut. | O44: =Q5 -> 63 | P44: =S5 -> 61 | Q44: =O44/SUM(O44:P44) -> 0.50806452 | R44: =P44/SUM(O44:P44) -> 0.49193548
A45: Depression | B45: Real | C45: =D6 -> 16 | D45: =F6 -> 11 | E45: =C45/SUM(C45:D45) -> 0.59259259 | F45: =D45/SUM(C45:D45) -> 0.40740741 | G45: Depression | H45: Pulsed | I45: =J6 -> 16 | J45: =L6 -> 14 | K45: =I45/SUM(I45:J45) -> 0.53333333 | L45: =J45/SUM(I45:J45) -> 0.46666667 | M45: Depression | N45: Industry | O45: =P6 -> 1 | P45: =R6 -> 2 | Q45: =O45/SUM(O45:P45) -> 0.33333333 | R45: =P45/SUM(O45:P45) -> 0.66666667
A46: Depression | B46: Simulated | C46: =E6 -> 2 | D46: =G6 -> 6 | E46: =C46/SUM(C46:D46) -> 0.25 | F46: =D46/SUM(C46:D46) -> 0.75 | G46: Depression | H46: Continouus | I46: =K6 -> 0 | J46: =M6 -> 1 | K46: =I46/SUM(I46:J46) -> 0 | L46: =J46/SUM(I46:J46) -> 1 | M46: Depression | N46: Govt or Institut. | O46: =Q6 -> 7 | P46: =S6 -> 11 | Q46: =O46/SUM(O46:P46) -> 0.38888889 | R46: =P46/SUM(O46:P46) -> 0.61111111
A47: Dizziness | B47: Real | C47: =D7 -> 27 | D47: =F7 -> 17 | E47: =C47/SUM(C47:D47) -> 0.61363636 | F47: =D47/SUM(C47:D47) -> 0.38636364 | G47: Dizziness | H47: Pulsed | I47: =J7 -> 26 | J47: =L7 -> 20 | K47: =I47/SUM(I47:J47) -> 0.56521739 | L47: =J47/SUM(I47:J47) -> 0.43478261 | M47: Dizziness | N47: Industry | O47: =P7 -> 3 | P47: =R7 -> 2 | Q47: =O47/SUM(O47:P47) -> 0.6 | R47: =P47/SUM(O47:P47) -> 0.4
A48: Dizziness | B48: Simulated | C48: =E7 -> 1 | D48: =G7 -> 5 | E48: =C48/SUM(C48:D48) -> 0.16666667 | F48: =D48/SUM(C48:D48) -> 0.83333333 | G48: Dizziness | H48: Continouus | I48: =K7 -> 1 | J48: =M7 -> 1 | K48: =I48/SUM(I48:J48) -> 0.5 | L48: =J48/SUM(I48:J48) -> 0.5 | M48: Dizziness | N48: Govt or Institut. | O48: =Q7 -> 12 | P48: =S7 -> 12 | Q48: =O48/SUM(O48:P48) -> 0.5 | R48: =P48/SUM(O48:P48) -> 0.5
A49: EEG | B49: Real | C49: =D8 -> 46 | D49: =F8 -> 15 | E49: =C49/SUM(C49:D49) -> 0.75409836 | F49: =D49/SUM(C49:D49) -> 0.24590164 | G49: EEG | H49: Pulsed | I49: =J8 -> 88 | J49: =L8 -> 26 | K49: =I49/SUM(I49:J49) -> 0.77192982 | L49: =J49/SUM(I49:J49) -> 0.22807018 | M49: EEG | N49: Industry | O49: =P8 -> 23 | P49: =R8 -> 12 | Q49: =O49/SUM(O49:P49) -> 0.65714286 | R49: =P49/SUM(O49:P49) -> 0.34285714
A50: EEG | B50: Simulated | C50: =E8 -> 17 | D50: =G8 -> 17 | E50: =C50/SUM(C50:D50) -> 0.5 | F50: =D50/SUM(C50:D50) -> 0.5 | G50: EEG | H50: Continouus | I50: =K8 -> 14 | J50: =M8 -> 4 | K50: =I50/SUM(I50:J50) -> 0.77777778 | L50: =J50/SUM(I50:J50) -> 0.22222222 | M50: EEG | N50: Govt or Institut. | O50: =Q8 -> 73 | P50: =S8 -> 17 | Q50: =O50/SUM(O50:P50) -> 0.81111111 | R50: =P50/SUM(O50:P50) -> 0.18888889
A51: Endocrine | B51: Real | C51: =D23 -> 33 | D51: =F23 -> 13 | E51: =C51/SUM(C51:D51) -> 0.7173913 | F51: =D51/SUM(C51:D51) -> 0.2826087 | G51: Endocrine | H51: Pulsed | I51: =J23 -> 53 | J51: =L23 -> 22 | K51: =I51/SUM(I51:J51) -> 0.70666667 | L51: =J51/SUM(I51:J51) -> 0.29333333 | M51: Endocrine | N51: Industry | O51: =P23 -> 5 | P51: =R23 -> 5 | Q51: =O51/SUM(O51:P51) -> 0.5 | R51: =P51/SUM(O51:P51) -> 0.5
A52: Endocrine | B52: Simulated | C52: =E23 -> 68 | D52: =G23 -> 24 | E52: =C52/SUM(C52:D52) -> 0.73913043 | F52: =D52/SUM(C52:D52) -> 0.26086957 | G52: Endocrine | H52: Continouus | I52: =K23 -> 23 | J52: =M23 -> 11 | K52: =I52/SUM(I52:J52) -> 0.67647059 | L52: =J52/SUM(I52:J52) -> 0.32352941 | M52: Endocrine | N52: Govt or Institut. | O52: =Q23 -> 60 | P52: =S23 -> 17 | Q52: =O52/SUM(O52:P52) -> 0.77922078 | R52: =P52/SUM(O52:P52) -> 0.22077922
A53: Fatigue | B53: Real | C53: =D9 -> 29 | D53: =F9 -> 16 | E53: =C53/SUM(C53:D53) -> 0.64444444 | F53: =D53/SUM(C53:D53) -> 0.35555556 | G53: Fatigue | H53: Pulsed | I53: =J9 -> 29 | J53: =L9 -> 18 | K53: =I53/SUM(I53:J53) -> 0.61702128 | L53: =J53/SUM(I53:J53) -> 0.38297872 | M53: Fatigue | N53: Industry | O53: =P9 -> 3 | P53: =R9 -> 5 | Q53: =O53/SUM(O53:P53) -> 0.375 | R53: =P53/SUM(O53:P53) -> 0.625
A54: Fatigue | B54: Simulated | C54: =E9 -> 1 | D54: =G9 -> 7 | E54: =C54/SUM(C54:D54) -> 0.125 | F54: =D54/SUM(C54:D54) -> 0.875 | G54: Fatigue | H54: Continouus | I54: =K9 -> 0 | J54: =M9 -> 3 | K54: =I54/SUM(I54:J54) -> 0 | L54: =J54/SUM(I54:J54) -> 1 | M54: Fatigue | N54: Govt or Institut. | O54: =Q9 -> 14 | P54: =S9 -> 19 | Q54: =O54/SUM(O54:P54) -> 0.42424242 | R54: =P54/SUM(O54:P54) -> 0.57575758
A55: Gene Express'n | B55: Real | C55: =D10 -> 32 | D55: =F10 -> 14 | E55: =C55/SUM(C55:D55) -> 0.69565217 | F55: =D55/SUM(C55:D55) -> 0.30434783 | G55: Gene Express'n | H55: Pulsed | I55: =J10 -> 111 | J55: =L10 -> 52 | K55: =I55/SUM(I55:J55) -> 0.6809816 | L55: =J55/SUM(I55:J55) -> 0.3190184 | M55: Gene Express'n | N55: Industry | O55: =P10 -> 15 | P55: =R10 -> 13 | Q55: =O55/SUM(O55:P55) -> 0.53571429 | R55: =P55/SUM(O55:P55) -> 0.46428571
A56: Gene Express'n | B56: Simulated | C56: =E10 -> 180 | D56: =G10 -> 61 | E56: =C56/SUM(C56:D56) -> 0.74688797 | F56: =D56/SUM(C56:D56) -> 0.25311203 | G56: Gene Express'n | H56: Continouus | I56: =K10 -> 48 | J56: =M10 -> 13 | K56: =I56/SUM(I56:J56) -> 0.78688525 | L56: =J56/SUM(I56:J56) -> 0.21311475 | M56: Gene Express'n | N56: Govt or Institut. | O56: =Q10 -> 170 | P56: =S10 -> 53 | Q56: =O56/SUM(O56:P56) -> 0.76233184 | R56: =P56/SUM(O56:P56) -> 0.23766816
A57: Geneoxicity | B57: Real | C57: =D11 -> 63 | D57: =F11 -> 20 | E57: =C57/SUM(C57:D57) -> 0.75903614 | F57: =D57/SUM(C57:D57) -> 0.24096386 | G57: Geneoxicity | H57: Pulsed | I57: =J11 -> 132 | J57: =L11 -> 86 | K57: =I57/SUM(I57:J57) -> 0.60550459 | L57: =J57/SUM(I57:J57) -> 0.39449541 | M57: Geneoxicity | N57: Industry | O57: =P11 -> 6 | P57: =R11 -> 40 | Q57: =O57/SUM(O57:P57) -> 0.13043478 | R57: =P57/SUM(O57:P57) -> 0.86956522
A58: Geneoxicity | B58: Simulated | C58: =E11 -> 174 | D58: =G11 -> 142 | E58: =C58/SUM(C58:D58) -> 0.55063291 | F58: =D58/SUM(C58:D58) -> 0.44936709 | G58: Geneoxicity | H58: Continouus | I58: =K11 -> 65 | J58: =M11 -> 42 | K58: =I58/SUM(I58:J58) -> 0.60747664 | L58: =J58/SUM(I58:J58) -> 0.39252336 | M58: Geneoxicity | N58: Govt or Institut. | O58: =Q11 -> 129 | P58: =S11 -> 99 | Q58: =O58/SUM(O58:P58) -> 0.56578947 | R58: =P58/SUM(O58:P58) -> 0.43421053
A59: Headache | B59: Real | C59: =D12 -> 51 | D59: =F12 -> 19 | E59: =C59/SUM(C59:D59) -> 0.72857143 | F59: =D59/SUM(C59:D59) -> 0.27142857 | G59: Headache | H59: Pulsed | I59: =J12 -> 53 | J59: =L12 -> 23 | K59: =I59/SUM(I59:J59) -> 0.69736842 | L59: =J59/SUM(I59:J59) -> 0.30263158 | M59: Headache | N59: Industry | O59: =P12 -> 8 | P59: =R12 -> 7 | Q59: =O59/SUM(O59:P59) -> 0.53333333 | R59: =P59/SUM(O59:P59) -> 0.46666667
A60: Headache | B60: Simulated | C60: =E12 -> 4 | D60: =G12 -> 9 | E60: =C60/SUM(C60:D60) -> 0.30769231 | F60: =D60/SUM(C60:D60) -> 0.69230769 | G60: Headache | H60: Continouus | I60: =K12 -> 1 | J60: =M12 -> 2 | K60: =I60/SUM(I60:J60) -> 0.33333333 | L60: =J60/SUM(I60:J60) -> 0.66666667 | M60: Headache | N60: Govt or Institut. | O60: =Q12 -> 28 | P60: =S12 -> 22 | Q60: =O60/SUM(O60:P60) -> 0.56 | R60: =P60/SUM(O60:P60) -> 0.44
A61: Hepatic | B61: Real | C61: =D25 -> 13 | D61: =F25 -> 6 | E61: =C61/SUM(C61:D61) -> 0.68421053 | F61: =D61/SUM(C61:D61) -> 0.31578947 | G61: Hepatic | H61: Pulsed | I61: =J25 -> 24 | J61: =L25 -> 20 | K61: =I61/SUM(I61:J61) -> 0.54545455 | L61: =J61/SUM(I61:J61) -> 0.45454545 | M61: Hepatic | N61: Industry | O61: =P25 -> 0 | P61: =R25 -> 4 | Q61: =O61/SUM(O61:P61) -> 0 | R61: =P61/SUM(O61:P61) -> 1
A62: Hepatic | B62: Simulated | C62: =E25 -> 18 | D62: =G25 -> 23 | E62: =C62/SUM(C62:D62) -> 0.43902439 | F62: =D62/SUM(C62:D62) -> 0.56097561 | G62: Hepatic | H62: Continouus | I62: =K25 -> 5 | J62: =M25 -> 6 | K62: =I62/SUM(I62:J62) -> 0.45454545 | L62: =J62/SUM(I62:J62) -> 0.54545455 | M62: Hepatic | N62: Govt or Institut. | O62: =Q25 -> 13 | P62: =S25 -> 18 | Q62: =O62/SUM(O62:P62) -> 0.41935484 | R62: =P62/SUM(O62:P62) -> 0.58064516
A63: Immune Sys | B63: Real | C63: =D13 -> 37 | D63: =F13 -> 19 | E63: =C63/SUM(C63:D63) -> 0.66071429 | F63: =D63/SUM(C63:D63) -> 0.33928571 | G63: Immune Sys | H63: Pulsed | I63: =J13 -> 47 | J63: =L13 -> 48 | K63: =I63/SUM(I63:J63) -> 0.49473684 | L63: =J63/SUM(I63:J63) -> 0.50526316 | M63: Immune Sys | N63: Industry | O63: =P13 -> 2 | P63: =R13 -> 12 | Q63: =O63/SUM(O63:P63) -> 0.14285714 | R63: =P63/SUM(O63:P63) -> 0.85714286
A64: Immune Sys | B64: Simulated | C64: =E13 -> 64 | D64: =G13 -> 65 | E64: =C64/SUM(C64:D64) -> 0.49612403 | F64: =D64/SUM(C64:D64) -> 0.50387597 | G64: Immune Sys | H64: Continouus | I64: =K13 -> 22 | J64: =M13 -> 14 | K64: =I64/SUM(I64:J64) -> 0.61111111 | L64: =J64/SUM(I64:J64) -> 0.38888889 | M64: Immune Sys | N64: Govt or Institut. | O64: =Q13 -> 63 | P64: =S13 -> 58 | Q64: =O64/SUM(O64:P64) -> 0.52066116 | R64: =P64/SUM(O64:P64) -> 0.47933884
A65: Inflammation | B65: Real | C65: =D14 -> 7 | D65: =F14 -> 2 | E65: =C65/SUM(C65:D65) -> 0.77777778 | F65: =D65/SUM(C65:D65) -> 0.22222222 | G65: Inflammation | H65: Pulsed | I65: =J14 -> 12 | J65: =L14 -> 4 | K65: =I65/SUM(I65:J65) -> 0.75 | L65: =J65/SUM(I65:J65) -> 0.25 | M65: Inflammation | N65: Industry | O65: =P14 -> 0 | P65: =R14 -> 0 | Q65: 0 | R65: 0
A66: Inflammation | B66: Simulated | C66: =E14 -> 10 | D66: =G14 -> 7 | E66: =C66/SUM(C66:D66) -> 0.58823529 | F66: =D66/SUM(C66:D66) -> 0.41176471 | G66: Inflammation | H66: Continouus | I66: =K14 -> 2 | J66: =M14 -> 3 | K66: =I66/SUM(I66:J66) -> 0.4 | L66: =J66/SUM(I66:J66) -> 0.6 | M66: Inflammation | N66: Govt or Institut. | O66: =Q14 -> 14 | P66: =S14 -> 7 | Q66: =O66/SUM(O66:P66) -> 0.66666667 | R66: =P66/SUM(O66:P66) -> 0.33333333
A67: Neurobehav | B67: Real | C67: =D15 -> 83 | D67: =F15 -> 44 | E67: =C67/SUM(C67:D67) -> 0.65354331 | F67: =D67/SUM(C67:D67) -> 0.34645669 | G67: Neurobehav | H67: Pulsed | I67: =J15 -> 115 | J67: =L15 -> 63 | K67: =I67/SUM(I67:J67) -> 0.64606742 | L67: =J67/SUM(I67:J67) -> 0.35393258 | M67: Neurobehav | N67: Industry | O67: =P15 -> 12 | P67: =R15 -> 23 | Q67: =O67/SUM(O67:P67) -> 0.34285714 | R67: =P67/SUM(O67:P67) -> 0.65714286
A68: Neurobehav | B68: Simulated | C68: =E15 -> 71 | D68: =G15 -> 30 | E68: =C68/SUM(C68:D68) -> 0.7029703 | F68: =D68/SUM(C68:D68) -> 0.2970297 | G68: Neurobehav | H68: Continouus | I68: =K15 -> 14 | J68: =M15 -> 8 | K68: =I68/SUM(I68:J68) -> 0.63636364 | L68: =J68/SUM(I68:J68) -> 0.36363636 | M68: Neurobehav | N68: Govt or Institut. | O68: =Q15 -> 98 | P68: =S15 -> 49 | Q68: =O68/SUM(O68:P68) -> 0.66666667 | R68: =P68/SUM(O68:P68) -> 0.33333333
A69: Ocular | B69: Real | C69: =D16 -> 12 | D69: =F16 -> 9 | E69: =C69/SUM(C69:D69) -> 0.57142857 | F69: =D69/SUM(C69:D69) -> 0.42857143 | G69: Ocular | H69: Pulsed | I69: =J16 -> 18 | J69: =L16 -> 20 | K69: =I69/SUM(I69:J69) -> 0.47368421 | L69: =J69/SUM(I69:J69) -> 0.52631579 | M69: Ocular | N69: Industry | O69: =P16 -> 0 | P69: =R16 -> 3 | Q69: =O69/SUM(O69:P69) -> 0 | R69: =P69/SUM(O69:P69) -> 1
A70: Ocular | B70: Simulated | C70: =E16 -> 17 | D70: =G16 -> 9 | E70: =C70/SUM(C70:D70) -> 0.65384615 | F70: =D70/SUM(C70:D70) -> 0.34615385 | G70: Ocular | H70: Continouus | I70: =K16 -> 4 | J70: =M16 -> 1 | K70: =I70/SUM(I70:J70) -> 0.8 | L70: =J70/SUM(I70:J70) -> 0.2 | M70: Ocular | N70: Govt or Institut. | O70: =Q16 -> 12 | P70: =S16 -> 14 | Q70: =O70/SUM(O70:P70) -> 0.46153846 | R70: =P70/SUM(O70:P70) -> 0.53846154
A71: Oxid Stress | B71: Real | C71: =D17 -> 111 | D71: =F17 -> 16 | E71: =C71/SUM(C71:D71) -> 0.87401575 | F71: =D71/SUM(C71:D71) -> 0.12598425 | G71: Oxid Stress | H71: Pulsed | I71: =J17 -> 197 | J71: =L17 -> 38 | K71: =I71/SUM(I71:J71) -> 0.83829787 | L71: =J71/SUM(I71:J71) -> 0.16170213 | M71: Oxid Stress | N71: Industry | O71: =P17 -> 8 | P71: =R17 -> 12 | Q71: =O71/SUM(O71:P71) -> 0.4 | R71: =P71/SUM(O71:P71) -> 0.6
A72: Oxid Stress | B72: Simulated | C72: =E17 -> 210 | D72: =G17 -> 42 | E72: =C72/SUM(C72:D72) -> 0.83333333 | F72: =D72/SUM(C72:D72) -> 0.16666667 | G72: Oxid Stress | H72: Continouus | I72: =K17 -> 63 | J72: =M17 -> 14 | K72: =I72/SUM(I72:J72) -> 0.81818182 | L72: =J72/SUM(I72:J72) -> 0.18181818 | M72: Oxid Stress | N72: Govt or Institut. | O72: =Q17 -> 191 | P72: =S17 -> 46 | Q72: =O72/SUM(O72:P72) -> 0.80590717 | R72: =P72/SUM(O72:P72) -> 0.19409283
A73: Sleep | B73: Real | C73: =D19 -> 37 | D73: =F19 -> 19 | E73: =C73/SUM(C73:D73) -> 0.66071429 | F73: =D73/SUM(C73:D73) -> 0.33928571 | G73: Sleep | H73: Pulsed | I73: =J19 -> 49 | J73: =L19 -> 32 | K73: =I73/SUM(I73:J73) -> 0.60493827 | L73: =J73/SUM(I73:J73) -> 0.39506173 | M73: Sleep | N73: Industry | O73: =P19 -> 9 | P73: =R19 -> 11 | Q73: =O73/SUM(O73:P73) -> 0.45 | R73: =P73/SUM(O73:P73) -> 0.55
A74: Sleep | B74: Simulated | C74: =E19 -> 15 | D74: =G19 -> 14 | E74: =C74/SUM(C74:D74) -> 0.51724138 | F74: =D74/SUM(C74:D74) -> 0.48275862 | G74: Sleep | H74: Continouus | I74: =K19 -> 2 | J74: =M19 -> 0 | K74: =I74/SUM(I74:J74) -> 1 | L74: =J74/SUM(I74:J74) -> 0 | M74: Sleep | N74: Govt or Institut. | O74: =Q19 -> 27 | P74: =S19 -> 25 | Q74: =O74/SUM(O74:P74) -> 0.51923077 | R74: =P74/SUM(O74:P74) -> 0.48076923
A75: Synergistic | B75: Real | C75: =D18 -> 8 | D75: =F18 -> 3 | E75: =C75/SUM(C75:D75) -> 0.72727273 | F75: =D75/SUM(C75:D75) -> 0.27272727 | G75: Synergisitc | H75: Pulsed | I75: =J18 -> 23 | J75: =L18 -> 17 | K75: =I75/SUM(I75:J75) -> 0.575 | L75: =J75/SUM(I75:J75) -> 0.425 | M75: Synergisitc | N75: Industry | O75: =P18 -> 8 | P75: =R18 -> 5 | Q75: =O75/SUM(O75:P75) -> 0.61538462 | R75: =P75/SUM(O75:P75) -> 0.38461538
A76: Synergistic | B76: Simulated | C76: =E18 -> 45 | D76: =G18 -> 23 | E76: =C76/SUM(C76:D76) -> 0.66176471 | F76: =D76/SUM(C76:D76) -> 0.33823529 | G76: Synergisitc | H76: Continouus | I76: =K18 -> 10 | J76: =M18 -> 6 | K76: =I76/SUM(I76:J76) -> 0.625 | L76: =J76/SUM(I76:J76) -> 0.375 | M76: Synergisitc | N76: Govt or Institut. | O76: =Q18 -> 38 | P76: =S18 -> 19 | Q76: =O76/SUM(O76:P76) -> 0.66666667 | R76: =P76/SUM(O76:P76) -> 0.33333333
A77: Mitochondrial | B77: Real | C77: =D26 -> 4 | D77: =F26 -> 1 | E77: =C77/SUM(C77:D77) -> 0.8 | F77: =D77/SUM(C77:D77) -> 0.2 | G77: Mitochondrial | H77: Pulsed | I77: =J26 -> 21 | J77: =L26 -> 11 | K77: =I77/SUM(I77:J77) -> 0.65625 | L77: =J77/SUM(I77:J77) -> 0.34375 | M77: Mitochondrial | N77: Industry | O77: =P26 -> 3 | P77: =R26 -> 3 | Q77: =O77/SUM(O77:P77) -> 0.5 | R77: =P77/SUM(O77:P77) -> 0.5
A78: Mitochondrial | B78: Simulated | C78: =E26 -> 35 | D78: =G26 -> 16 | E78: =C78/SUM(C78:D78) -> 0.68627451 | F78: =D78/SUM(C78:D78) -> 0.31372549 | G78: Mitochondrial | H78: Continouus | I78: =K26 -> 10 | J78: =M26 -> 5 | K78: =I78/SUM(I78:J78) -> 0.66666667 | L78: =J78/SUM(I78:J78) -> 0.33333333 | M78: Mitochondrial | N78: Govt or Institut. | O78: =Q26 -> 30 | P78: =S26 -> 10 | Q78: =O78/SUM(O78:P78) -> 0.75 | R78: =P78/SUM(O78:P78) -> 0.25
A79: Metabolic | B79: Real | C79: =D27 -> 3 | D79: =F27 -> 13 | E79: =C79/SUM(C79:D79) -> 0.1875 | F79: =D79/SUM(C79:D79) -> 0.8125 | G79: Metabolic | H79: Pulsed | I79: =J27 -> 17 | J79: =L27 -> 47 | K79: =I79/SUM(I79:J79) -> 0.265625 | L79: =J79/SUM(I79:J79) -> 0.734375 | M79: Metabolic | N79: Industry | O79: =P27 -> 3 | P79: =R27 -> 21 | Q79: =O79/SUM(O79:P79) -> 0.125 | R79: =P79/SUM(O79:P79) -> 0.875
A80: Metabolic | B80: Simulated | C80: =E27 -> 29 | D80: =G27 -> 60 | E80: =C80/SUM(C80:D80) -> 0.3258427 | F80: =D80/SUM(C80:D80) -> 0.6741573 | G80: Metabolic | H80: Continouus | I80: =K27 -> 14 | J80: =M27 -> 18 | K80: =I80/SUM(I80:J80) -> 0.4375 | L80: =J80/SUM(I80:J80) -> 0.5625 | M80: Metabolic | N80: Govt or Institut. | O80: =Q27 -> 21 | P80: =S27 -> 50 | Q80: =O80/SUM(O80:P80) -> 0.29577465 | R80: =P80/SUM(O80:P80) -> 0.70422535
A81: Neurotransmitter | B81: Real | C81: =D28 -> 7 | D81: =F28 -> 2 | E81: =C81/SUM(C81:D81) -> 0.77777778 | F81: =D81/SUM(C81:D81) -> 0.22222222 | G81: Neurotransmitter | H81: Pulsed | I81: =J28 -> 21 | J81: =L28 -> 8 | K81: =I81/SUM(I81:J81) -> 0.72413793 | L81: =J81/SUM(I81:J81) -> 0.27586207 | M81: Neurotransmitter | N81: Industry | O81: =P28 -> 3 | P81: =R28 -> 3 | Q81: =O81/SUM(O81:P81) -> 0.5 | R81: =P81/SUM(O81:P81) -> 0.5
A82: Neurotransmitter | B82: Simulated | C82: =E28 -> 34 | D82: =G28 -> 12 | E82: =C82/SUM(C82:D82) -> 0.73913043 | F82: =D82/SUM(C82:D82) -> 0.26086957 | G82: Neurotransmitter | H82: Continouus | I82: =K28 -> 7 | J82: =M28 -> 3 | K82: =I82/SUM(I82:J82) -> 0.7 | L82: =J82/SUM(I82:J82) -> 0.3 | M82: Neurotransmitter | N82: Govt or Institut. | O82: =Q28 -> 31 | P82: =S28 -> 11 | Q82: =O82/SUM(O82:P82) -> 0.73809524 | R82: =P82/SUM(O82:P82) -> 0.26190476
A83: Cell morphology | B83: Real | C83: =D29 -> 47 | D83: =F29 -> 17 | E83: =C83/SUM(C83:D83) -> 0.734375 | F83: =D83/SUM(C83:D83) -> 0.265625 | G83: Cell morphology | H83: Pulsed | I83: =J29 -> 81 | J83: =L29 -> 39 | K83: =I83/SUM(I83:J83) -> 0.675 | L83: =J83/SUM(I83:J83) -> 0.325 | M83: Cell morphology | N83: Industry | O83: =P29 -> 3 | P83: =R29 -> 6 | Q83: =O83/SUM(O83:P83) -> 0.33333333 | R83: =P83/SUM(O83:P83) -> 0.66666667
A84: Cell morphology | B84: Simulated | C84: =E29 -> 88 | D84: =G29 -> 48 | E84: =C84/SUM(C84:D84) -> 0.64705882 | F84: =D84/SUM(C84:D84) -> 0.35294118 | G84: Cell morphology | H84: Continouus | I84: =K29 -> 26 | J84: =M29 -> 14 | K84: =I84/SUM(I84:J84) -> 0.65 | L84: =J84/SUM(I84:J84) -> 0.35 | M84: Cell morphology | N84: Govt or Institut. | O84: =Q29 -> 76 | P84: =S29 -> 48 | Q84: =O84/SUM(O84:P84) -> 0.61290323 | R84: =P84/SUM(O84:P84) -> 0.38709677
A85: Memory | B85: Real | C85: =D30 -> 30 | D85: =F30 -> 40 | E85: =C85/SUM(C85:D85) -> 0.42857143 | F85: =D85/SUM(C85:D85) -> 0.57142857 | G85: Memory | H85: Pulsed | I85: =J30 -> 48 | J85: =L30 -> 59 | K85: =I85/SUM(I85:J85) -> 0.44859813 | L85: =J85/SUM(I85:J85) -> 0.55140187 | M85: Memory | N85: Industry | O85: =P30 -> 2 | P85: =R30 -> 27 | Q85: =O85/SUM(O85:P85) -> 0.068965517 | R85: =P85/SUM(O85:P85) -> 0.93103448
A86: Memory | B86: Simulated | C86: =E30 -> 36 | D86: =G30 -> 40 | E86: =C86/SUM(C86:D86) -> 0.47368421 | F86: =D86/SUM(C86:D86) -> 0.52631579 | G86: Memory | H86: Continouus | I86: =K30 -> 7 | J86: =M30 -> 7 | K86: =I86/SUM(I86:J86) -> 0.5 | L86: =J86/SUM(I86:J86) -> 0.5 | M86: Memory | N86: Govt or Institut. | O86: =Q30 -> 49 | P86: =S30 -> 54 | Q86: =O86/SUM(O86:P86) -> 0.47572816 | R86: =P86/SUM(O86:P86) -> 0.52427184
A87: Biochemical | B87: Real | C87: =D20 -> 82 | D87: =F20 -> 16 | E87: =C87/SUM(C87:D87) -> 0.83673469 | F87: =D87/SUM(C87:D87) -> 0.16326531 | G87: Biochemical | H87: Pulsed | I87: =J20 -> 171 | J87: =L20 -> 36 | K87: =I87/SUM(I87:J87) -> 0.82608696 | L87: =J87/SUM(I87:J87) -> 0.17391304 | M87: Biochemical | N87: Industry | O87: =P20 -> 10 | P87: =R20 -> 11 | Q87: =O87/SUM(O87:P87) -> 0.47619048 | R87: =P87/SUM(O87:P87) -> 0.52380952
A88: Biochemical | B88: Simulated | C88: =E20 -> 243 | D88: =G20 -> 44 | E88: =C88/SUM(C88:D88) -> 0.8466899 | F88: =D88/SUM(C88:D88) -> 0.1533101 | G88: Biochemical | H88: Continouus | I88: =K20 -> 75 | J88: =M20 -> 9 | K88: =I88/SUM(I88:J88) -> 0.89285714 | L88: =J88/SUM(I88:J88) -> 0.10714286 | M88: Biochemical | N88: Govt or Institut. | O88: =Q20 -> 226 | P88: =S20 -> 44 | Q88: =O88/SUM(O88:P88) -> 0.83703704 | R88: =P88/SUM(O88:P88) -> 0.16296296
A89: Fertility | B89: Real | C89: =D31 -> 53 | D89: =F31 -> 13 | E89: =C89/SUM(C89:D89) -> 0.8030303 | F89: =D89/SUM(C89:D89) -> 0.1969697 | G89: Fertility | H89: Pulsed | I89: =J31 -> 73 | J89: =L31 -> 27 | K89: =I89/SUM(I89:J89) -> 0.73 | L89: =J89/SUM(I89:J89) -> 0.27 | M89: Fertility | N89: Industry | O89: =P31 -> 3 | P89: =R31 -> 1 | Q89: =O89/SUM(O89:P89) -> 0.75 | R89: =P89/SUM(O89:P89) -> 0.25
A90: Fertility | B90: Simulated | C90: =E31 -> 56 | D90: =G31 -> 25 | E90: =C90/SUM(C90:D90) -> 0.69135802 | F90: =D90/SUM(C90:D90) -> 0.30864198 | G90: Fertility | H90: Continouus | I90: =K31 -> 16 | J90: =M31 -> 7 | K90: =I90/SUM(I90:J90) -> 0.69565217 | L90: =J90/SUM(I90:J90) -> 0.30434783 | M90: Fertility | N90: Govt or Institut. | O90: =Q31 -> 61 | P90: =S31 -> 26 | Q90: =O90/SUM(O90:P90) -> 0.70114943 | R90: =P90/SUM(O90:P90) -> 0.29885057
A92: Below graphs using number values only (not refernce values) to create layouts for graphs
A93: BioEffect Cat | B93: No Significant Effect | C93: Significant Effect
A94: BloodBrainBarrier | B94: 23 | C94: 15
A95: Depression | B95: 17 | C95: 19
A96: Inflammation | B96: 11 | C96: 19
A97: Cell Damage | B97: 65 | C97: 19
A98: Audio | B98: 45 | C98: 21
A99: Dizziness | B99: 22 | C99: 29
A100: Hepatic | B100: 29 | C100: 31
A101: Fatigue | B101: 23 | C101: 32
...

Sheet Audio
A1: PaperID | B1: Title | C1: Main_Review | D1: Authors | E1: Date_Pub | F1: Freq_Cat | G1: Exposure::RFHigh | H1: Exposure::RFLow | I1: Exposure::PowerDensity | J1: Exposure::Sar_val | K1: Exposure::E_Field | L1: Signal Type | M1: Exposure::SignalGen | N1: Exposure::WaveType | O1: Exposure::CummHrs | P1: Exposure::CellsAnimal | Q1: Effect | R1: AD | S1: Birds | T1: Insects | U1: Animal | V1: Plants | W1: Microbes | X1: Marine | Y1: InVitro | Z1: InVivo | AA1: Human_Pro | AB1: Epidemiology | AC1: GFund | AD1: IndFund | AE1: InstFund | AF1: PFund | AG1: PubFund | AH1: UNFund | AI1: UnkFund | AJ1: Govt+Institutn | AK1: Priv+Pub | AL1: Indust or Unstated Unknown | AM1: Indust or UNstated | AN1: WLink
A2: 22 | B2: Effects of chronic exposure to electromagnetic waves on the auditory system. | C2: Abstract CONCLUSION: The results support that chronic electromagnetic field exposure may cause damage by leading to neuronal degeneration of the auditory system. OBJECTIVES: Numerous researches have been done about the risks of exposure to the electromagnetic fields that occur during the use of these devices, especially the effects on hearing. The aim of this study is to evaluate the effects of the electromagnetic waves emitted by the mobile phones through the electrophysiological and histological methods. METHODS: Twelve adult Wistar albino rats were included in the study. The rats were divided into two groups of six rats. The study group was exposed to the electromagnetic waves over a period of 30 days. The control group was not given any exposure to the electromagnetic fields. After the completion of the electromagnetic wave application, the auditory brainstem responses of both groups were recorded under anesthesia. The degeneration of cochlear nuclei was graded by two different histologists, both of whom were blinded to group information. RESULTS: The histopathologic and immunohistochemical analysis showed neuronal degeneration signs, such as increased vacuolization in the cochlear nucleus, pyknotic cell appearance, and edema in the group exposed to the electromagnetic fields compared to the control group. The average latency of wave in the ABR was similar in both groups (p > 0.05). | D2: Ozgur A, Tumkaya L, Terzi S, Kalkan Y, Erdivanli OC, Dursun E | E2: 42096 | F2: UHF (300 MHz-3 GHz) studies | L2: Simulated | M2: RF Signal Generator | N2: Continuous | O2: 720 | P2: Rats - Wistar Albino | Q2: Effect | R2: 1 | S2: 0 | T2: 0 | U2: 1 | V2: 0 | W2: 0 | X2: 0 | Y2: 0 | Z2: 1 | AA2: 0 | AB2: 0 | AC2: 0 | AD2: 0 | AE2: 1 | AF2: 0 | AG2: 0 | AH2: 0 | AI2: 0 | AJ2: =IF(OR(AC2=1,AE2=1),1,0) -> 1 | AK2: =IF(OR(AF2=1,AG2=1),1,0) -> 0 | AL2: =IF(OR(AD2=1,AH2=1,AI2=1),1,0) -> 0 | AM2: =IF(OR(AD2=1,AH2=1),1,0) -> 0 | AN2: http://www.ncbi.nlm.nih.gov/pubmed/25836770?dopt=Abstract
A3: 57 | B3: The effect of radiofrequency radiation generated by a Global System for Mobile Communications source on cochlear development in a rat model | C3: Abstract OBJECTIVE: This study aimed to determine the effect of radiofrequency radiation generated by 900 and 1800 MHz Global System for Mobile Communications sources on cochlear development in the rat model. METHODS: Eight pregnant albino Wistar rats were divided into three groups: control, 900 MHz and 1800 MHz. The latter two groups of pregnant rats were exposed to radiofrequency radiation for 1 hour per day starting on the 12th day of pregnancy until delivery. The rats in the control, 900 MHz and 1800 MHz groups gave birth to 24, 31 and 26 newborn rats respectively. Newborn rats in the 900 MHz and 1800 MHz groups were exposed to radiofrequency radiation for 1 hour per day for 21 days after delivery. Hearing evaluations of newborn rats were carried out using distortion product otoacoustic emissions testing. Eight newborn rats were randomly selected from each group for electron microscopic evaluation. RESULTS: Distortion product otoacoustic emission tests revealed no significant difference among the groups, but electron microscopic evaluation revealed significant differences among the groups with regard to the number of normal, apoptotic and necrotic cells. CONCLUSION: The findings indicated cellular structural damage in the cochlea caused by radiofrequency radiation exposure during cochlear development in the rat model. | D3: Seckin E, Suren Basar F, Atmaca S, Kaymaz FF, Suzer A, Akar A, Sunan E, Koyuncu M. | E3: 41760 | F3: UHF (300 MHz-3 GHz) studies | G3: 950 | H3: 850 | I3: 1658 | K3: 25 | L3: Simulated | M3: Simulated by a signal generator | N3: Continuous | O3: 21 | P3: Rats - Wistar Albino | Q3: Effect | R3: 0 | S3: 0 | T3: 0 | U3: 1 | V3: 0 | W3: 0 | X3: 0 | Y3: 0 | Z3: 1 | AA3: 0 | AB3: 0 | AC3: 0 | AD3: 0 | AE3: 0 | AF3: 0 | AG3: 0 | AH3: 0 | AI3: 1 | AJ3: =IF(OR(AC3=1,AE3=1),1,0) -> 0 | AK3: =IF(OR(AF3=1,AG3=1),1,0) -> 0 | AL3: =IF(OR(AD3=1,AH3=1,AI3=1),1,0) -> 1 | AM3: =IF(OR(AD3=1,AH3=1),1,0) -> 0 | AN3: http://www.ncbi.nlm.nih.gov/pubmed/24784924?dopt=Abstract
A4: 129 | B4: Health effects of living near mobile phone base transceiver station (BTS) antennae: a report from Isfahan, Iran | C4: Aim: A cross-sectional study was conducted in Iran to examine health complaints among subjects living near mobile phone base stations. Background: The study design is based on the study by Alazawi (2011). Total population surveyed was 250 Study group: men and women, aged over 18 years Group characteristics: residents have been living for more than one year near a base station Observation period: October 2012 - November 2012 Study location: Iran (Isfahan) Exclusion criteria: living near transformers (≤ 10 m) and/or power lines (≤ 100 m) Results: The results showed that most of the symptoms such as nausea, headache, dizziness, irritability, discomfort, nervousness, depression, sleep disturbance, memory loss and lowering of libido were statistically significant in the inhabitants living near the BTS antenna (<300 m distances) compared to those living far from the BTS antenna (>300 m). Conclusion: It is suggested that cellular phone BTS antenna should not be sited closer than 300 m to populations to minimise exposure of neighbours. | D4: Shahbazi-Gahrouei D, Karbalae M, Moradi HA, Baradaran-Ghahfarokhi M | E4: 41518 | F4: UHF (300 MHz-3 GHz) Ecological studies | G4: 2100 | H4: 800 | L4: Real | M4: Mobile Phone Base Station | N4: Pulsed | O4: 0 | P4: Humans | Q4: Effect | R4: 0 | S4: 0 | T4: 0 | U4: 0 | V4: 0 | W4: 0 | X4: 0 | Y4: 0 | Z4: 0 | AA4: 0 | AB4: 1 | AC4: 0 | AD4: 0 | AE4: 0 | AF4: 0 | AG4: 0 | AH4: 0 | AI4: 1 | AJ4: =IF(OR(AC4=1,AE4=1),1,0) -> 0 | AK4: =IF(OR(AF4=1,AG4=1),1,0) -> 0 | AL4: =IF(OR(AD4=1,AH4=1,AI4=1),1,0) -> 1 | AM4: =IF(OR(AD4=1,AH4=1),1,0) -> 0 | AN4: http://www.ncbi.nlm.nih.gov/pubmed/23781985?dopt=Abstract
A5: 178 | B5: Effects of the mobile phones on the hearing function of the Users | C5: Abstract Background: There is a public concern of the health effects of the extensive use of mobile phone. Many studies were conducted producing controversial results. Very few studies were performed in the Middle East. Objective: To study the effects of the mobile phone on the hearing function of the users. Method: Forty-eight Students aged 18-23 years old were divided into three groups. They were investigated from September 2005 till October 2007. Group one 16 girls who have used mobile phones frequently and spoken approximately 3-4 hours per day for two years. Group two 16 girls who have used mobile phones for 1-2 hours per day for two years. Group three 16 girls who have never used mobile phones (control group). Medical history was obtained and pure tone was performed. Result: Examination showed that four students from group one had reported ear pain, headache, tinnitus, weddings noise, and party noise in the used ear and only one from group two suffered from tinnitus and headache. While two from group three suffered from tinnitus. Conclusion: Our findings, conducted on small number of individuals for limited period, showed that high degree of limited hearing loss might be associated with long-term use of the mobile phones. However, the possibility remains that there could be other health effects and that we need to conduct further study on larger number of individuals and for a longer period. | D5: Al-Abduljawad K | E5: 39600 | F5: UHF (300 MHz-3 GHz) studies | L5: Real | M5: Mobile Phone | N5: Pulsed | O5: 0 | P5: Humans | Q5: Uncertain Effect | R5: 0 | S5: 0 | T5: 0 | U5: 0 | V5: 0 | W5: 0 | X5: 0 | Y5: 0 | Z5: 0 | AA5: 0 | AB5: 1 | AC5: 0 | AD5: 0 | AE5: 1 | AF5: 0 | AG5: 0 | AH5: 0 | AI5: 0 | AJ5: =IF(OR(AC5=1,AE5=1),1,0) -> 1 | AK5: =IF(OR(AF5=1,AG5=1),1,0) -> 0 | AL5: =IF(OR(AD5=1,AH5=1,AI5=1),1,0) -> 0 | AM5: =IF(OR(AD5=1,AH5=1),1,0) -> 0 | AN5: http://www.bahrainmedicalbulletin.com/june_2008/Effect_mobile.pdf
A6: 180 | B6: A Study in Kuwait of Health Risks Associated with Using Cell Phones | C6: Abstract Previous studies have suggested a link between cell phone use and various symptoms. Analysis of 3,274 completed questionnaires from throughout Kuwait show a significant effect of exposure to cell phones for burning sensation on the ear, temporal pain, pain in the back of the head, auricular pain, noises in the ear, ear numbness, heartbeat disturbances, fatigue or stress, eye discomfort or pain, learning difficulties, sleep disturbances, headache, difficulty in concentration, agitation, and breathing problems; length of call is more important than number of calls per day; and an increased effect with use of a headset or use in the car. Free Full Text Available | D6: Al-Khamees Nedaa | E6: 39142 | F6: UHF (300 MHz-3 GHz) studies | L6: Real | M6: Mobile Phone | N6: Pulsed | O6: 0 | P6: Human - Population Groups | Q6: Effect | R6: 1 | S6: 0 | T6: 0 | U6: 0 | V6: 0 | W6: 0 | X6: 0 | Y6: 0 | Z6: 0 | AA6: 0 | AB6: 1 | AC6: 0 | AD6: 0 | AE6: 0 | AF6: 0 | AG6: 0 | AH6: 0 | AI6: 1 | AJ6: =IF(OR(AC6=1,AE6=1),1,0) -> 0 | AK6: =IF(OR(AF6=1,AG6=1),1,0) -> 0 | AL6: =IF(OR(AD6=1,AH6=1,AI6=1),1,0) -> 1 | AM6: =IF(OR(AD6=1,AH6=1),1,0) -> 0 | AN6: http://www.freepatentsonline.com/article/College-Student-Journal/161282242.html
A7: 213 | B7: Subjective complaints of people living near mobile phone base stations in Poland | C7: OBJECTIVES: The aim of our study was to assess the health conditions and subjective symptoms of the inhabitants living in the base stations vicinity and to analyse the relationship between the complaints and level of exposure to electromagnetic fields (EMF). Method: 500 over the age of 18 years old where studied. Our study was performed in housing estates located in five regions of Łódź. The electric field measurements were performed in the buildings located closest to the azimuth of the antennas. Respondents were selected by trained interviewers using an uniform procedure. The number of the households to be examined was set at a minimum of 420. The questionnaire contained: demographic data, occupational and environmental exposure to EMF, health condition, subjective complaints. Results were adjusted for confounders (age, gender, EMF at the workplace and EMF emitted by household equipment) using multiple regression model. Results: Electric field strength above 0.8 V/m (sensitivity of measuring set) was recorded in 12% of flats (23 out of 195 flats), the admissible value specified by Polish standards of 7 V/m was not exceeded. There was no significant correlation between electric field strength and distance of examined flats from the mobile phone base stations. Headache was reported by 57 % of the subjects, mostly (36.4%) living 100-150 m away from the mobile phone base station compared to subjects living at longer distances. People living at a distance above 150 m away from the mobile phone base station reported more often impaired memory than subjects living 50-150 m away to the base station. No statistically significant differences between the four different groups were observed for all other investigated subjective symptoms and health status. Conclusion: The explanation why we did not find any correlation between the electric field strength and frequency of subjective symptoms but found a correlation between subjective symptoms and distance from base station needs further studies. Maybe new metrics of exposure assessment should be adopted for this purpose. Free Text Available | D7: Bortkiewicz A, Gadzicka E, Szyjkowska A, Politanski P, Mamrot P, Szymczak W, Zmyslony M. | E7: 40913 | F7: UHF (300 MHz-3 GHz) Ecological studies | G7: 2200 | H7: 800 | K7: 3.2 | L7: Real | M7: Mobile Phone Base Station | N7: Pulsed | O7: 0 | P7: Human - Population Groups | Q7: Effect | R7: 0 | S7: 0 | T7: 0 | U7: 0 | V7: 0 | W7: 0 | X7: 0 | Y7: 0 | Z7: 0 | AA7: 0 | AB7: 1 | AC7: 1 | AD7: 0 | AE7: 0 | AF7: 0 | AG7: 0 | AH7: 0 | AI7: 0 | AJ7: =IF(OR(AC7=1,AE7=1),1,0) -> 1 | AK7: =IF(OR(AF7=1,AG7=1),1,0) -> 0 | AL7: =IF(OR(AD7=1,AH7=1,AI7=1),1,0) -> 0 | AM7: =IF(OR(AD7=1,AH7=1),1,0) -> 0 | AN7: http://www.emf-portal.de/viewer.php?aid=20078&l=e
A8: 235 | B8: Survey of mobile phone use and their chronic effects on the hearing of a student population | C8: Abstract Mobile phone ownership and usage is now widespread and public concern has developed over possible harmful physiological effects of their use. This study aimed to investigate the prevalence of student mobile phone ownership and any possible chronic effects of usage on hearing, tinnitus and balance. Questionnaires for electronic self-completion were distributed to University of Southampton postgraduates, and 117 out of 160 returned met the criteria for analysis. A total of 94% were current mobile phone users, and only 2% had never used a mobile phone. Duration of ownership and daily usage ranged from 0-7 years and 0-45 minutes respectively. Text-messaging was more popular than talking. High or long-term users reported no worse hearing, tinnitus, or balance than low or short-term users. The results of this study confirm that the prevalence of mobile phone ownership amongst students is extremely high. However there appear to be no harmful effects of mobile phone usage on their audiovestibular systems within the range of exposure of the study, insofar as can be detected by the self-report method employed. | D8: Davidson HC, Lutman ME. | E8: 39142 | F8: UHF (300 MHz-3 GHz) studies | G8: 1800 | H8: 900 | L8: Real | M8: Mobile Phone | N8: Pulsed | O8: 0 | P8: Human - Student Group | Q8: No Effect | R8: 0 | S8: 0 | T8: 0 | U8: 0 | V8: 0 | W8: 0 | X8: 0 | Y8: 0 | Z8: 0 | AA8: 0 | AB8: 1 | AC8: 0 | AD8: 0 | AE8: 0 | AF8: 0 | AG8: 0 | AH8: 0 | AI8: 1 | AJ8: =IF(OR(AC8=1,AE8=1),1,0) -> 0 | AK8: =IF(OR(AF8=1,AG8=1),1,0) -> 0 | AL8: =IF(OR(AD8=1,AH8=1,AI8=1),1,0) -> 1 | AM8: =IF(OR(AD8=1,AH8=1),1,0) -> 0 | AN8: http://www.ncbi.nlm.nih.gov/pubmed/17365064
A9: 265 | B9: Cohort study on the effects of everyday life radio frequency electromagnetic field exposure on non-specific symptoms and tinnitus | C9: Abstract BACKGROUND: There is public concern regarding potential health effects of radio frequency electromagnetic fields (RF-EMF) exposure, as produced by mobile phones or broadcast transmitters. The objective of this study was to investigate the association between RF-EMF exposure and non-specific symptoms and tinnitus in a prospective cohort study. METHODS: In 2008, 1375 randomly selected participants from Basel, Switzerland, were enrolled in a questionnaire survey with follow-up after one year (participation rate 82%). A score for somatic complaints (von Zerssen list) and headache (HIT-6) was assessed. Far-field environmental RF-EMF exposure was predicted using a validated prediction model. Regarding near-field exposure, self-reported mobile and cordless phone use as well as mobile phone operator data were collected. In multivariate regression models, we investigated whether exposure at baseline (cohort analysis) or changes in exposure between baseline and follow-up (change analysis) were related to changes in health scores. RESULTS: For participants in the top decile of environmental far-field RF-EMF exposure at baseline, in comparison to participants exposed below the median value, the change in the von Zerssen- and HIT-6-scores between baseline and follow-up was -0.12 (95%-CI: -1.79 to 1.56) and -0.37 (95%-CI: -1.80 to 1.07) units, respectively. Exposure to near-field sources and a change in exposure between baseline and follow-up were not related to non-specific symptoms. Similarly, no association between RF-EMF exposure and tinnitus was observed. CONCLUSIONS: In this first cohort study using objective and well-validated RF-EMF exposure measures, we did not observe an association between RF-EMF exposure and non-specific symptoms or tinnitus. | D9: Frei P, Mohler E, Braun-Fahrländer C, Fröhlich J, Neubauer G, Röösli M; QUALIFEX-team. | E9: 40909 | F9: UHF (300 MHz-3 GHz) studies | L9: Real | N9: Pulsed | Q9: No Effect | R9: 0 | S9: 0 | T9: 0 | U9: 0 | V9: 0 | W9: 0 | X9: 0 | Y9: 0 | Z9: 0 | AA9: 0 | AB9: 1 | AC9: 1 | AD9: 0 | AE9: 0 | AF9: 0 | AG9: 0 | AH9: 0 | AI9: 0 | AJ9: =IF(OR(AC9=1,AE9=1),1,0) -> 1 | AK9: =IF(OR(AF9=1,AG9=1),1,0) -> 0 | AL9: =IF(OR(AD9=1,AH9=1,AI9=1),1,0) -> 0 | AM9: =IF(OR(AD9=1,AH9=1),1,0) -> 0 | AN9: http://www.ncbi.nlm.nih.gov/pubmed/21982030
A10: 272 | B10: Hearing level and intensive use of mobile phones | C10: INTRODUCTION: Wide studies and substantial controversies build on utilization of actual mobile phones and appearance of systemic disorders or even tumours, but there is no knowledge about an eventual involvement on early hearing loss. PATIENTS AND METHODS: In a group of three hundred and twenty-three healthy and normoacoustic volunteers who were usual costumers of mobile phones an audiometric evaluation was made at the beginnig of its use and three years later, inquiring about the periods of time per day and year employed on direct contacts with phone. A healthy and normoacoustic control group of non users was studied too. RESULTS: Cases carried out 24.3 +/- 8.2 active contacts, reaching 50.4 +/- 27.8 days of mobile phone employment in three years. Audiometric curve was similar in cases and controls at the beginning of the study. After this follow-up, cases showed an increase on hearing threshold between 1 and 5 dB HL more than controls in speech tones (p<0.001). Moreover, there was a trend to correlate time of phone use to hearing impairment, but this finding did not result statistically significative. CONCLUSIONS: Frequent management of mobile phones in a middle period of time allows to detect a mild hearing loss, but the cause of this disorder keeps unclear. Article in Spanish | D10: García Callejo FJ, García Callejo F, Peña Santamaría J, Alonso Castañeira I, Sebastián Gil E, Marco Algarra J. | E10: 38473 | F10: UHF (300 MHz-3 GHz) studies | L10: Real | M10: Mobile Phone | N10: Pulsed | O10: 0 | P10: Humans | Q10: Effect | R10: 1 | S10: 0 | T10: 0 | U10: 0 | V10: 0 | W10: 0 | X10: 0 | Y10: 0 | Z10: 1 | AA10: 0 | AB10: 0 | AC10: 0 | AD10: 0 | AE10: 0 | AF10: 0 | AG10: 0 | AH10: 0 | AI10: 1 | AJ10: =IF(OR(AC10=1,AE10=1),1,0) -> 0 | AK10: =IF(OR(AF10=1,AG10=1),1,0) -> 0 | AL10: =IF(OR(AD10=1,AH10=1,AI10=1),1,0) -> 1 | AM10: =IF(OR(AD10=1,AH10=1),1,0) -> 0 | AN10: http://www.ncbi.nlm.nih.gov/pubmed/15960120
A11: 304 | B11: Vestibular schwannoma, tinnitus and cellular telephones | C11: Abstract Cases with tinnitus after using analogue cellular telephones are presented. An increased odds ratio of 3.45, 95% confidence interval (CI) 1.77-6.76, was found for vestibular schwannoma (VS) associated with the use of analogue cell phones. During the time period 1960-1998, the age-standardized incidence of VS in Sweden significantly increased yearly by +2.53% (CI 1.71-3.35). A significant increase in the incidence of VS was only found for the latter of the two time periods 1960-1979 and 1980-1998. For all other brain tumors taken together, the incidence significantly increased yearly by +0.80% (CI 0.59-1.02) for the time period 1960-1998, although the increase was only significant for benign tumors other than VS during 1960-1979. | D11: Hardell L, Hansson Mild K, Sandström M, Carlberg M, Hallquist A, Påhlson A. | E11: 38047 | F11: UHF (300 MHz-3 GHz) studies | L11: Real | M11: Mobile Phone | N11: Pulsed | Q11: Effect | R11: 1 | S11: 0 | T11: 0 | U11: 0 | V11: 0 | W11: 0 | X11: 0 | Y11: 0 | Z11: 0 | AA11: 0 | AB11: 1 | AC11: 0 | AD11: 0 | AE11: 0 | AF11: 0 | AG11: 0 | AH11: 0 | AI11: 1 | AJ11: =IF(OR(AC11=1,AE11=1),1,0) -> 0 | AK11: =IF(OR(AF11=1,AG11=1),1,0) -> 0 | AL11: =IF(OR(AD11=1,AH11=1,AI11=1),1,0) -> 1 | AM11: =IF(OR(AD11=1,AH11=1),1,0) -> 0 | AN11: http://www.ncbi.nlm.nih.gov/pubmed/12629278
A12: 323 | B12: Tinnitus and mobile phone use | C12: Abstract Objectives: The mechanisms that produce tinnitus are not fully understood. While tinnitus can be associated with diseases and disorders of the ear, retrocochlear diseases and vascular pathologies, there are few known risk factors for tinnitus apart from these conditions. There is anecdotal evidence of an link between mobile phone use and tinnitus, but so far there have been no systematic investigations into this possible association. Methods: 100 consecutive patients presenting with tinnitus were enrolled in an individually matched case–control study. For each case a control subject was randomly selected from visiting outpatients matched for sex and age. The patient's history was obtained and clinical examinations were conducted to exclude patients with known underlying causes of tinnitus. Mobile phone use was assessed based on the Interphone Study protocol. ORs were computed by conditional logistic regression with years of education and living in an urban area as covariates. Results: Mobile phone use up to the index date (onset of tinnitus) on the same side as the tinnitus did not have significantly elevated ORs for regular use and intensity or for cumulative hours of use. The risk estimate was significantly elevated for prolonged use (≥4 years) of a mobile phone (OR 1.95; CI 1.00 to 3.80). Conclusions Mobile phone use should be included in future investigations as a potential risk factor for developing tinnitus. | D12: Hutter Hans-Peter, Hanns Moshammer, Peter Wallner, Monika Cartellieri, Doris-Maria Denk-Linnert, Michaela Katzinger, Klaus Ehrenberger, Michael Kundi. | E12: 40352 | F12: UHF (300 MHz-3 GHz) studies | L12: Real | M12: Mobile Phone | N12: Pulsed | Q12: Uncertain Effect | R12: 0 | S12: 0 | T12: 0 | U12: 0 | V12: 0 | W12: 0 | X12: 0 | Y12: 0 | Z12: 0 | AA12: 0 | AB12: 1 | AC12: 0 | AD12: 0 | AE12: 1 | AF12: 0 | AG12: 0 | AH12: 0 | AI12: 0 | AJ12: =IF(OR(AC12=1,AE12=1),1,0) -> 1 | AK12: =IF(OR(AF12=1,AG12=1),1,0) -> 0 | AL12: =IF(OR(AD12=1,AH12=1,AI12=1),1,0) -> 0 | AM12: =IF(OR(AD12=1,AH12=1),1,0) -> 0 | AN12: http://oem.bmj.com/content/early/2010/06/23/oem.2009.048116
A13: 338 | B13: Symptoms, personality traits, and stress in people with mobile phone-related symptoms and electromagnetic hypersensitivity | C13: OBJECTIVE: Some people report symptoms that they associate with electromagnetic field (EMF) exposure. These symptoms may be related to specific EMF sources or to electrical equipment in general (perceived electromagnetic hypersensitivity, EHS). Research and clinical observations suggest a difference between mobile phone (MP)-related symptoms and EHS with respect to symptom prevalence, psychological factors, and health prognosis. This study assessed prevalence of EMF-related and EMF-nonrelated symptoms, anxiety, depression, somatization, exhaustion, and stress in people with MP-related symptoms or EHS versus a population-based sample and a control sample without EMF-related symptoms. METHODS: 45 participants with MP-related symptoms and 71 with EHS were compared with a population-based sample (n=106) and a control group (n=63) using self-report questionnaires. RESULTS: The EHS group reported more symptoms than the MP group, both EMF-related and EMF-nonrelated. The MP group reported a high prevalence of somatosensory symptoms, whereas the EHS group reported more neurasthenic symptoms. As to self-reported personality traits and stress, the case groups differed only on somatization and listlessness in a direct comparison. In comparison with the reference groups, the MP group showed increased levels of exhaustion and depression but not of anxiety, somatization, and stress; the EHS group showed increased levels for all of the conditions except for stress. CONCLUSION: The findings support the idea of a difference between people with symptoms related to specific EMF sources and people with general EHS with respect to symptoms and anxiety, depression, somatization, exhaustion, and stress. The differences are likely to be important in the management of patients. | D13: Johansson A, Nordin S, Heiden M, Sandström M. | E13: 40179 | F13: UHF (300 MHz-3 GHz) studies | L13: Real | M13: Mobile Phone | N13: Pulsed | Q13: Effect | R13: 0 | S13: 0 | T13: 0 | U13: 0 | V13: 0 | W13: 0 | X13: 0 | Y13: 0 | Z13: 0 | AA13: 0 | AB13: 1 | AC13: 1 | AD13: 0 | AE13: 0 | AF13: 1 | AG13: 0 | AH13: 0 | AI13: 0 | AJ13: =IF(OR(AC13=1,AE13=1),1,0) -> 1 | AK13: =IF(OR(AF13=1,AG13=1),1,0) -> 1 | AL13: =IF(OR(AD13=1,AH13=1,AI13=1),1,0) -> 0 | AM13: =IF(OR(AD13=1,AH13=1),1,0) -> 0 | AN13: http://www.ncbi.nlm.nih.gov/pubmed/20004299
A14: 344 | B14: The effect of mobile phone to audiologic system | C14: Mobile phones have come into widespread use. There are a lot of possible adverse effect to health. Use of mobile phone generate potentially harmful radiofrequency electromagnetic field (EMF) particularly for the hearing aspect. 98 subjects underwent hearing evaluations at Department of Otolaryngology, Faculty of Medicine, King Chulalongkorn Memorial Hospital, Chulalongkorn University. 31 males and 67females, mean age was 30.48 +/- 9.51 years old, all subjects were investigated the hearing level by audiometry, tympanometry, otoacoustic emission (OAE) and auditory brain stem evoked response (ABR). The average of using time were 32.54 +/- 27.64 months, 57 subjects usually used the right side and 41 the left side. Average time of use per day was 26.31 +/- 30.91 minutes (range from 3 to 180 mins). When the authors compared the audiogram, both pure tone and speech audiometry, between the dominant and nondominant side, it indicated that there is no significant different. When the authors focused on the 8 subjects that used the mobile phone more than 60 mins per day. It indicated that the hearing threshold of the dominant ears was worse than the nondominant ears. | D14: Kerekhanjanarong V, Supiyaphun P, Naratricoon J, Laungpitackchumpon P. | E14: 38596 | F14: UHF (300 MHz-3 GHz) studies | L14: Real | M14: Mobile Phone | N14: Pulsed | Q14: Effect | R14: 1 | S14: 0 | T14: 0 | U14: 0 | V14: 0 | W14: 0 | X14: 0 | Y14: 0 | Z14: 0 | AA14: 0 | AB14: 1 | AC14: 0 | AD14: 0 | AE14: 0 | AF14: 0 | AG14: 0 | AH14: 0 | AI14: 1 | AJ14: =IF(OR(AC14=1,AE14=1),1,0) -> 0 | AK14: =IF(OR(AF14=1,AG14=1),1,0) -> 0 | AL14: =IF(OR(AD14=1,AH14=1,AI14=1),1,0) -> 1 | AM14: =IF(OR(AD14=1,AH14=1),1,0) -> 0 | AN14: https://pubmed.ncbi.nlm.nih.gov/16623034/
A15: 345 | B15: Adverse effects of excessive mobile phone use | C15: Abstract INTRODUCTION: Research findings indicate that the use of mobile phones may lead to a number of symptoms such as headache, impaired concentration and memory, and also fatigue. MATERIALS AND METHODS: The present study was designed to investigate whether the symptoms of ill health reported by young people may be associated with the use of mobile phone (MP) and to analyze its influence on health and development of medical students. The questionnaire was designed specifically for this study and contained items regarding health condition and health complaints as well as the frequency of MP use. The response rate was 86.6% (286 of 330 forms, completed by 73.77% males and 26.22% females). RESULTS: Most of the subjects (83.57%) had some knowledge about the adverse effects of MP use. 76.92% of the students carried one mobile, and 23.08% more than one. 55.94%, of the subjects reported the average daily MP use of less than 30 min, 27.97%, of 30-60 min, 11.53%, of 60-90 min and 4.54% of more than 90 min. 16.08% of the subjects complained of headache and 24.48% of fatigue. Impaired concentration was reported by 34.27% of respondents, memory disturbances by 40.56%, sleeplessness by 38.8%, hearing problems by 23.07%, and facial dermatitis by 16.78%. The sensation of warmth within the auricle and behind/around the ear was reported by 28.32%. Out of 286 subjects who participated in this study, 44.4% related their symptoms to mobile phone use. CONCLUSIONS: The findings of the present study indicate that mobile phones play a large part in the daily life of medical students. Therefore, its impact on psychology and health should be discussed among the students to prevent the harmful effects of mobile phone use. Free Full Text Available | D15: Khan MM. | E15: 39479 | F15: UHF (300 MHz-3 GHz) studies | L15: Real | M15: Mobile Phone | N15: Pulsed | Q15: Effect | R15: 1 | S15: 0 | T15: 0 | U15: 0 | V15: 0 | W15: 0 | X15: 0 | Y15: 0 | Z15: 0 | AA15: 0 | AB15: 1 | AC15: 0 | AD15: 0 | AE15: 0 | AF15: 0 | AG15: 0 | AH15: 0 | AI15: 1 | AJ15: =IF(OR(AC15=1,AE15=1),1,0) -> 0 | AK15: =IF(OR(AF15=1,AG15=1),1,0) -> 0 | AL15: =IF(OR(AD15=1,AH15=1,AI15=1),1,0) -> 1 | AM15: =IF(OR(AD15=1,AH15=1),1,0) -> 0 | AN15: http://www.ncbi.nlm.nih.gov/pubmed/19228576
A16: 363 | B16: Association of tinnitus and electromagnetic hypersensitivity: hints for a shared pathophysiology? | C16: Abstract BACKGROUND: Tinnitus is a frequent condition with high morbidity and impairment in quality of life. The pathophysiology is still incompletely understood. Electromagnetic fields are discussed to be involved in the multi-factorial pathogenesis of tinnitus, but data proofing this relationship are very limited. Potential health hazards of electromagnetic fields (EMF) have been under discussion for long. Especially, individuals claiming themselves to be electromagnetic hypersensitive suffer from a variety of unspecific symptoms, which they attribute to EMF-exposure. The aim of the study was to elucidate the relationship between EMF-exposure, electromagnetic hypersensitivity and tinnitus using a case-control design. METHODOLOGY: Tinnitus occurrence and tinnitus severity were assessed by questionnaires in 89 electromagnetic hypersensitive patients and 107 controls matched for age-, gender, living surroundings and workplace. Using a logistic regression approach, potential risk factors for the development of tinnitus were evaluated. FINDINGS: Tinnitus was significantly more frequent in the electromagnetic hypersensitive group (50.72% vs. 17.5%) whereas tinnitus duration and severity did not differ between groups. Electromagnetic hypersensitivity and tinnitus were independent risk factors for sleep disturbances. However, measures of individual EMF-exposure like e.g. cell phone use did not show any association with tinnitus. CONCLUSIONS: Our data indicate that tinnitus is associated with subjective electromagnetic hypersensitivity. An individual vulnerability probably due to an over activated cortical distress network seems to be responsible for, both, electromagnetic hypersensitivity and tinnitus. Hence, therapeutic efforts should focus on treatment strategies (e.g. cognitive behavioral therapy) aiming at normalizing this dysfunctional distress network. Full Text Available | D16: Landgrebe M, Frick U, Hauser S, Hajak G, Langguth B. | E16: 39873 | F16: UHF (300 MHz-3 GHz) studies | O16: 0 | P16: Human Provocation | Q16: No Effect | R16: 0 | S16: 0 | T16: 0 | U16: 0 | V16: 0 | W16: 0 | X16: 0 | Y16: 0 | Z16: 0 | AA16: 0 | AB16: 1 | AC16: 1 | AD16: 0 | AE16: 0 | AF16: 0 | AG16: 0 | AH16: 0 | AI16: 0 | AJ16: =IF(OR(AC16=1,AE16=1),1,0) -> 1 | AK16: =IF(OR(AF16=1,AG16=1),1,0) -> 0 | AL16: =IF(OR(AD16=1,AH16=1,AI16=1),1,0) -> 0 | AM16: =IF(OR(AD16=1,AH16=1),1,0) -> 0 | AN16: http://www.ncbi.nlm.nih.gov/pubmed/19325894
A17: 382 | B17: Do mobile phones cause hearing and vision complaints? A preliminary report | C17: Abstract The present study demonstrated a relationship between hearing and vision complaints in subjects exposed to mobile phone emissions. Keeping in view the findings of the present study, it is advisable; therefore, that the use of a mobile phone is a risk factor for health hazards and suggests that unnecessary use of mobile phones should be avoided by health promotion activities, such as group discussion, public presentations and through electronic and print media sources. In addition, further large sized studies, along with detailed clinical examinations, are needed to study the long-term effects of mobile phone use and hearing and vision disorders. Free Full Text Available | D17: Meo SA, Al-Drees AM. | E17: 38473 | F17: UHF (300 MHz-3 GHz) studies | L17: Real | M17: Mobile Phone | N17: Pulsed | Q17: Uncertain Effect | R17: 0 | S17: 0 | T17: 0 | U17: 0 | V17: 0 | W17: 0 | X17: 0 | Y17: 0 | Z17: 0 | AA17: 0 | AB17: 1 | AC17: 0 | AD17: 0 | AE17: 0 | AF17: 0 | AG17: 0 | AH17: 0 | AI17: 1 | AJ17: =IF(OR(AC17=1,AE17=1),1,0) -> 0 | AK17: =IF(OR(AF17=1,AG17=1),1,0) -> 0 | AL17: =IF(OR(AD17=1,AH17=1,AI17=1),1,0) -> 1 | AM17: =IF(OR(AD17=1,AH17=1),1,0) -> 0 | AN17: http://smj.psmmc.med.sa/index.php/smj/article/view/5374/3148
A18: 383 | B18: Mobile phone related-hazards and subjective hearing and vision symptoms in the Saudi population | C18: Abstract OBJECTIVES: Over the past decade utilization of mobile phones has dramatically increased. They are now an essential part of business, commerce, and communication, however, their use may lead to health problems. Therefore, the present study was designed to investigate a link between the use of mobile phones and hearing and vision symptoms in the Saudi population and also to contribute to the increase in social awareness of health problems associated with the use of these devices. MATERIALS AND METHODS: A total of 873 (57.04% of males and 39.86% of females) subjects using mobile phones were invited to participate in the presented study. A structured questionnaire was distributed among them to collect a detailed medical history. The Chi-square test was employed to observe the relationship between duration of calls and hearing and vision complaints. RESULTS: The present study showed an association between the use of mobile phones and hearing and vision complaints. About 34.59% of problems were related with impaired hearing, ear ache and/or warmth on the ear, and 5.04% of complaints with the decreased and/or blurred vision. CONCLUSIONS: It is concluded that the use of mobile phone is a health risk factor, and thus it is suggested that excessive use of mobile phones should be avoided and social awareness increased through health promotion activities, such as group discussions or public presentations and via electronic and printed media sources. | D18: Meo SA, Al-Drees AM. | E18: 38384 | F18: UHF (300 MHz-3 GHz) studies | G18: 1800 | H18: 900 | L18: Real | M18: Mobile Phone | N18: Pulsed | O18: 0 | P18: Human - Volunteers | Q18: Effect | R18: 1 | S18: 0 | T18: 0 | U18: 0 | V18: 0 | W18: 0 | X18: 0 | Y18: 0 | Z18: 0 | AA18: 0 | AB18: 1 | AC18: 0 | AD18: 0 | AE18: 0 | AF18: 0 | AG18: 0 | AH18: 0 | AI18: 1 | AJ18: =IF(OR(AC18=1,AE18=1),1,0) -> 0 | AK18: =IF(OR(AF18=1,AG18=1),1,0) -> 0 | AL18: =IF(OR(AD18=1,AH18=1,AI18=1),1,0) -> 1 | AM18: =IF(OR(AD18=1,AH18=1),1,0) -> 0 | AN18: http://www.ncbi.nlm.nih.gov/pubmed/16052891
A19: 406 | B19: Effects of intensive and moderate cellular phone use on hearing function | C19: The purpose of this study is to investigate the effects of radiation emitted by mobile phones on the hearing of users. The study was carried out on three groups: 1) 20 men who have used a cellular phone frequently and spoken approximately 2 h per day for four years; 2) 20 men who have used a cellular phone for 10-20 min per day for four years; and 3) 20 healthy men who have never used a cellular phone (the control group). Brainstem evoked response audiometric (BERA) and pure tone audiometric (PTA) methods were used to measure the effects of exposure on hearing function of the subjects. In BERA measurements, I-III, III-V, and I-V interpeak latencies were evaluated. Interpeak latency of subjects in two experimental groups was compared to that of subjects in the control group. The BERA results showed no differences among the groups (p > 0.05). In PTA measurements, detection thresholds at 250 Hz, 500 Hz, 1000 Hz, 2000 Hz, 4000 Hz, and 8000 Hz frequencies were measured in all three groups. No differences were observed between moderate mobile phone users (10-20 min. per day) and control subjects. However, detection thresholds in those who talked approximately 2 h per day were found to be higher than those in either moderate users or control subjects. Differences at 4000 Hz for both bone and air conduction for right ears, and 500 Hz, and 4000 Hz bone and air conduction for left ears were significant for mean hearing threshold. This study shows that a higher degree of hearing loss is associated with long-term exposure to electromagnetic (EM) field generated by cellular phones. | D19: Oktay MF, Dasdag S. | E19: 38718 | F19: UHF (300 MHz-3 GHz) studies | L19: Real | M19: Mobile Phone | N19: Pulsed | Q19: Effect | R19: 1 | S19: 0 | T19: 0 | U19: 0 | V19: 0 | W19: 0 | X19: 0 | Y19: 0 | Z19: 0 | AA19: 0 | AB19: 1 | AC19: 0 | AD19: 0 | AE19: 0 | AF19: 0 | AG19: 0 | AH19: 0 | AI19: 1 | AJ19: =IF(OR(AC19=1,AE19=1),1,0) -> 0 | AK19: =IF(OR(AF19=1,AG19=1),1,0) -> 0 | AL19: =IF(OR(AD19=1,AH19=1,AI19=1),1,0) -> 1 | AM19: =IF(OR(AD19=1,AH19=1),1,0) -> 0 | AN19: http://www.ncbi.nlm.nih.gov/pubmed/16595330
A20: 410 | B20: Audiologic disturbances in long-term mobile phone users | C20: Abstract INTRODUCTION: There is general concern regarding the possible hazardous health effects of exposure to radiofrequency electromagnetic radiation emitted from mobile phones. This study aimed to assess the effects of chronic exposure to electromagnetic waves emitted from Global System for Mobile Communication (GSM) mobile phones on auditory functions. MATERIAL AND METHODS: A retrospective, cross-sectional, randomized, case control study was carried out in a tertiary care hospital. One hundred twelve subjects who were long-term mobile phone users (more than 1 year) and 50 controls who had never used a mobile phone underwent a battery of audiologic investigations including pure-tone audiometry (both speech and high frequency), tympanometry, distortion product otoacoustic emissions, auditory brain responses, and middle latency responses. Changes in the various parameters were studied in the mobile phone- and non-mobile phone-using ears of subjects and corresponding ears of the controls to ascertain the effects of electromagnetic exposure. RESULTS: There was no significant difference between users and controls for any of the audiologic parameters. However, trends for audiologic abnormalities were seen within the users. High-frequency loss and absent distortion product otoacoustic emissions were observed with an increase in the duration of mobile phone use, excessive use of mobile phones, and age more than 30 years. Additionally, users with some complaints during mobile phone use demonstrated absent distortion product otoacoustic emissions and abnormalities in auditory brainstem response. CONCLUSION: Long-term and intensive mobile phone use may cause inner ear damage. A large sample size would be required to reach definitive conclusions. | D20: Panda NK, Jain R, Bakshi J, Munjal S. | E20: 40210 | F20: UHF (300 MHz-3 GHz) studies | L20: Real | M20: Mobile Phone | N20: Pulsed | Q20: Effect | R20: 1 | S20: 0 | T20: 0 | U20: 0 | V20: 0 | W20: 0 | X20: 0 | Y20: 0 | Z20: 0 | AA20: 0 | AB20: 1 | AC20: 0 | AD20: 0 | AE20: 0 | AF20: 0 | AG20: 0 | AH20: 0 | AI20: 1 | AJ20: =IF(OR(AC20=1,AE20=1),1,0) -> 0 | AK20: =IF(OR(AF20=1,AG20=1),1,0) -> 0 | AL20: =IF(OR(AD20=1,AH20=1,AI20=1),1,0) -> 1 | AM20: =IF(OR(AD20=1,AH20=1),1,0) -> 0 | AN20: https://www.emf-portal.org/en/article/17936
A21: 411 | B21: Auditory changes in mobile users: is evidence forthcoming? | C21: Abstract OBJECTIVE: Genuine concerns are being raised as to the potential health risks posed by electromagnetic frequency exposure secondary to mobile phone usage. This study was undertaken to assess and compare potential changes in hearing function at the level of the inner ear and central auditory pathway due to chronic exposure to electromagnetic waves from both global system for mobile communications (GSM) and code division multiple access (CDMA) mobile phone usage. DESIGN: Cohort study. SETTING: Tertiary referral center. SUBJECTS AND METHODS: One hundred twenty-five subjects who were long-term mobile phone users (more than 1 year; 63 GSM and 62 CDMA) and 58 controls who had never used mobile phones underwent audiological investigations including pure tone audiometry (250-12 kHz), tympanometry, distortion product otoacoustic emissions (DPOAE), auditory brain responses (ABR), and middle latency responses (MLRs). The changes in various parameters were studied in mobile-using and non-mobile-using ears of both GSM and CDMA subjects and corresponding ears of the controls to ascertain the effects of electromagnetic exposure. RESULTS: GSM and CDMA users were found to be at a significantly higher risk of having DPOAE absent as compared with controls (P < .05). They were found to have higher speech frequency thresholds and lower MLR wave and Na and Pa amplitudes. More than 3 years of mobile phone usage emerged as a risk factor (P < .05). The damage done was bilateral, with the quantum of damage being the same for both GSM and CDMA. CONCLUSION:Long-term and intensive GSM and CDMA mobile phone use may cause damage to cochlea as well as the auditory cortex. | D21: Panda NK, Modi R, Munjal S, Virk RS. | E21: 40634 | F21: UHF (300 MHz-3 GHz) studies | L21: Real | M21: Mobile Phone | N21: Pulsed | Q21: Effect | R21: 1 | S21: 0 | T21: 0 | U21: 0 | V21: 0 | W21: 0 | X21: 0 | Y21: 0 | Z21: 0 | AA21: 0 | AB21: 1 | AC21: 0 | AD21: 0 | AE21: 1 | AF21: 0 | AG21: 0 | AH21: 0 | AI21: 0 | AJ21: =IF(OR(AC21=1,AE21=1),1,0) -> 1 | AK21: =IF(OR(AF21=1,AG21=1),1,0) -> 0 | AL21: =IF(OR(AD21=1,AH21=1,AI21=1),1,0) -> 0 | AM21: =IF(OR(AD21=1,AH21=1),1,0) -> 0 | AN21: https://www.emf-portal.org/en/article/19195
A22: 445 | B22: Effects of mobile telephones on hearing | C22: Abstract The exposure to electromagnetic field emitted by mobile telephones is increasing rapidly worldwide that causes side effects, including thermal and non thermal side effects. Ear proximity to electromagnetic source may lead to greater damage and side effects, including hearing loss. This study was performed to assess the chronic effect of exposure to electromagnetic field of mobile telephones on hearing by audiometric measurements. A total of 200 subjects (100 users and 100 non-users) were studied, using historic cohort method. The subjects did not have history of any clinical condition possibly implicated in hearing loss, history of ear disease or pathology in otoscopic examination. Only the users dominant ears were studied (right side 75% and left side 25%). Pure tone threshold of all subjects were in the normal range but there was a significant difference between mean pure tone threshold of user and non-users, +0.12 ± 5.93dB and -3 ± 4.73dB, respectively. Duration of use was also related to threshold changes. This investigation showed that mobile sets may cause increase of the pure tone threshold. We suggest further studies to find out potential hazards of using mobile telephones and to develop guidelines for the mobile telephone users. Full Free Text Available | D22: Shayani-Nasab M, Safavi Naiianni SA, Fathol Alolomi M R, Makaremi A. | E22: 38808 | F22: UHF (300 MHz-3 GHz) studies | L22: Real | M22: Mobile Phone | N22: Pulsed | Q22: Effect | R22: 1 | S22: 0 | T22: 0 | U22: 0 | V22: 0 | W22: 0 | X22: 0 | Y22: 0 | Z22: 0 | AA22: 0 | AB22: 1 | AC22: 0 | AD22: 0 | AE22: 0 | AF22: 0 | AG22: 0 | AH22: 0 | AI22: 1 | AJ22: =IF(OR(AC22=1,AE22=1),1,0) -> 0 | AK22: =IF(OR(AF22=1,AG22=1),1,0) -> 0 | AL22: =IF(OR(AD22=1,AH22=1,AI22=1),1,0) -> 1 | AM22: =IF(OR(AD22=1,AH22=1),1,0) -> 0 | AN22: https://www.researchgate.net/publication/239922819_Effects_of_mobile_telephones_on_hearing
A23: 473 | B23: High-Frequency Hearing Loss Among Mobile Phone Users | C23: Abstract The objective of this study is to assess high frequency hearing (above 8 kHz) loss among prolonged mobile phone users is a tertiary Referral Center. Prospective single blinded study. This is the first study that used high-frequency audiometry. The wide usage of mobile phone is so profound that we were unable to find enough non-users as a control group. Therefore we compared the non-dominant ear to the dominant ear using audiometric measurements. The study was a blinded study wherein the audiologist did not know which was the dominant ear. A total of 100 subjects were studied. Of the subjects studied 53% were males and 47% females. Mean age was 27. The left ear was dominant in 63%, 22% were dominant in the right ear and 15% did not have a preference. This study showed that there is significant loss in the dominant ear compared to the non-dominant ear (P < 0.05). Chronic usage mobile phone revealed high frequency hearing loss in the dominant ear (mobile phone used) compared to the non dominant ear. Full Free Text Available | D23: Velayutham P, Govindasamy GK, Raman R, Prepageran N, Ng KH. | E23: 41640 | F23: UHF (300 MHz-3 GHz) studies | L23: Real | M23: Mobile Phone | N23: Pulsed | Q23: Effect | R23: 1 | S23: 0 | T23: 0 | U23: 0 | V23: 0 | W23: 0 | X23: 0 | Y23: 0 | Z23: 0 | AA23: 0 | AB23: 1 | AC23: 0 | AD23: 0 | AE23: 0 | AF23: 0 | AG23: 0 | AH23: 0 | AI23: 1 | AJ23: =IF(OR(AC23=1,AE23=1),1,0) -> 0 | AK23: =IF(OR(AF23=1,AG23=1),1,0) -> 0 | AL23: =IF(OR(AD23=1,AH23=1,AI23=1),1,0) -> 1 | AM23: =IF(OR(AD23=1,AH23=1),1,0) -> 0 | AN23: http://www.ncbi.nlm.nih.gov/pmc/articles/PMC3918279/
A24: 712 | B24: Effects of Bluetooth device electromagnetic field on hearing: pilot study | C24: Abstract BACKGROUND: The Bluetooth wireless headset has been promoted as a 'hands-free' device with a low emission of electromagnetic radiation. OBJECTIVE: To evaluate potential changes in hearing function as a consequence of using Bluetooth devices, by assessing changes in pure tone audiography and distortion production otoacoustic emissions. DESIGN: Prospective study. MATERIALS AND METHODS: Thirty [healthy] adult volunteers were exposed to a Bluetooth headset device (1) on 'standby' setting for 6 hours and (2) at full power for 10 minutes. Post-exposure hearing was evaluated using pure tone audiography and distortion production otoacoustic emission testing. RESULTS: There were no statistically significant changes in hearing, as measured above, following either exposure type. CONCLUSION: Exposure to the electromagnetic field emitted by a Bluetooth headset, as described above, did not decrease hearing thresholds or alter distortion product otoacoustic emissions. Authors did state in their paper "Prolonged mobile phone use is known to reduce ipsilateral hearing." however their study found "No significant hearing effects were detected" | D24: Balachandran R, Prepageran N, Rahmat O, Zulkiflee AB, Hufaida KS. | E24: 40945 | F24: UHF (300 MHz-3 GHz) studies | G24: 2500 | H24: 2400 | O24: 6 | P24: Human Provocation | Q24: No Effect | R24: 0 | S24: 0 | T24: 0 | U24: 0 | V24: 0 | W24: 0 | X24: 0 | Y24: 0 | Z24: 0 | AA24: 1 | AB24: 0 | AC24: 0 | AD24: 0 | AE24: 1 | AF24: 0 | AG24: 0 | AH24: 0 | AI24: 0 | AJ24: =IF(OR(AC24=1,AE24=1),1,0) -> 1 | AK24: =IF(OR(AF24=1,AG24=1),1,0) -> 0 | AL24: =IF(OR(AD24=1,AH24=1,AI24=1),1,0) -> 0 | AM24: =IF(OR(AD24=1,AH24=1),1,0) -> 0 | AN24: https://www.emf-portal.org/en/article/20229
A25: 779 | B25: The pattern of mobile phone use and prevalence of self-reported symptoms in elementary and junior high school students in Shiraz, Iran | C25: Aim: A cross-sectional study was conducted in Iran to investigate the association between mobile phone use and self-reported subjective symptoms among elementary and junior high school students. Method: Symptoms of discomfort: headache, myalgia, palpitation, fatigue, tinnitus, concentration problems, attention problems, nervousness Estimate of prevalence Exposure: mobile phone, cordless phone, PC/TV monitor assessment by questionnaire (use of mobile phone, cathode ray tube monitor and cordless phone). Study group: children, aged from 6 to 16 years Group characteristics: elementary and junior high school students Observation period: not stated Study location: Iran (Shiraz) Outcomes: Overall, 254 (54.2%) students had used cathode ray tubes, 262 (55.9%) students had used cordless phones, and 142 (31.4%) students had used mobile phones. Significant associations were found between the duration of mobile phone use and the self-reported symptoms headache, myalgia, palpitation, fatigue, tinnitus, concentration problems, attention problems and nervousness among elementary and junior high school students. Limitations (according to author): The symptoms were self-reported by the students. Furthermore, given the age and knowledge of the study participants, their understandings about the exact definitions of the symptoms might have affected their answers to the questions asked. | D25: Mortazavi SM Atefi M, Kholghi F. | E25: 40695 | F25: UHF (300 MHz-3 GHz) studies | G25: 2100 | H25: 800 | L25: Real | M25: Mobile Phone & WiFi | N25: Pulsed | O25: 0 | P25: Human Student Group | Q25: Effect | R25: 1 | S25: 0 | T25: 0 | U25: 0 | V25: 0 | W25: 0 | X25: 0 | Y25: 0 | Z25: 0 | AA25: 0 | AB25: 1 | AC25: 1 | AD25: 0 | AE25: 0 | AF25: 0 | AG25: 0 | AH25: 0 | AI25: 0 | AJ25: =IF(OR(AC25=1,AE25=1),1,0) -> 1 | AK25: =IF(OR(AF25=1,AG25=1),1,0) -> 0 | AL25: =IF(OR(AD25=1,AH25=1,AI25=1),1,0) -> 0 | AM25: =IF(OR(AD25=1,AH25=1),1,0) -> 0 | AN25: http://www.emf-portal.de/viewer.php?l=e&aid=28521
A26: 840 | B26: Intraoperative observation of changes in cochlear nerve action potentials during exposure to electromagnetic fields generated by mobile phones | C26: Aim : To study whether exposure to mobile phone electromagnetic fields affect acoustically evoked cochlear nerve compound action potentials. Background: Seven patients suffering from Meniere's disease and undergoing retrosigmoid vestibular neurectomy were exposed to the mobile phone placed over the craniotomy area for 5 minutes. Five patients undergoing the same surgical procedure served as control group. Outcomes : All patients showed a substantial significant decrease in amplitude and a significant increase in latency of cochlear nerve compound action potentials during the 5 min of exposure to the electromagnetic field. These changes lasted for a period of around 5 min after exposure. The analysis of the acoustic evoked brain stem potentials performed on wave V showed no statistically significant differences related to the electromagnetic field exposure. Postoperative audiological follow-up revealed no significant hearing threshold deterioration in any of the patients. | D26: Colletti V, Mandala M, Manganotti P, Ramat S, Sacchetto L, Colletti L. | E26: 40528 | F26: UHF (300 MHz-3 GHz) studies | J26: 0.82 | L26: Real | M26: Mobile Phone GSM | N26: Pulsed | O26: 0.083333333 | P26: Human Population Groups | Q26: Effect | R26: 0 | S26: 0 | T26: 0 | U26: 0 | V26: 0 | W26: 0 | X26: 0 | Y26: 0 | Z26: 1 | AA26: 0 | AB26: 0 | AC26: 0 | AD26: 0 | AE26: 0 | AF26: 0 | AG26: 0 | AH26: 0 | AI26: 1 | AJ26: =IF(OR(AC26=1,AE26=1),1,0) -> 0 | AK26: =IF(OR(AF26=1,AG26=1),1,0) -> 0 | AL26: =IF(OR(AD26=1,AH26=1,AI26=1),1,0) -> 1 | AM26: =IF(OR(AD26=1,AH26=1),1,0) -> 0 | AN26: http://www.emf-portal.de/viewer.php?l=e&aid=18849
A27: 915 | B27: Effects of UMTS Cellular Phones on Human Hearing: Results of the European Project "EMFnEAR" | C27: Abstract The European project EMFnEAR was undertaken to assess potential changes in human auditory function after a short-term exposure to radiofrequency (RF) radiation produced by UMTS (Universal Mobile Telecommunication System) mobile phones. Participants were healthy young adults with no hearing or ear disorders. Auditory function was assessed immediately before and after exposure to radiofrequency radiation, and only the exposed ear was tested. Tests for the assessment of auditory function were hearing threshold level (HTL), distortion product otoacoustic emissions (DPOAE), contralateral suppression of transiently evoked otoacoustic emission (CAS effect on TEOAE), and auditory evoked potentials (AEP). The exposure consisted of speech at a typical conversational level delivered via an earphone to one ear, plus genuine or sham RF-radiation exposure produced by a commercial phone controlled by a personal computer. Results from 134 participants did not show any consistent pattern of effects on the auditory system after a 20-min UMTS exposure at the maximum output of the phone with 69 mW/kg SAR in the cochlea region in a double blind comparison of genuine and sham exposure. An isolated effect on the hearing threshold at high frequencies was identified, but this was statistically nonsignificant after correction for multiple comparisons. It is concluded that UMTS short-term exposure at the maximum output of consumer mobile phones does not cause measurable immediate effects on the human auditory system. Authors conclusion: Only pure tone hearing threshold level measurements showed two values that were significantly different (at 500 Hz and MEAN) when sham and UMTS exposure were compared. However, no other audiological measures tested showed any sign of effect. | D27: Parazzini M, Sibella F, Lutman ME, Mishra S, Moulin A, Sliwinska-Kowalska M, Woznicka E, Politanski P, Zmyslony M, Thuroczy G, Molnár F, Kubinyi G, Tavartkiladze G, Bronyakin S, Uloziene I, Uloza V, Gradauskiene E, Ravazzani P. | E27: 40026 | F27: UHF (300 MHz-3 GHz) studies | J27: 0.069 | L27: Real | M27: Mobile Phone | N27: Pulsed | O27: 0.33333333 | P27: Human Volunteers | Q27: Uncertain Effect | R27: 0 | S27: 0 | T27: 0 | U27: 0 | V27: 0 | W27: 0 | X27: 0 | Y27: 0 | Z27: 0 | AA27: 1 | AB27: 0 | AC27: 1 | AD27: 0 | AE27: 0 | AF27: 0 | AG27: 0 | AH27: 0 | AI27: 0 | AJ27: =IF(OR(AC27=1,AE27=1),1,0) -> 1 | AK27: =IF(OR(AF27=1,AG27=1),1,0) -> 0 | AL27: =IF(OR(AD27=1,AH27=1,AI27=1),1,0) -> 0 | AM27: =IF(OR(AD27=1,AH27=1),1,0) -> 0 | AN27: https://www.ncbi.nlm.nih.gov/pubmed/19630529
A28: 933 | B28: No effect of mobile phone-like RF exposure on patients with atopic dermatitis | C28: Abstract This study investigates the effect of exposure to a mobile phone-like radiofrequency (RF) electromagnetic field on people with atopic dermatitis (AD). Fifteen subjects with AD were recruited and matched with 15 controls without AD. The subjects were exposed for 30 min to an RF field at 1 W/kg via an indoor base station antenna attached to a 900 MHz GSM mobile phone. Blood samples for ELISA analysis of the concentration of substance P (SP), tumor necrosis factor receptor 1 (TNF R1), and brain derived neurotrophic factor (BDNF) in serum were drawn before and after the provocation (exposure/sham). Baseline heart rate and heart rate variability, local blood flow, and electrodermal activity were also recorded. No significant differences between the subject groups were found for baseline neurophysiological data. The cases displayed a serum concentration of TNF R1 significantly higher than the control subjects and a significantly lower serum concentration of BDNF in the baseline condition. For SP there was no difference between groups. However, no effects related to RF exposure condition were encountered for any of the measured substances. As to symptoms, a possible correlation with exposure could not be evaluated, due to too few symptom reports. The result of the study does not support the hypothesis of an effect of mobile phone-like RF exposure on serum levels of SP, TNF R1, and BDNF in persons with AD. Authors states: Both the cases and controls reported more symptoms on the day with true exposure than on the day with sham exposure; however, the number of symptoms was not sufficient for a statistical evaluation of the relation between experienced symptoms and exposure condition. The most common symptoms were fatigue, headache, and itching and burning sensations of the facial skin. | D28: Johansson A, Forsgren S, Stenberg B, Wilén J, Kalezic N, Sandström M. | E28: 39448 | F28: UHF (300 MHz-3 GHz) studies | J28: 1 | L28: Real | M28: Mobile Phone Base Station | N28: Pulsed | O28: 13.035714 | P28: Human Volunteers | Q28: No Effect | R28: 0 | S28: 0 | T28: 0 | U28: 0 | V28: 0 | W28: 0 | X28: 0 | Y28: 0 | Z28: 0 | AA28: 1 | AB28: 0 | AC28: 0 | AD28: 0 | AE28: 1 | AF28: 0 | AG28: 1 | AH28: 0 | AI28: 0 | AJ28: =IF(OR(AC28=1,AE28=1),1,0) -> 1 | AK28: =IF(OR(AF28=1,AG28=1),1,0) -> 1 | AL28: =IF(OR(AD28=1,AH28=1,AI28=1),1,0) -> 0 | AM28: =IF(OR(AD28=1,AH28=1),1,0) -> 0 | AN28: http://www.ncbi.nlm.nih.gov/pubmed/18240288
A29: 988 | B29: Development and evaluation of an electromagnetic hypersensitivity questionnaire for Japanese people | C29: Abstract The purpose of the present study was to evaluate the validity and reliability of a Japanese version of an electromagnetic hypersensitivity (EHS) questionnaire, originally developed by Eltiti et al. in the United Kingdom. Using this Japanese EHS questionnaire, surveys were conducted on 1306 controls and 127 self-selected EHS subjects in Japan. Principal component analysis of controls revealed eight principal symptom groups, namely, nervous, skin-related, head-related, auditory and vestibular, musculoskeletal, allergy-related, sensory, and heart/chest-related. The reliability of the Japanese EHS questionnaire was confirmed by high to moderate intraclass correlation coefficients in a test-retest analysis, and high Cronbach's α coefficients (0.853-0.953) from each subscale. A comparison of scores of each subscale between self-selected EHS subjects and age- and sex-matched controls using bivariate logistic regression analysis, Mann-Whitney U- and χ2 tests, verified the validity of the questionnaire. This study demonstrated that the Japanese EHS questionnaire is reliable and valid, and can be used for surveillance of EHS individuals in Japan. Furthermore, based on multiple logistic regression and receiver operating characteristic analyses, we propose specific preliminary criteria for screening EHS individuals in Japan. | D29: Hojo S, Tokiya M, Mizuki M, Miyata M, Kanatani KT, Takagi A, Tsurikisawa N, Kame S, Katoh T, Tsujiuchi T, Kumano H. | E29: 42542 | F29: UHF (300 MHz-3 GHz) Ecological studies | O29: 0 | P29: Human - Population Groups | Q29: Effect | R29: 1 | S29: 0 | T29: 0 | U29: 0 | V29: 0 | W29: 0 | X29: 0 | Y29: 0 | Z29: 0 | AA29: 0 | AB29: 1 | AC29: 0 | AD29: 0 | AE29: 0 | AF29: 0 | AG29: 0 | AH29: 0 | AI29: 1 | AJ29: =IF(OR(AC29=1,AE29=1),1,0) -> 0 | AK29: =IF(OR(AF29=1,AG29=1),1,0) -> 0 | AL29: =IF(OR(AD29=1,AH29=1,AI29=1),1,0) -> 1 | AM29: =IF(OR(AD29=1,AH29=1),1,0) -> 0 | AN29: http://www.ncbi.nlm.nih.gov/pubmed/27324106
A30: 1030 | B30: The risk of subjective symptoms in mobile phone users in Poland--an epidemiological study | C30: Abstract OBJECTIVES: To assess the type and incidence of subjective symptoms related to the use of mobile phones in Polish users. MATERIAL AND METHODS: The study was conducted in 2005 using a questionnaire survey. Although it has been quite a long time, up to now, no such data have been published for Poland. The questionnaire consisted of 53 questions concerning sex, age, education, general health, characteristics of a mobile phone (hand-held, loud-speaking unit) as well as the habits associated with its use (frequency and duration of calls, text messages, etc.) and complaints associated with using a mobile phone. RESULTS: As many as 1800 questionnaires were sent. The response was obtained from 587 subjects aged 32.6 ± 11.3 (48.9% women, 51.1% men); the age did not differ significantly between men and women. The subjects owned a cell phone for an average of 3 years. Majority of the respondents used the phone intensively, i.e. daily (74%) or almost daily (20%). Headaches were reported significantly more often by the people who talked frequently and long in comparison with other users (63.2% of the subjects, p = 0.0029), just like the symptoms of fatigue (45%, p = 0.013). Also, the feeling of warmth around the ear and directly to the auricle was reported significantly more frequently by the intensive mobile phone users, compared with other mobile phone users (47.3%, p = 0.00004 vs. 44.6%, p = 0.00063, respectively). Most symptoms appeared during or immediately after a call and disappeared within 2 h after the call. Continuous headache, persisting for longer than 6 h since the end of a call, was reported by 26% of the subjects. CONCLUSIONS: Our results show that the mobile phone users may experience subjective symptoms, the intensity of which depends on the intensity of use of mobile phones. Full Free Text Available | D30: Szyjkowska A, Gadzicka E, Szymczak W, Bortkiewicz A. | E30: 41671 | F30: UHF (300 MHz-3 GHz) studies | L30: Real | M30: Mobile Phone | N30: Pulsed | O30: 273.75 | P30: Human | Q30: Effect | R30: 0 | S30: 0 | T30: 0 | U30: 0 | V30: 0 | W30: 0 | X30: 0 | Y30: 0 | Z30: 0 | AA30: 0 | AB30: 1 | AC30: 0 | AD30: 0 | AE30: 0 | AF30: 0 | AG30: 0 | AH30: 0 | AI30: 1 | AJ30: =IF(OR(AC30=1,AE30=1),1,0) -> 0 | AK30: =IF(OR(AF30=1,AG30=1),1,0) -> 0 | AL30: =IF(OR(AD30=1,AH30=1,AI30=1),1,0) -> 1 | AM30: =IF(OR(AD30=1,AH30=1),1,0) -> 0 | AN30: http://www.ncbi.nlm.nih.gov/pubmed/24692074
A31: 1037 | B31: Self-reporting of symptom development from exposure to radiofrequency fields of wireless smart meters in victoria, australia: a case series | C31: Abstract CONTEXT: In 2006, the government in the state of Victoria, Australia, mandated the rollout of smart meters in Victoria, which effectively removed a whole population's ability to avoid exposure to human-made high-frequency nonionizing radiation. This issue appears to constitute an unprecedented public health challenge for Victoria. By August 2013, 142 people had reported adverse health effects from wireless smart meters by submitting information on an Australian public Web site using its health and legal registers. OBJECTIVE: The study evaluated the information in the registers to determine the types of symptoms that Victorian residents were developing from exposure to wireless smart meters. DESIGN: In this case series, the registers' managers eliminated those cases that did not clearly identify the people providing information by name, surname, postal address, and/or e-mail to make sure that they were genuine registrants. Then they obtained consent from participants to have their deidentified data used to compile the data for the case series. The author later removed any individual from outside of Victoria. PARTICIPANTS: The study included 92 residents of Victoria, Australia. OUTCOME MEASURES: The author used her medical experience and judgment to group symptoms into clinically relevant clusters (eg, pain in the head was grouped with headache, tinnitus was grouped with ringing in the ears). The author stayed quite close to the wording used in the original entries. She then calculated total numbers and percentages for each symptom cluster. Percentages were rounded to the nearest whole number. RESULTS: The most frequently reported symptoms from exposure to smart meters were (1) insomnia, (2) headaches, (3) tinnitus, (4) fatigue, (5) cognitive disturbances, (6) dysesthesias (abnormal sensation), and (7) dizziness. The effects of these symptoms on people's lives were significant. CONCLUSIONS: Review of some key studies, both recent and old (1971), reveals that the participants' symptoms were the same as those reported by people exposed to radiofrequency fields emitted by devices other than smart meters. Interestingly, the vast majority of Victorian cases did not state that they had been sufferers of electromagnetic hypersensitivity syndrome (EHS) prior to exposure to the wireless meters, which points to the possibility that smart meters may have unique characteristics that lower people's threshold for symptom development. | D31: Lamech F. | E31: 41944 | F31: UHF (300 MHz-3 GHz) studies | G31: 928 | H31: 915 | L31: Real | M31: Smart Meter | N31: Pulsed | O31: 0 | P31: Human | Q31: Effect | R31: 1 | S31: 0 | T31: 0 | U31: 0 | V31: 0 | W31: 0 | X31: 0 | Y31: 0 | Z31: 0 | AA31: 0 | AB31: 1 | AC31: 0 | AD31: 0 | AE31: 0 | AF31: 1 | AG31: 0 | AH31: 0 | AI31: 0 | AJ31: =IF(OR(AC31=1,AE31=1),1,0) -> 0 | AK31: =IF(OR(AF31=1,AG31=1),1,0) -> 1 | AL31: =IF(OR(AD31=1,AH31=1,AI31=1),1,0) -> 0 | AM31: =IF(OR(AD31=1,AH31=1),1,0) -> 0 | AN31: http://www.ncbi.nlm.nih.gov/pubmed/25478801
A32: 1168 | B32: A cross-sectional case control study on genetic damage in individuals residing in the vicinity of a mobile phone base station | C32: Abstract Mobile phone base stations facilitate good communication, but the continuously emitting radiations from these stations have raised health concerns. Hence in this study, genetic damage using the single cell gel electrophoresis (comet) assay was assessed in peripheral blood leukocytes of individuals residing in the vicinity of a mobile phone base station and comparing it to that in healthy controls. The power density in the area within 300 m from the base station exceeded the permissive limits and was significantly (p = 0.000) higher compared to the area from where control samples were collected. The study participants comprised 63 persons with residences near a mobile phone tower, and 28 healthy controls matched for gender, age, alcohol drinking and occupational sub-groups. Genetic damage parameters of DNA migration length, damage frequency (DF) and damage index were significantly (p = 0.000) elevated in the sample group compared to respective values in healthy controls. The female residents (n = 25) of the sample group had significantly (p = 0.004) elevated DF than the male residents (n = 38). The linear regression analysis further revealed daily mobile phone usage, location of residence and power density as significant predictors of genetic damage. The genetic damage evident in the participants of this study needs to be addressed against future disease-risk, which in addition to neurodegenerative disorders, may lead to cancer. | D32: Gandhi G, Kaur G, Nisar U. | E32: 41823 | F32: UHF (300 MHz-3 GHz) studies | G32: 1800 | H32: 900 | I32: 11490 | L32: Real | M32: Mobile Phone Base Station | N32: Pulsed | O32: 43332.8 | P32: Leukocytes / Human - Population Groups | Q32: Effect | R32: 1 | S32: 0 | T32: 0 | U32: 0 | V32: 0 | W32: 0 | X32: 0 | Y32: 0 | Z32: 0 | AA32: 0 | AB32: 1 | AC32: 0 | AD32: 0 | AE32: 0 | AF32: 0 | AG32: 0 | AH32: 0 | AI32: 1 | AJ32: =IF(OR(AC32=1,AE32=1),1,0) -> 0 | AK32: =IF(OR(AF32=1,AG32=1),1,0) -> 0 | AL32: =IF(OR(AD32=1,AH32=1,AI32=1),1,0) -> 1 | AM32: =IF(OR(AD32=1,AH32=1),1,0) -> 0 | AN32: https://www.emf-portal.org/en/article/25331
A33: 1281 | B33: Effects of intrauterine and extrauterine exposure to GSM-like radiofrequency on distortion product otoacoustic emissions in infant male rabbits | C33: Abstract OBJECTIVES: The aim of this study was to investigate the potential hazardous effects of intrauterine (IU) and/or extrauterine (EU) exposure to 1800 MHz Global System for Mobile Communications-like (GSM-like) radiofrequency (RF) on the cochlear functions of infant rabbits by measuring distortion product otoacoustic emission (DPOAE) response amplitudes METHODS: Thirty-six white infant male New Zealand rabbits each 1-month-old were included in the study. The animals were randomly divided into four groups. Nine infant rabbits (Group 1) were not exposed to 1800 MHz GSM-like RF (Control-C). Nine infant rabbits (Group 2) were exposed to 1800 MHz GSM-like RF, 15 min daily for 14 days after they reached 1-month of age (extrauterine-EU). Nine infant rabbits (Group 3) were exposed to 1800 MHz GSM-like RF, 15 min daily for 7 days in the intrauterine period (between 15th and 22nd days of the gestational period) (intrauterine-IU). Nine infant rabbits (Group 4) were exposed to 1800 MHz GSM-like RF, 15 min daily for 7 days in the intrauterine period (between 15th and 22nd days of the gestational period) and 15 min daily for 14 days after they reached to 1-month of age (IU+EU). The cochlear functions were assessed by DPOAEs at 1.0-8.0 kHz. RESULTS: At 1.5 kHz, the mean DPOAE amplitude of Group 3 was higher than that of the controls and Group 2; and the mean DPOAE value of Group 4 was higher than that of the controls and Group 2. At 2.0 kHz, the mean DPOAE amplitude of Group 4 was higher than that of Group 2. At 3.0 kHz, the mean DPOAE amplitude of Group 4 was higher than that of the controls and Group 2. At 4.0 kHz, the mean DPOAE amplitude of Group 2 was lower than that of the controls, while the mean value of Group 4 was higher than the mean value of the controls and Group 2. At 6.0 kHz, the mean DPOAE amplitude of Group 2 was lower than that of the control group; however, the mean value of Group 4 was higher than that of Group 2. At 1.0 and 8.0 kHz, no significant differences were found among the four groups. CONCLUSION: Prolonged exposure and hyperthermia related to the power density of applied RF, increasing the temperature in the ear canal, may affect DPOAE amplitudes. Harmful effects of RF are mainly observed as a decrease in DPOAE amplitudes at 4.0-6.0 kHz during extrauterine exposure in infancy. During the intrauterine period, the water content of the middle and inner ear and amnion fluid may play a protective role. Therefore, children must be protected from RF exposure. The use of mobile phones at short distances from the ear of the infants should be avoided because of the lower thickness of the anatomical structure in infancy. | D33: Budak GG, Muluk NB, Budak B, Oztürk GG, Apan A, Seyhan N. | E33: 39873 | F33: UHF (300 MHz-3 GHz) studies | L33: Simulated | M33: Mobile Phone GSM Simulated | N33: Pulsed | O33: 1.75 | P33: Rabbit - Infants NZ White | Q33: Effect | R33: 1 | S33: 0 | T33: 0 | U33: 1 | V33: 0 | W33: 0 | X33: 0 | Y33: 0 | Z33: 1 | AA33: 0 | AB33: 0 | AC33: 0 | AD33: 0 | AE33: 0 | AF33: 0 | AG33: 0 | AH33: 0 | AI33: 1 | AJ33: =IF(OR(AC33=1,AE33=1),1,0) -> 0 | AK33: =IF(OR(AF33=1,AG33=1),1,0) -> 0 | AL33: =IF(OR(AD33=1,AH33=1,AI33=1),1,0) -> 1 | AM33: =IF(OR(AD33=1,AH33=1),1,0) -> 0 | AN33: https://www.ncbi.nlm.nih.gov/pubmed/19108901
A34: 1282 | B34: Effects of GSM-like radiofrequency on distortion product otoacoustic emissions in pregnant adult rabbits | C34: Outcomes: The data showed that the mean DPOAE amplitudes of the adult exposure group were significantly lower than the values of the other three groups. The mean DPOAE amplitudes of the infant exposure group were significantly higher than those of the other three groups. Harmful effects of GSM-like 1800 MHz radiofrequency exposure were detected more in the adult female rabbits than infant female rabbits. Prolonged exposure and related temperature increase in the ear canal may decrease the DPOAE amplitudes. Water containing medium in the middle ear of infant rabbits may play a protective role from radiofrequency damage. | D34: Budak GG, Muluk NB, Budak B, Oztürk GG, Apan A, Seyhan N. | E34: 40026 | F34: UHF (300 MHz-3 GHz) studies | L34: Simulated | M34: Mobile Phone GSM Simulated | N34: Pulsed | O34: 1.75 | P34: Rabbit - Infants NZ White | Q34: Effect | R34: 1 | S34: 0 | T34: 0 | U34: 1 | V34: 0 | W34: 0 | X34: 0 | Y34: 0 | Z34: 1 | AA34: 0 | AB34: 0 | AC34: 0 | AD34: 0 | AE34: 0 | AF34: 0 | AG34: 0 | AH34: 0 | AI34: 1 | AJ34: =IF(OR(AC34=1,AE34=1),1,0) -> 0 | AK34: =IF(OR(AF34=1,AG34=1),1,0) -> 0 | AL34: =IF(OR(AD34=1,AH34=1,AI34=1),1,0) -> 1 | AM34: =IF(OR(AD34=1,AH34=1),1,0) -> 0 | AN34: https://www.emf-portal.org/en/article/17147
A35: 1399 | B35: No effects of UMTS exposure on the function of rat outer hair cells | C35: Aim: To investigate the possible influence of UMTS electromagnetic field exposure on cochlear outer hair cells functionality. Background/further details: 60 male rats were exposed (n=24) or sham exposed (n=24). In the positive control group (n=12), animals received injections with kanamycin (250 mg/kg; a toxic drug that effects cochlear function). Outcomes: No significant differences were found between the audiological signals recorded from the different experimental groups. The toxic effect of kanamycin has been confirmed. No significant effect was found, showing no correlation between exposure to electromagnetic fields at UMTS frequency and hearing function of rats assessed by measurement of DPOAE. | D35: Galloni P, Lopresto V, Parazzini M, Pinto R, Piscitelli M, Ravazzani P, Marino C. | E35: 39995 | F35: UHF (300 MHz-3 GHz) studies | J35: 10 | L35: Simulated | M35: UMTS Simulated | N35: Pulsed | O35: 40 | P35: Rats - Sprague Dawley | Q35: No Effect | R35: 0 | S35: 0 | T35: 0 | U35: 1 | V35: 0 | W35: 0 | X35: 0 | Y35: 0 | Z35: 1 | AA35: 0 | AB35: 0 | AC35: 1 | AD35: 0 | AE35: 0 | AF35: 0 | AG35: 0 | AH35: 0 | AI35: 0 | AJ35: =IF(OR(AC35=1,AE35=1),1,0) -> 1 | AK35: =IF(OR(AF35=1,AG35=1),1,0) -> 0 | AL35: =IF(OR(AD35=1,AH35=1,AI35=1),1,0) -> 0 | AM35: =IF(OR(AD35=1,AH35=1),1,0) -> 0 | AN35: https://www.emf-portal.org/en/article/16827
A36: 1400 | B36: Effects of 900 MHz electromagnetic fields exposure on cochlear cells' functionality in rats: evaluation of distortion product otoacoustic emissions | C36: Abstract In recent years, the widespread use of mobile phones has been accompanied by public debate about possible adverse consequences on human health. The auditory system is a major target of exposure to electromagnetic fields (EMF) emitted by cellular telephones; the aim of this study was the evaluation of possible effects of cellular phone-like emissions on the functionality of rat's cochlea. Distortion Products OtoAcoustic Emission (DPOAE) amplitude was selected as cochlea's outer hair cells (OHC) status indicator. A number of protocols, including different frequencies (the lower ones in rat's cochlea sensitivity spectrum), intensities and periods of exposure, were used; tests were carried out before, during and after the period of treatment. No significant variation due to exposure to microwaves has been evidenced. | D36: Galloni P, Lovisolo GA, Mancini S, Parazzini M, Pinto R, Piscitelli M, Ravazzani P, Marino C. | E36: 38626 | F36: UHF (300 MHz-3 GHz) studies | J36: 1 | L36: Real | M36: Mobile Phone 2G GSM | N36: Pulsed | O36: 15 | P36: Rats - Sprague Dawley | Q36: No Effect | R36: 0 | S36: 0 | T36: 0 | U36: 1 | V36: 0 | W36: 0 | X36: 0 | Y36: 0 | Z36: 1 | AA36: 0 | AB36: 0 | AC36: 1 | AD36: 1 | AE36: 0 | AF36: 0 | AG36: 0 | AH36: 0 | AI36: 0 | AJ36: =IF(OR(AC36=1,AE36=1),1,0) -> 1 | AK36: =IF(OR(AF36=1,AG36=1),1,0) -> 0 | AL36: =IF(OR(AD36=1,AH36=1,AI36=1),1,0) -> 1 | AM36: =IF(OR(AD36=1,AH36=1),1,0) -> 1 | AN36: https://www.emf-portal.org/en/article/12285
A37: 1402 | B37: Electromagnetic fields from mobile phones do not affect the inner auditory system of Sprague-Dawley rats | C37: Abstract The auditory system is the first biological structure facing the electromagnetic fields emitted by mobile phones. The aim of this study was to evaluate the cochlear functionality of Sprague-Dawley rats exposed to electromagnetic fields at the typical frequencies of GSM mobile phones (900 and 1800 MHz) by distortion product otoacoustic emissions, which are a well-known indicator of the status of the cochlea's outer hair cells. A population of 48 rats was divided into exposed and sham-exposed groups. Three sets of four loop antennas, one for sham-exposed animals and two for exposed animals, were used for the local exposures. Rats were exposed 2 h/day, 5 days/week for 4 weeks at a local SAR of 2 W/kg in the ear. Distortion product otoacoustic emissions tests were carried out before, during and after the exposure. The analysis of the data shows no statistically significant differences between the audiological signals recorded for the different groups. | D37: Galloni P, Parazzini M, Piscitelli M, Pinto R, Lovisolo GA, Tognola G, Marino C, Ravazzani P. | E37: 38687 | F37: UHF (300 MHz-3 GHz) studies | J37: 2 | L37: Simulated | M37: Mobile Phone GSM Simulated | N37: Pulsed | O37: 40 | P37: Rats - Sprague Dawley | Q37: No Effect | R37: 0 | S37: 0 | T37: 0 | U37: 1 | V37: 0 | W37: 0 | X37: 0 | Y37: 0 | Z37: 1 | AA37: 0 | AB37: 0 | AC37: 1 | AD37: 1 | AE37: 0 | AF37: 0 | AG37: 0 | AH37: 0 | AI37: 0 | AJ37: =IF(OR(AC37=1,AE37=1),1,0) -> 1 | AK37: =IF(OR(AF37=1,AG37=1),1,0) -> 0 | AL37: =IF(OR(AD37=1,AH37=1,AI37=1),1,0) -> 1 | AM37: =IF(OR(AD37=1,AH37=1),1,0) -> 1 | AN37: https://www.emf-portal.org/en/article/12902
A38: 1480 | B38: Effect of chronic exposure to cellular telephone electromagnetic fields on hearing in rats | C38: Abstract OBJECTIVE: To study the effects of the electromagnetic field emitted by cellular telephones upon the inner ear of rats, using distortion product otoacoustic emissions. METHODS: Forty Wistar Albino rats were used. Twenty newborn and 20 adult rats were divided into two groups of 10, one to participate in the study and one as a control. The rats were exposed to the electromagnetic field for 6 hours per day, for 30 consecutive days. Before and after the 30 day exposure period, distortion product otoacoustic emissions were measured in each group and a signal-to-noise ratio calculated, which was later used in statistical analysis. RESULTS: For both the newborn and adult rat groups, there was no significant difference in distortion product otoacoustic emissions recorded before and after exposure to the cellular telephone electromagnetic field (p>0.05). CONCLUSION: Exposure to the electromagnetic field emitted by cellular telephones, for 6 hours a day for 30 consecutive days, had no effect on the hearing of newborn or adult rats, at the outer ear, middle ear or cochlear level. | D38: Kayabasoglu G, Sezen OS, Eraslan G, Aydin E, Coskuner T, Unver S. | E38: 39904 | F38: UHF (300 MHz-3 GHz) studies | G38: 1800 | H38: 900 | J38: 0.934 | L38: Real | M38: Mobile Phone 3G GSM | N38: Pulsed | O38: 180 | P38: Rats - Wistar Albino | Q38: No Effect | R38: 0 | S38: 0 | T38: 0 | U38: 1 | V38: 0 | W38: 0 | X38: 0 | Y38: 0 | Z38: 1 | AA38: 0 | AB38: 0 | AC38: 0 | AD38: 0 | AE38: 0 | AF38: 0 | AG38: 0 | AH38: 0 | AI38: 1 | AJ38: =IF(OR(AC38=1,AE38=1),1,0) -> 0 | AK38: =IF(OR(AF38=1,AG38=1),1,0) -> 0 | AL38: =IF(OR(AD38=1,AH38=1,AI38=1),1,0) -> 1 | AM38: =IF(OR(AD38=1,AH38=1),1,0) -> 0 | AN38: https://www.emf-portal.org/en/article/18747
A39: 1498 | B39: Effects of chronic exposure of electromagnetic fields from mobile phones on hearing in rats | C39: Abstract OBJECTIVE: Little attention has been paid to the effects of electromagnetic field (EMF) of mobile phones on hearing. The aim of this study is to investigate the effects of chronic exposure to EMF emitting from mobile phones on the inner ear of adult and developing rats using distortion product otoacoustic emissions (DPOAEs). METHODS: EMF of mobile phones exposure was scheduled according to a sham-exposure controlled experimental design. Every day seven of 14 adult and four newborn rats were exposed to 1-h mobile phone EMF for 30 days, while the other seven adult rats were assigned to control group. DPOAEs were measured in both groups before and after the chronic exposure to EMF. The newborn rats were tested following similar exposure beginning on the 2nd day after birth. RESULTS: No measurable EMF associated changes in DPOAEs either in adult or developing rat inner ears were determined (P>0.05). CONCLUSION: It was concluded that chronic exposure of EMF, as long as 30 days 1 h per day, emitting from a mobile phone did not cause any hearing deterioration in adult and developing rats, at least at outer and middle ear and cochlear levels. | D39: Kizilay A, Ozturan O, Erdem T, Kalcioglu MT, Miman MC. | E39: 37834 | F39: UHF (300 MHz-3 GHz) studies | J39: 0.95 | L39: Real | M39: Mobile Phone GSM | N39: Pulsed | O39: 30 | P39: Rats - Sprague Dawley Male | Q39: No Effect | R39: 0 | S39: 0 | T39: 0 | U39: 1 | V39: 0 | W39: 0 | X39: 0 | Y39: 0 | Z39: 1 | AA39: 0 | AB39: 0 | AC39: 0 | AD39: 0 | AE39: 0 | AF39: 0 | AG39: 0 | AH39: 0 | AI39: 1 | AJ39: =IF(OR(AC39=1,AE39=1),1,0) -> 0 | AK39: =IF(OR(AF39=1,AG39=1),1,0) -> 0 | AL39: =IF(OR(AD39=1,AH39=1,AI39=1),1,0) -> 1 | AM39: =IF(OR(AD39=1,AH39=1),1,0) -> 0 | AN39: https://www.ncbi.nlm.nih.gov/pubmed/12927285
A40: 1560 | B40: Effects of microwaves (900 MHz) on the cochlear receptor: exposure systems and preliminary results | C40: Abstract The purpose of this paper is to present the experimental device and the work in progress performed in search for objective organic correlation of damage to hearing, examining possible acoustic otofunctional effects on the cochlear epithelium of the rat due to exposure to microwaves (900 MHz). Two experiments using male Sprague-Dawley rats were carried out with a far-field exposure in a cubic chamber. No statistically significant evidence was obtained at both specific absorption rate (SAR) values. The exposure system and the diagnostic apparatus are extremely useful to investigate a potential effect on the auditory system: however, with the parameters applied in these experiments, no evidence was observed. | D40: Marino C, Cristalli G, Galloni P, Pasqualetti P, Piscitelli M, Lovisolo GA. | E40: 36586 | F40: UHF (300 MHz-3 GHz) studies | L40: Simulated | M40: RF Signal Generator | N40: Not Stated | O40: 0 | P40: Rats - Sprague Dawley | Q40: No Effect | R40: 0 | S40: 0 | T40: 0 | U40: 1 | V40: 0 | W40: 0 | X40: 0 | Y40: 0 | Z40: 1 | AA40: 0 | AB40: 0 | AC40: 0 | AD40: 0 | AE40: 0 | AF40: 0 | AG40: 0 | AH40: 0 | AI40: 1 | AJ40: =IF(OR(AC40=1,AE40=1),1,0) -> 0 | AK40: =IF(OR(AF40=1,AG40=1),1,0) -> 0 | AL40: =IF(OR(AD40=1,AH40=1,AI40=1),1,0) -> 1 | AM40: =IF(OR(AD40=1,AH40=1),1,0) -> 0 | AN40: https://www.ncbi.nlm.nih.gov/pubmed/10929382
A41: 1617 | B41: Possible combined effects of 900 MHZ continuous-wave electromagnetic fields and gentamicin on the auditory system of rats | C41: Abstract The aim of this study was to evaluate the cochlear functionality of Sprague-Dawley rats exposed to electromagnetic fields at 900 MHz and to gentamicin by distortion product otoacoustic emissions, which are a well-known indicator of the status of the cochlea's outer hair cells. A population of 32 rats was divided into four groups: group 1 was treated with daily intramuscular injections of 150 mg/kg body weight gentamicin for 15 days; group 2 was treated with daily intramuscular injections of 150 mg/kg body weight gentamicin for 15 days and exposed to electromagnetic fields; group 3 was exposed to electromagnetic fields; group 4 was sham-exposed. Rats were exposed 2 h/day, 5 days/week for 4 weeks at a local SAR of 4 W/kg in the ear (continuous wave at 900 MHz). Distortion product otoacoustic emissions tests were carried out before, during and after the combined exposure. The analysis of the data showed no subchronic exposure to electromagnetic fields on the inner auditory system of rats in either normal ears or ears exposed to a well-recognized pathological agent. | D41: Parazzini M, Galloni P, Piscitelli M, Pinto R, Lovisolo GA, Tognola G, Ravazzani P, Marino C. | E41: 39203 | F41: UHF (300 MHz-3 GHz) studies | J41: 4 | L41: Simulated | M41: Microwave | N41: Continuous | O41: 0 | P41: Rats - Sprague Dawley Male | Q41: No Effect | R41: 0 | S41: 0 | T41: 0 | U41: 1 | V41: 0 | W41: 0 | X41: 0 | Y41: 0 | Z41: 1 | AA41: 0 | AB41: 0 | AC41: 1 | AD41: 0 | AE41: 0 | AF41: 0 | AG41: 0 | AH41: 0 | AI41: 0 | AJ41: =IF(OR(AC41=1,AE41=1),1,0) -> 1 | AK41: =IF(OR(AF41=1,AG41=1),1,0) -> 0 | AL41: =IF(OR(AD41=1,AH41=1,AI41=1),1,0) -> 0 | AM41: =IF(OR(AD41=1,AH41=1),1,0) -> 0 | AN41: https://www.ncbi.nlm.nih.gov/pubmed/17474791
A42: 1647 | B42: Effects of the Universal Mobile Telecommunication System on Hearing in Rats | C42: Abstract Aim: The aim of the study was to asses the potential effects of universal mobile telecommunication system (UMTS) waves on inner ear and compare with those of the well-known ototoxic agent amikacin. Material and Method: The study examined 24 healthy female Wistar albino rats in three groups of eight. The UMTS group was exposed to UMTS waves for 30 minutes per day for 90 days; the Amikacin group was given 200 mg/kg amikacin intramuscularly for 15 days; and the control group was not exposed to magnetic fields and was not given amikacin for 90 days. The hearing status of the rats were evaluated using distortion product otoacoustic emission before and after exposure. Results: Comparing the results before and after exposure to UMTS waves, there was no significant difference in the distortion product gram in the UMTS and control groups, whereas measurements showed significant deterioration in the Amikacin group after exposure. Discussion: Exposure to UMTS waves for 30 min per day for 90 days had no statistically significant effect on hearing in rats Full Text Available | D42: Salturk, Z. Topaloğlu2 I, Berkiten G, Uğraş H, Bal M, | E42: 41456 | F42: UHF (300 MHz-3 GHz) studies | G42: 2200 | H42: 1700 | J42: 0.718 | L42: Real | M42: Mobile Phone UMTS | O42: 15 | P42: Rats - Wistar Albino Female | Q42: No Effect | R42: 0 | S42: 0 | T42: 0 | U42: 1 | V42: 0 | W42: 0 | X42: 0 | Y42: 0 | Z42: 1 | AA42: 0 | AB42: 0 | AC42: 0 | AD42: 0 | AE42: 0 | AF42: 0 | AG42: 0 | AH42: 0 | AI42: 1 | AJ42: =IF(OR(AC42=1,AE42=1),1,0) -> 0 | AK42: =IF(OR(AF42=1,AG42=1),1,0) -> 0 | AL42: =IF(OR(AD42=1,AH42=1,AI42=1),1,0) -> 1 | AM42: =IF(OR(AD42=1,AH42=1),1,0) -> 0 | AN42: https://www.researchgate.net/publication/289414099_Effects_of_the_universal_mobile_telecommunication_system_on_hearing_in_rats
A43: 1879 | B43: Is cochlear outer hair cell function affected by mobile telephone radiation? | C43: Abstract Mobile telephones emit high-frequency pulsed electromagnetic fields (PEMF). These are known to have measurable biological effects, and possible effects on the auditory system. Otoacoustic emissions give an indication of the functional state of the auditory system. Otoacoustics are known to be highly specific for the individual when the test pulse is identical. In this way, subtle changes in the ear can be detected. We investigated whether there is a measurable effect on Otoacoustic emissions from PEMF radiation. A total of 12 volunteers were recruited who had normal hearing; confirmed by pure tone audiometry. An Otoacoustic emission trace was obtained. The test subjects were exposed to a mobile telephone that was placed over the test ears mastoid process. The subjects had Otoacoustic emissions measured without the telephone and again on receive and transmit. There was no change in the trace signature during the test. There was no statistically significant change in the trace figures. This would indicate that PEMF from commonly available hand held mobile telephones have no measurable effect on the outer hair cell function during the time of use. | D43: Monnery PM, Srouji EI, Bartlett J. | E43: 38295 | F43: UHF (300 MHz-3 GHz) studies | G43: 1800 | H43: 900 | L43: Real | M43: Mobile Phone GSM | N43: Pulsed | O43: 0 | P43: Human - Volunteers | Q43: No Effect | R43: 0 | S43: 0 | T43: 0 | U43: 0 | V43: 0 | W43: 0 | X43: 0 | Y43: 0 | Z43: 0 | AA43: 1 | AB43: 0 | AC43: 0 | AD43: 0 | AE43: 0 | AF43: 0 | AG43: 0 | AH43: 0 | AI43: 1 | AJ43: =IF(OR(AC43=1,AE43=1),1,0) -> 0 | AK43: =IF(OR(AF43=1,AG43=1),1,0) -> 0 | AL43: =IF(OR(AD43=1,AH43=1,AI43=1),1,0) -> 1 | AM43: =IF(OR(AD43=1,AH43=1),1,0) -> 0 | AN43: https://www.emf-portal.org/en/article/11425
A44: 1880 | B44: A study of the effects of cellular telephone microwave radiation on the auditory system in healthy men | C44: Abstract We conducted a study of the effects of mobile cellular telephone microwave radiation on the auditory system in 20 healthy men. After the subjects underwent baseline measurements of transient evoked otoacoustic emission (TEOAE) and auditory brainstem response (ABR), they participated in three sessions of exposure to an electromagnetic field of 900 to 1,800 MHz produced by a cellular phone. Sessions ranged from 15 to 30 minutes in length. TEOAE and ABR were again measured after or during each exposure. Throughout the study, no significant changes in either measurement were noted. We conclude that the use of cellular phones does not alter the auditory system in the short-term. | D44: Mora R, Crippa B, Mora F, Dellepiane M. | E44: 38777 | F44: UHF (300 MHz-3 GHz) studies | G44: 1800 | H44: 900 | L44: Real | M44: Mobile Phone GSM | N44: Pulsed | O44: 0.5 | P44: Human - Volunteers | Q44: No Effect | R44: 0 | S44: 0 | T44: 0 | U44: 0 | V44: 0 | W44: 0 | X44: 0 | Y44: 0 | Z44: 0 | AA44: 1 | AB44: 0 | AC44: 0 | AD44: 0 | AE44: 0 | AF44: 0 | AG44: 0 | AH44: 0 | AI44: 1 | AJ44: =IF(OR(AC44=1,AE44=1),1,0) -> 0 | AK44: =IF(OR(AF44=1,AG44=1),1,0) -> 0 | AL44: =IF(OR(AD44=1,AH44=1,AI44=1),1,0) -> 1 | AM44: =IF(OR(AD44=1,AH44=1),1,0) -> 0 | AN44: https://www.emf-portal.org/en/article/13780
A45: 1883 | B45: Potential adverse affectscof UMTS electromagnetic fields generated by mobile phones on the human inner ear: A European project (EMFNEAR) | C45: Abstract To answer concerns as to the potential effects of electromagnetic fields (EMF) generated by third generation mobile phones on the inner ear, the European Commission funded project "EMFNEAR" assessed potential changes in auditory function induced by UMTS field both in humans and in laboratory animals. The purpose of this paper is to present the final outcomes of the project in humans. Normally hearing subjects (18-30 years old) were exposed to 20 min UMTS or sham exposure in a double-blind controlled study. Two different EMF field strengths were used: SAR of 0.069 Wkg using a commercially available phone and SAR of 1.75 Wkg using a patch antenna. Audiological assessment, involving pure tone audiometry, distortion product otoacoustic emissions, effects of contralateral acoustic stimulation on Transiently evoked otoacoustic emissions and late cognitive potentials (P300), were performed before and immediately after real or sham exposures. Results showed no effects of acute UMTS electromagnetic fields exposure on the inner auditory system of humans. | D45: Moulin, A.M., Parazzini, M., Lutman, M.E., Thuroczy, G., Sliwinska-Kowalska, M., Tavarkiladze, G., Uloziene, I., Uloza, V., Mishra, S.,Collet. L. and Ravazzani, P. | E45: 39600 | F45: UHF (300 MHz-3 GHz) studies | J45: 0.69 | L45: Real | M45: Mobile Phone UMTS | N45: Pulsed | O45: 0.33333333 | P45: Human - Volunteers | Q45: No Effect | R45: 0 | S45: 0 | T45: 0 | U45: 0 | V45: 0 | W45: 0 | X45: 0 | Y45: 0 | Z45: 0 | AA45: 1 | AB45: 0 | AC45: 1 | AD45: 0 | AE45: 0 | AF45: 0 | AG45: 0 | AH45: 0 | AI45: 0 | AJ45: =IF(OR(AC45=1,AE45=1),1,0) -> 1 | AK45: =IF(OR(AF45=1,AG45=1),1,0) -> 0 | AL45: =IF(OR(AD45=1,AH45=1,AI45=1),1,0) -> 0 | AM45: =IF(OR(AD45=1,AH45=1),1,0) -> 0 | AN45: https://www.researchgate.net/publication/5324037_Potential_adverse_effects_of_UMTS_electromagnetic_fields_generated_by_mobile_phones_on_the_human_inner_ear_A_European_project_EMFNEAR
A46: 1891 | B46: Effects of the acute exposure to the electromagnetic field of mobile phones on human auditory brainstem responses | C46: Abstract The purpose of this study was to evaluate the short-term effects of the electromagnetic fields (EMF) of mobile phones on human auditory brainstem responses. This prospective study of healthy adults evaluated the influence of EMF. Eighteen healthy adult volunteers participated in this study. Mobile telephones emitting signals in the region of 900 MHz and with the highest SAR value of 0.82 W/kg were positioned in direct contact to the right ear, which was exposed to the phone signal for 15 min before and after ABR testing with click stimuli of 60 and 80 dB nHL intensities. The latencies of the waves and interwave latencies were measured on screen by an experienced audiologist. The differences of the mean latencies of waves I, III and IV were not significant in initial and post-exposure ABR measurements at both 60 and 80 dB nHL stimulus levels ( P >0.05). Similarly, differences of the mean interwave intervals I-III, I-V and III-V remained insignificant at the initial and postexposure ABR measurements at stimulus levels of both 60 and 80 dB nHL ( P >0.05). Acute exposure to the EMF of mobile phones does not cause perturbations in ABR latencies. However, these negative results should not encourage excessive mobile communication, because minor biological and neurophysiological influences may not be detectable by the current technology. | D46: Oysu C, Topak M, Celik O, Yilmaz HB, Sahin AA. | E46: 38408 | F46: UHF (300 MHz-3 GHz) studies | J46: 0.82 | L46: Real | M46: Mobile Phone GSM | N46: Pulsed | O46: 0.25 | P46: Human - Volunteers | Q46: No Effect | R46: 0 | S46: 0 | T46: 0 | U46: 0 | V46: 0 | W46: 0 | X46: 0 | Y46: 0 | Z46: 0 | AA46: 1 | AB46: 0 | AC46: 0 | AD46: 0 | AE46: 0 | AF46: 0 | AG46: 0 | AH46: 0 | AI46: 1 | AJ46: =IF(OR(AC46=1,AE46=1),1,0) -> 0 | AK46: =IF(OR(AF46=1,AG46=1),1,0) -> 0 | AL46: =IF(OR(AD46=1,AH46=1,AI46=1),1,0) -> 1 | AM46: =IF(OR(AD46=1,AH46=1),1,0) -> 0 | AN46: https://www.ncbi.nlm.nih.gov/pubmed/15731903
A47: 1892 | B47: Effects of the electromagnetic field of mobile telephones on hearing | C47: Abstract The widespread use of mobile telephones has given rise to concern about the potential influences of electromagnetic fields (EMFs) on human health. Anatomically, the ear is in close proximity to the mobile telephone during use. Hearing loss due to mobile telephone use has not been described in the medical literature; however, if there is a subtle cochlear involvement, it might be detected by means of changes in evoked otoacoustic emissions (OAEs). Thirty volunteers with normal hearing were exposed to mobile telephone EMFs for 10 min and evoked OAEs were measured before and after exposure. No measurable change in evoked OAEs was detected and none of the subjects reported a deterioration in hearing level. To the best of our knowledge, this is the first study on the effects of EMFs emitted by mobile telephones on hearing. It was concluded that a 10-min exposure to the EMF emitted from a mobile telephone had no effect on hearing, at least at outer ear, middle ear and cochlear levels. | D47: Ozturan O, Erdem T, Miman MC, Kalcioglu MT, Oncel S. | E47: 37347 | F47: UHF (300 MHz-3 GHz) studies | L47: Real | M47: Mobile Phone GSM | N47: Pulsed | O47: 0.16666667 | P47: Human - Volunteers | Q47: No Effect | R47: 0 | S47: 0 | T47: 0 | U47: 0 | V47: 0 | W47: 0 | X47: 0 | Y47: 0 | Z47: 0 | AA47: 1 | AB47: 0 | AC47: 0 | AD47: 0 | AE47: 0 | AF47: 0 | AG47: 0 | AH47: 0 | AI47: 1 | AJ47: =IF(OR(AC47=1,AE47=1),1,0) -> 0 | AK47: =IF(OR(AF47=1,AG47=1),1,0) -> 0 | AL47: =IF(OR(AD47=1,AH47=1,AI47=1),1,0) -> 1 | AM47: =IF(OR(AD47=1,AH47=1),1,0) -> 0 | AN47: https://www.emf-portal.org/en/article/8779
A48: 1893 | B48: Analysis of time-frequency fine structure of transiently evoked otoacoustic emissions to study the effects of exposure to GSM radio frequency fields | C48: Abstract Mobile phones have become very commonly used throughout the world within a short period of time. To date there is only limited knowledge about interaction between electromagnetic fields (EMFs) emitted by mobile phones and the auditory function. Moreover, there is widespread concern that there may be potential for harm. The aim of this study, performed in the framework of the European Commission Project GUARD “Potential adverse effects of GSM cellular phones on hearing” (5FP, QLK4‐CT‐2001‐00150, 2002‐2004), was to assess potential subtle changes in cochlear function of normal hearing subjects by measuring the time‐frequency fine structure of TEOAEs after exposure to low‐intensity EMFs emitted by GSM mobile phones. TEOAEs were recorded in 27 healthy young adults before and after 10 min of real or sham exposure in a double‐blind design. TEOAE data were analyzed both globally (broadband analysis) and using the wavelet transform (analysis of time‐frequency fine structure). The broadband analysis revealed no significant effect on TEOAEs related to exposure, confirming results of previous studies; in addition, no significant change was detected in the analysis of the elementary wavelet components, suggesting that a 10‐min exposure to EMFs emitted by GSM mobile phones has no immediate after‐effect on TEOAE time‐frequency fine structure. Related to paper with ID: 1894 | D48: Paglialonga A, Tognola G, Parazzini M, Lutman ME, Bell SL, Thuroczy G, Ravazzani P. | E48: 39356 | F48: UHF (300 MHz-3 GHz) studies | J48: 0.41 | L48: Real | M48: Mobile Phone GSM | N48: Pulsed | O48: 0.16666667 | P48: Human - Volunteers | Q48: No Effect | R48: 0 | S48: 0 | T48: 0 | U48: 0 | V48: 0 | W48: 0 | X48: 0 | Y48: 0 | Z48: 0 | AA48: 1 | AB48: 0 | AC48: 1 | AD48: 0 | AE48: 0 | AF48: 0 | AG48: 0 | AH48: 0 | AI48: 0 | AJ48: =IF(OR(AC48=1,AE48=1),1,0) -> 1 | AK48: =IF(OR(AF48=1,AG48=1),1,0) -> 0 | AL48: =IF(OR(AD48=1,AH48=1,AI48=1),1,0) -> 0 | AM48: =IF(OR(AD48=1,AH48=1),1,0) -> 0 | AN48: https://www.emf-portal.org/en/article/15115
A49: 1894 | B49: Effects of mobile phone exposure on time frequency fine structure of transiently evoked otoacoustic emissions | C49: Abstract Mobile phones have become very commonly used worldwide within a short period of time. To date there is only limited knowledge about interaction between electromagnetic fields (EMFs) emitted by mobile phones and the auditory function. Moreover, there is widespread concern that there may be potential for harm. The aim of this study was to assess potential subtle changes in cochlear function by measuring the temporal and spectral fine structure of transiently evoked otoacoustic emissions (TEOAE) in normal hearing subjects after exposure to EMFs emitted by Global System for Mobile Communication (GSM) mobile phones. TEOAEs were recorded in 27 healthy young adults before and after 10 min of real or sham exposure in a double-blind design. TEOAE data were analyzed both globally (broadband analysis) and using the Wavelet Transform (analysis of the time-frequency fine structure). The broadband analysis revealed no significant effect on TEOAEs related to exposure, confirming results of previous studies; in addition, no significant change was detected in the analysis of the elementary wavelet components, suggesting that the temporal and spectral fine structure of TEOAEs is not affected by 10 min exposure to low-intensity EMFs emitted by GSM mobile phones. Related to paper with ID: 1893 | D49: Paglialonga A, Tognola G, Parazzini M, Lutman ME, Bell SL, Thuroczy G, Ravazzani P. | E49: 39289 | F49: UHF (300 MHz-3 GHz) studies | J49: 0.41 | L49: Real | M49: Mobile Phone GSM | N49: Pulsed | O49: 0.16666667 | P49: Human - Volunteers | Q49: No Effect | R49: 0 | S49: 0 | T49: 0 | U49: 0 | V49: 0 | W49: 0 | X49: 0 | Y49: 0 | Z49: 0 | AA49: 1 | AB49: 0 | AC49: 1 | AD49: 0 | AE49: 0 | AF49: 0 | AG49: 0 | AH49: 0 | AI49: 0 | AJ49: =IF(OR(AC49=1,AE49=1),1,0) -> 1 | AK49: =IF(OR(AF49=1,AG49=1),1,0) -> 0 | AL49: =IF(OR(AD49=1,AH49=1,AI49=1),1,0) -> 0 | AM49: =IF(OR(AD49=1,AH49=1),1,0) -> 0 | AN49: https://www.emf-portal.org/en/article/15115
A50: 1897 | B50: Influence on the mechanisms of generation of distortion product otoacoustic emissions of mobile phone exposure | C50: Abstract Mobile phones have become very commonly used throughout the world within a short period of time. Although there is no clear evidence to show harmful physiological effects of electromagnetic fields (EMF) at the levels used by mobile phones, there is widespread public concern that there may be potential for harm. Because mobile phones are usually held close to the ear, it is appropriate to study effects on hearing. In this study, the outer hair cell function of 15 subjects was assessed by DPOAE recording before and after a controlled EMF exposure. To increase the sensitivity of DPOAE recording to identify even small changes in hearing function, an inverse fast Fourier transform (IFFT) analysis and time-domain windowing was applied to separate the two generation mechanisms of DPOAE, the so-called place-fixed and wave-fixed mechanisms, in order to verify if EMF can affects the two DPOAE emission mechanisms. Statistical analysis of the data showed that 10 min of EMF exposure at the maximum power (2 W at 900 MHz or 1 W at 1800 MHz) does not induce any changes in either DPOAE generation mechanism. | D50: Parazzini M, Bell S, Thuroczy G, Molnar F, Tognola G, Lutman ME, Ravazzani P. | E50: 38626 | F50: UHF (300 MHz-3 GHz) studies | J50: 0.41 | L50: Real | M50: Mobile Phone GSM | N50: Pulsed | O50: 0.16666667 | P50: Human - Volunteers | Q50: No Effect | R50: 0 | S50: 0 | T50: 0 | U50: 0 | V50: 0 | W50: 0 | X50: 0 | Y50: 0 | Z50: 0 | AA50: 1 | AB50: 0 | AC50: 1 | AD50: 0 | AE50: 0 | AF50: 0 | AG50: 0 | AH50: 0 | AI50: 0 | AJ50: =IF(OR(AC50=1,AE50=1),1,0) -> 1 | AK50: =IF(OR(AF50=1,AG50=1),1,0) -> 0 | AL50: =IF(OR(AD50=1,AH50=1,AI50=1),1,0) -> 0 | AM50: =IF(OR(AD50=1,AH50=1),1,0) -> 0 | AN50: https://www.emf-portal.org/en/article/12334
A51: 1898 | B51: Effects of GSM cellular phones on human hearing: the European project "GUARD" | C51: Abstract The European multicenter project named GUARD involved nine centers and aimed to assess potential changes in auditory function as a consequence of exposure to low-intensity electromagnetic fields (EMFs) produced by GSM cellular phones. Participants were healthy young adults without any evidence of hearing or ear disorders. Auditory function was assessed immediately before and after exposure to EMFs, and only the exposed ear was tested. The procedure was conducted twice in a double blinded design, once with a genuine EMF exposure and once with a sham exposure (at least 24 h apart). Tests for assessment of auditory function were hearing threshold level (HTL), transient otoacoustic emissions (TEOAE), distortion product otoacoustic emissions (DPOAE), and auditory brainstem response (ABR). The exposure consisted of speech at a typical conversational level delivered via an earphone to one ear, plus genuine or sham EMF exposure. The EMF exposure used the output of a software-controlled consumer cellular phone at full power for 10 min. A system of phone positioning that allowed participants to freely move their heads without affecting exposure was used. Analysis of the data showed there were no effects of exposure to GSM mobile phone signals on the main measures of the status of the auditory system. | D51: Parazzini M, Brazzale AR, Paglialonga A, Tognola G, Collet L, Moulin A, Lutman ME, Bell SL, Thomas NA, Uloziene I, Uloza V, Thuroczy G, Tavartkiladze G, Tsalighopoulos M, Kyriafinis G, Ravazzani P. | E51: 39387 | F51: UHF (300 MHz-3 GHz) studies | J51: 0.41 | L51: Real | M51: Mobile Phone GSM | N51: Pulsed | O51: 0.16666667 | P51: Human - Volunteers | Q51: No Effect | R51: 0 | S51: 0 | T51: 0 | U51: 0 | V51: 0 | W51: 0 | X51: 0 | Y51: 0 | Z51: 0 | AA51: 1 | AB51: 0 | AC51: 1 | AD51: 0 | AE51: 0 | AF51: 0 | AG51: 0 | AH51: 0 | AI51: 0 | AJ51: =IF(OR(AC51=1,AE51=1),1,0) -> 1 | AK51: =IF(OR(AF51=1,AG51=1),1,0) -> 0 | AL51: =IF(OR(AD51=1,AH51=1,AI51=1),1,0) -> 0 | AM51: =IF(OR(AD51=1,AH51=1),1,0) -> 0 | AN51: https://www.emf-portal.org/en/article/15262
A52: 1899 | B52: Absence of short-term effects of UMTS exposure on the human auditory system | C52: Abstract The aim of this study, which was performed in the framework of the European project EMFnEAR, was to investigate the potential effects of Universal Mobile Telecommunications System (UMTS, also known as 3G) exposure at a high specific absorption rate (SAR) on the human auditory system. Participants were healthy young adults with no hearing or ear disorders. Auditory function was assessed immediately before and after exposure to radiofrequency (RF) radiation, and only the exposed ear was tested. Tests for the assessment of auditory function were hearing threshold level (HTL), distortion product otoacoustic emissions (DPOAE), contralateral suppression of transiently evoked otoacoustic emission (CAS effect on TEOAE), and auditory evoked potentials (AEP). The exposure consisted of speech at a typical conversational level delivered via an earphone to one ear, plus genuine or sham RF-radiation exposure obtained by an exposure system based on a patch antenna and controlled by software. Results from 73 participants did not show any consistent pattern of effects on the auditory system after a 20-min UMTS exposure at 1947 MHz at a maximum SAR over 1 g of 1.75 W/kg at a position equivalent to the cochlea. Analysis entailed a double-blind comparison of genuine and sham exposure. It is concluded that short-term UMTS exposure at this relatively high SAR does not cause measurable immediate effects on the human auditory system. | D52: Parazzini M, Lutman ME, Moulin A, Barnel C, Sliwinska-Kowalska M, Zmyslony M, Hernadi I, Stefanics G, Thuroczy G, Ravazzani P. | E52: 40086 | F52: UHF (300 MHz-3 GHz) studies | J52: 1.75 | L52: Real | M52: Mobile Phone 3G GSM | N52: Pulsed | O52: 0 | P52: Human - Volunteers | Q52: No Effect | R52: 0 | S52: 0 | T52: 0 | U52: 0 | V52: 0 | W52: 0 | X52: 0 | Y52: 0 | Z52: 0 | AA52: 1 | AB52: 0 | AC52: 1 | AD52: 0 | AE52: 0 | AF52: 0 | AG52: 0 | AH52: 0 | AI52: 0 | AJ52: =IF(OR(AC52=1,AE52=1),1,0) -> 1 | AK52: =IF(OR(AF52=1,AG52=1),1,0) -> 0 | AL52: =IF(OR(AD52=1,AH52=1,AI52=1),1,0) -> 0 | AM52: =IF(OR(AD52=1,AH52=1),1,0) -> 0 | AN52: https://www.emf-portal.org/en/article/17723
A53: 2057 | B53: Exacerbation of demyelinating syndrome after exposure to wireless modem with public hotspot | C53: Abstract In August 2003, 48-year-old JS of Colorado, USA, a fitness therapist and sports nutritionist, contracted neuro invasive West Nile virus which left her with disabilities due to spinal axonal damage. In August 2014, she suddenly developed symptoms very much like her acute West Nile infection 11 years ago, including focal seizures, ataxia, vertigo and headaches. Her blood count looked normal so there was no obvious infection. What struck her as odd was that when she left her apartment for any length of time, the symptoms stopped. She found out that a new type of wireless modem, enabled for both personal use and functioning as a public hotspot designed to reach up to 100 m, had been installed in the flat under hers. Her neighbor replaced the modem with a router without the hotspot feature. After that, the seizures stopped immediately, and the other symptoms faded gradually, after which she was fine and again could sleep well. Later, when another activated hotspot was installed in an adjacent flat, JS once again noticed symptoms. A possible association between electrohypersensitivity, myelin integrity and exposure to low-intensity radiofrequency electromagnetic ﬁelds (RF-EMF) typical in the modern world has recently been proposed. Since the West Nile virus attacks both the nerve cells and the glial ones, one explanation to the above observed case effects is that the initial virus attack and the wireless modem's RF-EMF affect the nervous system through the very same, or similar, avenues, and maybe both via the oligodendrocytes. Ataxia: the loss of full control of bodily movements. | D53: Johansson O, Redmayne M. | E53: 42550 | F53: UHF (300 MHz-3 GHz) studies | L53: Real | M53: WiFi | N53: Pulsed | O53: 0 | P53: Human | Q53: Uncertain Effect | R53: 0 | S53: 0 | T53: 0 | U53: 0 | V53: 0 | W53: 0 | X53: 0 | Y53: 0 | Z53: 0 | AA53: 1 | AB53: 0 | AC53: 1 | AD53: 0 | AE53: 1 | AF53: 0 | AG53: 0 | AH53: 0 | AI53: 0 | AJ53: =IF(OR(AC53=1,AE53=1),1,0) -> 1 | AK53: =IF(OR(AF53=1,AG53=1),1,0) -> 0 | AL53: =IF(OR(AD53=1,AH53=1,AI53=1),1,0) -> 0 | AM53: =IF(OR(AD53=1,AH53=1),1,0) -> 0 | AN53: https://www.ncbi.nlm.nih.gov/labs/articles/27355805/
A54: 2362 | B54: Effects of exposure to 2100MHz GSM-like radiofrequency electromagnetic field on auditory system of rats | C54: Abstract INTRODUCTION: The use of mobile phones has become widespread in recent years. Although beneficial from the communication viewpoint, the electromagnetic fields (EMF) generated by mobile phones may cause unwanted biological changes in the human body. OBJECTIVE: In this study, we aimed to evaluate the effects of 2100MHz Global System for Mobile communication (GSM-like) electromagnetic field (EMF), generated by an EMF generator, on the auditory system of rats by using electrophysiological, histopathologic and immunohistochemical methods. METHODS: Fourteen adult Wistar albino rats were included in the study. The rats were divided randomly into two groups of seven rats each. The study group was exposed continuously for 30days to a 2100MHz EMF with a signal level (power) of 5.4dBm (3.47mW) to simulate the talk mode on a mobile phone. The control group was not exposed to the aforementioned EMF. After 30days, the Auditory Brainstem Responses (ABRs) of both groups were recorded and the rats were sacrificed. The cochlear nuclei were evaluated by histopathologic and immunohistochemical methods. RESULTS: The ABR records of the two groups did not differ significantly. The histopathologic analysis showed increased degeneration signs in the study group (p=0.007). In addition, immunohistochemical analysis revealed increased apoptotic index in the study group compared to that in the control group (p=0.002). CONCLUSION: The results support that long-term exposure to a GSM-like 2100MHz EMF causes an increase in neuronal degeneration and apoptosis in the auditory system Free Full Text Available | D54: Celiker M, Özgür A, Tümkaya L, Terzi S, Yılmaz M, Kalkan Y, Erdoğan E. | E54: 42675 | F54: UHF (300 MHz-3 GHz) studies | L54: Simulated | M54: Mobile Phone GSM (Talk) Simulated | N54: Pulsed | O54: 720 | P54: Rats - Wistar Albino | Q54: Effect | R54: 0 | S54: 0 | T54: 0 | U54: 1 | V54: 0 | W54: 0 | X54: 0 | Y54: 0 | Z54: 1 | AA54: 0 | AB54: 0 | AC54: 0 | AD54: 0 | AE54: 0 | AF54: 0 | AG54: 0 | AH54: 0 | AI54: 1 | AJ54: =IF(OR(AC54=1,AE54=1),1,0) -> 0 | AK54: =IF(OR(AF54=1,AG54=1),1,0) -> 0 | AL54: =IF(OR(AD54=1,AH54=1,AI54=1),1,0) -> 1 | AM54: =IF(OR(AD54=1,AH54=1),1,0) -> 0 | AN54: https://pubmed.ncbi.nlm.nih.gov/27865708/
A55: 2373 | B55: Effects on auditory function of chronic exposure to electromagnetic fields from mobile phones | C55: Abstract The widespread use of mobile phones has given rise to apprehension regarding the possible hazardous health effects of high-frequency electromagnetic fields (EMFs) on auditory function. We conducted a study to investigate the effects of long-term (>4 yr) exposure to EMFs emitted by mobile phones on auditory function. Our study population was made up of 40 healthy medical students-31 men and 9 women, aged 20 to 30 years (mean 22.7). Of this group, 31 subjects typically held their phone to the right ear and 9 to the left ear; the non-phone-using ear served as each subject's control ear. The phone-using subjects were also split into two groups of 20 based on the duration of their daily phone use (≤60 min vs. >60 min). All subjects underwent pure-tone audiometry, speech audiometry, impedance audiometry, and brainstem evoked response audiometry (BERA), and comparisons were made between the phone-using ear and the control ear and between the shorter and longer duration of daily use. We found no statistically significant differences in high-frequency pure-tone average between the phone-using ears and the control ears (p = 0.69) or between the shorter- and longer-duration phone-using ears (p = 0.85). Moreover, statistical analysis of BERA findings revealed no significant differences between the phone-using ears and the control ears in terms of wave I-III, III-V, and I-V interpeak latencies (p = 0.59, 0.74 and 0.44, respectively). None of the subjects reported any subjective symptoms, such as headache, tinnitus, or sensations of burning or warmth behind, around, or on the phone-using ear. We conclude that the long-term exposure to EMFs from mobile phones does not affect auditory function. | D55: Bhagat S, Varshney S, Bist SS, Goel D, Mishra S, Jha VK. | E55: 42583 | F55: UHF (300 MHz-3 GHz) studies | L55: Real | M55: Mobile Phone | N55: Pulsed | O55: 0 | P55: Human - Student Group | Q55: No Effect | R55: 0 | S55: 0 | T55: 0 | U55: 0 | V55: 0 | W55: 0 | X55: 0 | Y55: 0 | Z55: 1 | AA55: 0 | AB55: 1 | AC55: 0 | AD55: 0 | AE55: 0 | AF55: 0 | AG55: 0 | AH55: 0 | AI55: 1 | AJ55: =IF(OR(AC55=1,AE55=1),1,0) -> 0 | AK55: =IF(OR(AF55=1,AG55=1),1,0) -> 0 | AL55: =IF(OR(AD55=1,AH55=1,AI55=1),1,0) -> 1 | AM55: =IF(OR(AD55=1,AH55=1),1,0) -> 0 | AN55: https://www.emf-portal.org/en/article/30190
A56: 2832 | B56: Effect of Bluetooth headset and mobile phone electromagnetic fields on the human auditory nerve | C56: Abstract OBJECTIVES/HYPOTHESIS: The possibility that long-term mobile phone use increases the incidence of astrocytoma, glioma and acoustic neuroma has been investigated in several studies. Recently, our group showed that direct exposure (in a surgical setting) to cell phone electromagnetic fields (EMFs) induces deterioration of auditory evoked cochlear nerve compound action potential (CNAP) in humans. To verify whether the use of Bluetooth devices reduces these effects, we conducted the present study with the same experimental protocol. STUDY DESIGN: Randomized trial. METHODS: Twelve patients underwent retrosigmoid vestibular neurectomy to treat definite unilateral Ménière's disease while being monitored with acoustically evoked CNAPs to assess direct mobile phone exposure or alternatively the EMF effects of Bluetooth headsets. RESULTS: We found no short-term effects of Bluetooth EMFs on the auditory nervous structures, whereas direct mobile phone EMF exposure confirmed a significant decrease in CNAPs amplitude and an increase in latency in all subjects. CONCLUSIONS: The outcomes of the present study show that, contrary to the finding that the latency and amplitude of CNAPs are very sensitive to EMFs produced by the tested mobile phone, the EMFs produced by a common Bluetooth device do not induce any significant change in cochlear nerve activity. The conditions of exposure, therefore, differ from those of everyday life, in which various biological tissues may reduce the EMF affecting the cochlear nerve. Nevertheless, these novel findings may have important safety implications. Ménière's disease (MD) is a disorder of the inner ear that is characterised by episodes of feeling like the world is spinning (vertigo), ringing in the ears (tinnitus), hearing loss, and a fullness in the ear. | D56: Mandala M, Colletti V, Sacchetto L, Manganotti P, Ramat S, Marcocci A, Colletti L. | E56: 41754 | F56: UHF (300 MHz-3 GHz) studies | J56: 0.82 | L56: Real | M56: Mobile Phone | N56: Pulsed | O56: 0.083333333 | P56: Human - Patients Menière's disease | Q56: Effect | R56: 1 | S56: 0 | T56: 0 | U56: 0 | V56: 0 | W56: 0 | X56: 0 | Y56: 0 | Z56: 1 | AA56: 0 | AB56: 0 | AC56: 0 | AD56: 0 | AE56: 0 | AF56: 0 | AG56: 0 | AH56: 0 | AI56: 1 | AJ56: =IF(OR(AC56=1,AE56=1),1,0) -> 0 | AK56: =IF(OR(AF56=1,AG56=1),1,0) -> 0 | AL56: =IF(OR(AD56=1,AH56=1,AI56=1),1,0) -> 1 | AM56: =IF(OR(AD56=1,AH56=1),1,0) -> 0 | AN56: https://www.ncbi.nlm.nih.gov/pubmed/23619813
A57: 2844 | B57: Cell phone exposures and hearing loss in children in the Danish National Birth Cohort | C57: Abstract BACKGROUND: Children today are exposed to cell phones early in life, and may be the most vulnerable if exposure is harmful to health. We investigated the association between cell phone use and hearing loss in children. METHODS: The Danish National Birth Cohort (DNBC) enrolled pregnant women between 1996 and 2002. Detailed interviews were conducted during gestation, and when the children were 6 months, 18 months and 7 years of age. We used multivariable-adjusted logistic regression, marginal structural models (MSM) with inverse-probability weighting, and doubly robust estimation (DRE) to relate hearing loss at age 18 months to cell phone use at age 7 years, and to investigate cell phone use reported at age 7 in relation to hearing loss at age 7. RESULTS: Our analyses included data from 52 680 children. We observed weak associations between cell phone use and hearing loss at age 7, with odds ratios and 95% confidence intervals from the traditional logistic regression, MSM and DRE models being 1.21 [95% confidence interval [CI] 0.99, 1.46], 1.23 [95% CI 1.01, 1.49] and 1.22 [95% CI 1.00, 1.49], respectively. CONCLUSIONS: Our findings could have been affected by various biases and are not sufficient to conclude that cell phone exposures have an effect on hearing. This is the first large-scale epidemiologic study to investigate this potentially important association among children, and replication of these findings is needed. Full Free Text Available | D57: Sudan M, Kheifets L, Arah OA, Olsen J | E57: 41395 | F57: UHF (300 MHz-3 GHz) studies | L57: Real | M57: Mobile Phone | N57: Pulsed | O57: 0 | P57: Human - Children | Q57: Uncertain Effect | R57: 0 | S57: 0 | T57: 0 | U57: 0 | V57: 0 | W57: 0 | X57: 0 | Y57: 0 | Z57: 0 | AA57: 0 | AB57: 1 | AC57: 1 | AD57: 0 | AE57: 1 | AF57: 0 | AG57: 1 | AH57: 0 | AI57: 0 | AJ57: =IF(OR(AC57=1,AE57=1),1,0) -> 1 | AK57: =IF(OR(AF57=1,AG57=1),1,0) -> 1 | AL57: =IF(OR(AD57=1,AH57=1,AI57=1),1,0) -> 0 | AM57: =IF(OR(AD57=1,AH57=1),1,0) -> 0 | AN57: https://www.ncbi.nlm.nih.gov/pubmed/23574412
A58: 3265 | B58: Mobile Phone Usage and its Health Effects Among Adults in a Semi-Urban Area of Southern India | C58: Abstract INTRODUCTION: Worldwide, mobile phone usage has been increased dramatically which could affect the health of the people. India has the second largest number of mobile phone users. However there are only few studies conducted in India to assess its effects on health. AIM: To determine the prevalence and pattern of mobile phone usage and to assess the relationship between certain selected health problems and mobile phone usage among adults. SETTINGS AND DESIGN: Community-based cross-sectional study was conducted in Kottakuppam, a town panchayat in Villupuram district of Coastal Tamil Nadu, Southern India. It is a semi-urban area with a population of about 16,000. Majority of the residents are Muslim by religion and belong to different socio economic status. MATERIALS AND METHODS: The study was approved by the Institutional Ethics Committee. A total of 2121 study participants were interviewed by the pre-final medical students through house-to-house survey using a pretested structured questionnaire. The questionnaire included the variables such as socio demographic profile, mobile phone usage and pattern, selected health problems, perceived benefits and threats and blood pressure. Selected health problems included headache, earache, neck pain, tinnitus, painful fingers, restlessness, morning tiredness, tingling fingers, fatigue, eye symptoms, sleep disturbance and hypertension. STATISTICAL ANALYSIS USED: Only 2054 were included for data analysis using SPSS 17 version. Proportions were calculated. Chi-square test was used to measure the p-value. The p-value < 0.05 was considered as statistically significant. RESULTS: The prevalence of mobile phone usage was 70%. Calling facility (94.2%) was used more than the SMS (67.6%). Health problems like headache, earache, tinnitus, painful fingers and restlessness etc., were found to be positively associated with mobile phone usage. There was negative association between hypertension and mobile phone usage. CONCLUSION: The prevalence of mobile phone usage was high. There was significant association between selected health problems and mobile phone usage. In future, higher studies are required to confirm our findings. Free Full Text Available | D58: Stalin P, Abraham SB, Kanimozhy K, Prasad RV, Singh Z, Purty AJ. | E58: 42370 | F58: UHF (300 MHz-3 GHz) Ecological studies | L58: Real | M58: Mobile Phone Base Station | N58: Pulsed | O58: 0 | P58: Human - Population Groups | Q58: Effect | R58: 0 | S58: 0 | T58: 0 | U58: 0 | V58: 0 | W58: 0 | X58: 0 | Y58: 0 | Z58: 0 | AA58: 0 | AB58: 1 | AC58: 0 | AD58: 0 | AE58: 0 | AF58: 0 | AG58: 0 | AH58: 0 | AI58: 1 | AJ58: =IF(OR(AC58=1,AE58=1),1,0) -> 0 | AK58: =IF(OR(AF58=1,AG58=1),1,0) -> 0 | AL58: =IF(OR(AD58=1,AH58=1,AI58=1),1,0) -> 1 | AM58: =IF(OR(AD58=1,AH58=1),1,0) -> 0 | AN58: https://www.ncbi.nlm.nih.gov/pubmed/26894095
A59: 3344 | B59: The relationship between mobile phone use and ear Problems among medical students | C59: Abstract Background: Concerns regarding the potential physiological effects of exposure to radio frequency (RF) radiation have been increased recently. Objective: This study explores a relationship between the use of mobile phone and auditory problems and the gender difference among medical students in Taibah University in Al Madinah Al Monawarrah. Methods: A cross-sectional study was conducted at Faculty of Medicine, Taibah University, Al Madinah Al Monawarrah, and Kingdom of Saudi Arabia during the year 2013-2014. For this purpose a questionnaire was used as data collection tool. Results: There were some statistically significant relationships that were found such as: students gender and the duration of mobile phone use (P-value=0.0001), students gender and vertigo (P-value=0.0001), tinnitus (P-value=0.0001), and dizziness (P-value=0.001). Conclusion: These results demonstrated high prevalence of ear problems among female medical students. Free Full Text Available | D59: Youssef M,Mansour T, and Abdelsalam HA. | E59: 42474 | F59: UHF (300 MHz-3 GHz) studies | L59: Real | M59: Mobile Phone | N59: Pulsed | Q59: Effect | R59: 0 | S59: 0 | T59: 0 | U59: 0 | V59: 0 | W59: 0 | X59: 0 | Y59: 0 | Z59: 0 | AA59: 0 | AB59: 1 | AC59: 0 | AD59: 0 | AE59: 0 | AF59: 0 | AG59: 0 | AH59: 0 | AI59: 1 | AJ59: =IF(OR(AC59=1,AE59=1),1,0) -> 0 | AK59: =IF(OR(AF59=1,AG59=1),1,0) -> 0 | AL59: =IF(OR(AD59=1,AH59=1,AI59=1),1,0) -> 1 | AM59: =IF(OR(AD59=1,AH59=1),1,0) -> 0 | AN59: http://www.alliedacademies.org/articles/the-relationship-between-mobile-phone-use-and-ear-problems-among-medical-students.html
A60: 3467 | B60: Headache, tinnitus and hearing loss in the international Cohort Study of Mobile Phone Use and Health (COSMOS) in Sweden and Finland | C60: Abstract BACKGROUND: Mobile phone use and exposure to radiofrequency electromagnetic fields (RF-EMF) from it have been associated with symptoms in some studies, but the studies have shortcomings and their findings are inconsistent. We conducted a prospective cohort study to assess the association between amount of mobile phone use at baseline and frequency of headache, tinnitus or hearing loss at 4-year follow-up. METHODS: The participants had mobile phone subscriptions with major mobile phone network operators in Sweden (n = 21 049) and Finland (n = 3120), gave consent for obtaining their mobile phone call data from operator records at baseline, and filled in both baseline and follow-up questionnaires on symptoms, potential confounders and further characteristics of their mobile phone use. RESULTS: The participants with the highest decile of recorded call-time (average call-time >276 min per week) at baseline showed a weak, suggestive increased frequency of weekly headaches at 4-year follow-up (adjusted odds ratio 1.13, 95% confidence interval 0.95-1.34). There was no obvious gradient of weekly headache with increasing call-time (P trend 0.06). The association of headache with call-time was stronger for the Universal Mobile Telecommunications System (UMTS) network than older Global System for Mobile Telecommunications (GSM) technology, despite the latter involving higher exposure to RF-EMF. Tinnitus and hearing loss showed no association with call-time. CONCLUSIONS: People using mobile phones most extensively for making or receiving calls at baseline reported weekly headaches slightly more frequently at follow-up than other users, but this finding largely disappeared after adjustment for confounders and was not related to call-time in GSM with higher RF-EMF exposure. Tinnitus and hearing loss were not associated with amount of call-time. | D60: Auvinen A, Feychting M, Ahlbom A, Hillert L, Elliott P, Schüz J, Kromhout H, Toledano MB, Johansen C, Poulsen AH, Vermeulen R, Heinävaara S, Kojo K, Tettamanti G; COSMOS Study Group | E60: 43659 | F60: UHF (300 MHz-3 GHz) studies | L60: Real | M60: Mobile Phone | N60: Pulsed | Q60: Uncertain Effect | R60: 0 | S60: 0 | T60: 0 | U60: 0 | V60: 0 | W60: 0 | X60: 0 | Y60: 0 | Z60: 0 | AA60: 0 | AB60: 1 | AC60: 1 | AD60: 1 | AE60: 0 | AF60: 0 | AG60: 0 | AH60: 0 | AI60: 0 | AJ60: =IF(OR(AC60=1,AE60=1),1,0) -> 1 | AK60: =IF(OR(AF60=1,AG60=1),1,0) -> 0 | AL60: =IF(OR(AD60=1,AH60=1,AI60=1),1,0) -> 1 | AM60: =IF(OR(AD60=1,AH60=1),1,0) -> 1 | AN60: https://www.ncbi.nlm.nih.gov/pubmed/31302690
A61: 3503 | B61: A Longitudinal Study of Psychophysiological Indicators in Pupils Users of Mobile Communications in Russia (2006–2017) Children Are in the Group of Risk | C61: Book Chapter 10 Excerpts "So, the longitudinal changes in the psychophysiological indicators of children who use mobile phones convincingly show that chronic exposure to electromagnetic radiation from a mobile phone may negatively affect the central nervous system of the child: 1. The reaction time to sound and light stimuli is increased; 2. There is an increase in the number of violations of phonemic perception and the number of missed signals when a sound stimulus is presented; 3. Indicators of arbitrary attention and semantic memory deteriorate; 4. There are increased parameters of fatigue and decreased parameters of working capacity" Book available for purchase. Recommended reading. See Paper ID : 3486 | D61: Grigoriev YG, Khorseva NI. | E61: 43466 | F61: UHF (300 MHz-3 GHz) studies | L61: Real | M61: Mobile Phone | N61: Pulsed | O61: 0 | P61: Human - Children | Q61: Effect | R61: 0 | S61: 0 | T61: 0 | U61: 0 | V61: 0 | W61: 0 | X61: 0 | Y61: 0 | Z61: 0 | AA61: 0 | AB61: 1 | AC61: 1 | AD61: 0 | AE61: 0 | AF61: 0 | AG61: 0 | AH61: 0 | AI61: 0 | AJ61: =IF(OR(AC61=1,AE61=1),1,0) -> 1 | AK61: =IF(OR(AF61=1,AG61=1),1,0) -> 0 | AL61: =IF(OR(AD61=1,AH61=1,AI61=1),1,0) -> 0 | AM61: =IF(OR(AD61=1,AH61=1),1,0) -> 0 | AN61: https://www.taylorfrancis.com/books/e/9780203705100/chapters/10.1201/b22486-10
A62: 3852 | B62: The Impact of Mobile Phone Use on Tinnitus: A Systematic Review and Meta-Analysis | C62: Abstract Tinnitus is a perception of sound in the absence of an external source. The aim of our study was to investigate with a meta-analytical approach, whether mobile phone (MP) use increases the risk of tinnitus. Eight studies reporting the risk of tinnitus in relation to MP use were identified, and six high-quality studies (two cohort studies, one case-control study, and three cross-sectional ones) were included in the meta-analysis. The quality assessment was performed using the Newcastle-Ottawa scale. The risk of tinnitus was analyzed depending on the exposure to MPs in subgroups according to the study design and method of exposure assessment. Two cohort studies, which assessed the exposure to MPs using network operator data, indicated no significantly increased risk of tinnitus among highly exposed MP users in comparison to lightly exposed individuals (odds ratio [OR]: 1.03 [95% confidence interval [CI]: 0.93-1.15]). Likewise, the self-reported exposure data from two cohorts/case-control and four cross-sectional studies did not find an association between exposure to MPs and tinnitus (OR: 1.20 [95% CI: 0.40-3.61] and OR: 1.73 [95% CI: 0.67-4.49], respectively). Current scientific knowledge, including high-quality studies with a reliable exposure assessment based on network operator data, does not support the hypothesis that MP use is associated with tinnitus. | D62: Kacprzyk A, Stefura T, Krzysztofik M, Rok T, Rokita E, Tatoń G. | E62: 44209 | F62: UHF (300 MHz-3 GHz) studies | L62: Real | M62: Mobile Phone | N62: Pulsed | O62: 0 | P62: Humans | Q62: No Effect | R62: 0 | S62: 0 | T62: 0 | U62: 0 | V62: 0 | W62: 0 | X62: 0 | Y62: 0 | Z62: 0 | AA62: 0 | AB62: 0 | AC62: 0 | AD62: 0 | AE62: 0 | AF62: 1 | AG62: 0 | AH62: 0 | AI62: 0 | AJ62: =IF(OR(AC62=1,AE62=1),1,0) -> 0 | AK62: =IF(OR(AF62=1,AG62=1),1,0) -> 1 | AL62: =IF(OR(AD62=1,AH62=1,AI62=1),1,0) -> 0 | AM62: =IF(OR(AD62=1,AH62=1),1,0) -> 0 | AN62: https://pubmed.ncbi.nlm.nih.gov/33440459/
A63: 3885 | B63: Effects of Electomagnetic Fields Formed by Bluetooth on Hearing | C63: Abstract Purpose: The aim of this study is to investigate the effects of long-term exposure to electromagnetic fields (EMF) generated by bluethooth systems operating at a frequency of 2400 MHz on the inner ear and hearing functions of neonatal and adult rats. Materials and Methods: In this study 32 healthy Wistar-Albino rats (16 adults and 16 neonates) were used as test animals. After measurements of distortion product otoacoustic emissions (DPOAE), the adult and neonatal rats were divided into four groups: 8 for the experimental and 8 for the control group for each. The rats in the experimental groups were placed around activated headset bluetooth device attached to their cages with the audio. They were exposed to electromagnetic waves continuously 4 hours each day for 40 days. At the end of this period the experimental and control groups were re-evaluated with DPAOE. The pre and post exposure results for the adult experimental and neonatal group were evaluated both within the group and in comparison to the control group. Results: The pre and post-exposure results for adult and neonatal rats exposed to EMF were assessed both within the group and in comparison to those for the control group and no significant differences were observed in the inner ear and hearing functions (p>0,05). Conclusion: In this study, it was concluded that 4 hours exposure for 40 days to EMF generated by bluethooth systems operating at a frequency of 2400 MHz did not have any determined effect on the inner ear and hearing functions of neonatal and adult rats. Full Text Available | D63: Yıldırım G, Kumral TL, Uyar Y, Babalık M. , | E63: 41275 | F63: UHF (300 MHz-3 GHz) studies | G63: 2480 | H63: 2400 | L63: Real | M63: Bluetooth Headset | N63: Pulsed | O63: 160 | P63: Rats - Wistar Albino | Q63: No Effect | R63: 0 | S63: 0 | T63: 0 | U63: 1 | V63: 0 | W63: 0 | X63: 0 | Y63: 0 | Z63: 1 | AA63: 0 | AB63: 0 | AC63: 0 | AD63: 0 | AE63: 0 | AF63: 0 | AG63: 0 | AH63: 0 | AI63: 1 | AJ63: =IF(OR(AC63=1,AE63=1),1,0) -> 0 | AK63: =IF(OR(AF63=1,AG63=1),1,0) -> 0 | AL63: =IF(OR(AD63=1,AH63=1,AI63=1),1,0) -> 1 | AM63: =IF(OR(AD63=1,AH63=1),1,0) -> 0 | AN63: https://www.researchgate.net/publication/261141656_Effects_of_Electomagnetic_Fields_Formed_by_Bluetooth_on_Hearing
A64: 4873 | B64: Mechanisms and Physiologic Significance of Microwave Action on the Auditory System | C64: Abstract Studies conducted by the authors and their coworkers on the mechanisms and physiologic significance of radiofrequency hearing effects are reviewed. Results of these studies demonstrate that 1) thermoelastic expansion of fluids and structures within the inner ear is the main mechanism by which auditory stimuli are produced by microwave pulses; 2) the frequency spectra of these stimuli are indistinguishable from the spectra of rectangular pulses with the same durations as the microwave pulses; 3) exposure to continuous-wave (CW) microwave radiation evokes an increase in the metsbolic activities of nuclei in the ascending auditory pathway and also decreases the latency and increases the magnitude of brainstem-evoked responses produced by acoustic clicks; and 4) the mechanism of the effects of CW microwave radiation on the auditory system is intracochlear heating. The significance of these findings is discussed in terras of potential applications of microwave stimuli in basic research on the auditory system and in terms of interpreting the results of past studies that demonstrate behavioral sensitivity to CW microwave fields. Historical paper. | D64: Wilson BS, Joines WT. | E64: 31048 | F64: UHF (300 MHz-3 GHz) studies | I64: 1150 | L64: Simulated | M64: Microwave | N64: Pulsed | O64: 0 | P64: Cats | Q64: Effect | R64: 1 | S64: 0 | T64: 0 | U64: 1 | V64: 0 | W64: 0 | X64: 0 | Y64: 0 | Z64: 1 | AA64: 0 | AB64: 0 | AC64: 1 | AD64: 0 | AE64: 0 | AF64: 0 | AG64: 0 | AH64: 0 | AI64: 0 | AJ64: =IF(OR(AC64=1,AE64=1),1,0) -> 1 | AK64: =IF(OR(AF64=1,AG64=1),1,0) -> 0 | AL64: =IF(OR(AD64=1,AH64=1,AI64=1),1,0) -> 0 | AM64: =IF(OR(AD64=1,AH64=1),1,0) -> 0 | AN64: https://www.emf-portal.org/en/article/50811
A65: 4998 | B65: Development of the Microwave Syndrome in Two Men Shortly after Installation of 5G on the Roof above their Office | C65: Abstract The 5th generation, 5G, for wireless communication is rolled out without previous studies onpotential effects on human health and the environment. In this case study we describe two men, case1 and case 2, working in three office rooms close to base stations. After the deployment of 5G, bothmen developed symptoms typical for the microwave syndrome, e.g., headache, tinnitus, dizziness,balance disorder, concentration and attention deficiency, and fatigue. Radiofrequency Radiation(RFR) after the 5G deployment was measured in the three offices. In office one maximum (peak)RFR during one minute varied from 463 to 1,180,000 μW/m2, in office two from 6,230 to 501,000and in office three from 13,700 to 613,000 μW/m2. The symptoms disappeared in both men within acouple of weeks (case 1) or immediately (case 2) after leaving the office for other offices with muchlower maximum peak RFR emissions, maximum for case 1 =16 and for case 2 =2,920 μW/m2. Thiscase report may be regarded as a provocation study on health from 5G RFR. The clinical picture inboth men was clearly related to the exposure, although the exposures were well below the guidelinesrecommended by ICNIRP that are claimed to protect against all health effects. We conclude thatthe guidelines for RFR exposure based only on tissue heating by ICNIRP are inadequate to protecthuman health and that 5G appears to provoke symptoms of microwave syndrome in previouslyhealthy people. | D65: Nilsson M, Hardell L. | E65: 44961 | F65: UHF - SHF (300 MHz- 60 GHz) studies | I65: 1180 | L65: Real | M65: Mobile Phone Base Station | N65: Pulsed | O65: 0 | P65: Humans | Q65: Effect | R65: 1 | S65: 0 | T65: 0 | U65: 0 | V65: 0 | W65: 0 | X65: 0 | Y65: 0 | Z65: 0 | AA65: 0 | AB65: 1 | AC65: 0 | AD65: 0 | AE65: 0 | AF65: 0 | AG65: 1 | AH65: 0 | AI65: 0 | AJ65: =IF(OR(AC65=1,AE65=1),1,0) -> 0 | AK65: =IF(OR(AF65=1,AG65=1),1,0) -> 1 | AL65: =IF(OR(AD65=1,AH65=1,AI65=1),1,0) -> 0 | AM65: =IF(OR(AD65=1,AH65=1),1,0) -> 0 | AN65: https://www.researchgate.net/publication/368690391_Development_of_the_Microwave_Syndrome_in_Two_Men_Shortly_after_Installation_of_5G_on_the_Roof_above_their_Office [accessed Dec 20 2023].
A66: 4999 | B66: 5G Radiofrequency Radiation Caused the Microwave Syndrome in a Family Living Close to the Base Stations | C66: Abstract The fifth generation, 5G, for wireless communication has beenimplemented in various countries since 2019. The deployment in Swedenstarted in 2020 where the used frequencies for 5G in cities are around 3.5GHz. Recently, we published three case reports on persons that developedthe microwave syndrome within short after the installation of 5G basestations close to their dwellings. The health symptoms were attributed tohigh levels of radiofrequency (RF) radiation measured in their apartments.In this article we examine a family of three persons living at distancesof about 50 and 70 meters to two 5G base stations. The base stations arelocated on the top of two 6-floor buildings and the antennas are directedtowards the family’s apartment on the 4th floor on the opposite side of thestreet. Measurements in the apartment were made 10 times at every place,each measurement during 1 minute. Highest levels were measured closeto the two windows in the master bed room varying from 320 000 to 1200 000 μW/m2. High levels were also found at the window of the son’sroom, 121 000 to 490 000 μW/m2, and the daughter’s room 34 800 to 166000 μW/m2. Somewhat lower levels were found in the beds at the placeof the pillow for all family members. Lowest levels were measured in thekitchen on the opposite side of the apartment, 710 to 3 260 μW/m2. Healthproblems were assessed by using a structured questionnaire similar to ourprevious studies. The family members reported symptoms included in themicrowave syndrome to varying self-estimated degrees. The daughter hadthe most severe health issues, for example sleeping problems, headache,concentration and memory problems, skin disorders, irregular heartbeat,light sensitivity, anxiety and panic attacksThese results are in line with previous case studies showing thatdeployment of 5G cannot be made without risks to human health, especiallyfor those living or working in the proximity of the base stations https://www.researchgate.net/publication/372360824_5G_Radiofrequency_Radiation_Caused_the_Microwave_Syndrome_in_a_Family_Living_Close_to_the_Base_Stations | D66: Nilsson M, Hardell L. | E66: 45107 | F66: SHF (3 GHz - 60 GHz) studies | I66: 1200 | L66: Real | M66: Mobile Phone Base Station | N66: Pulsed | O66: 0 | P66: Humans | Q66: Effect | R66: 0 | S66: 0 | T66: 0 | U66: 0 | V66: 0 | W66: 0 | X66: 0 | Y66: 0 | Z66: 0 | AA66: 0 | AB66: 1 | AC66: 0 | AD66: 0 | AE66: 0 | AF66: 0 | AG66: 1 | AH66: 0 | AI66: 0 | AJ66: =IF(OR(AC66=1,AE66=1),1,0) -> 0 | AK66: =IF(OR(AF66=1,AG66=1),1,0) -> 1 | AL66: =IF(OR(AD66=1,AH66=1,AI66=1),1,0) -> 0 | AM66: =IF(OR(AD66=1,AH66=1),1,0) -> 0 | AN66: https://www.researchgate.net/publication/372360824_5G_Radiofrequency_Radiation_Caused_the_Microwave_Syndrome_in_a_Family_Living_Close_to_the_Base_Stations
A67: 5046 | B67: Physiological changes and symptoms associated with short-term exposure to electromagnetic fields: a randomized crossover provocation study | C67: Abstract Background: The biological association between electromagnetic fields (EMF) and idiopathic environmental intolerance attributed to EMF (IEI-EMF) has not been established. To assess the physiological changes and symptoms associated with exposure to EMF, we conducted a randomized crossover provocation study. Methods: We recruited 58 individuals with IEI-EMF (IEI-EMF group) and 92 individuals without IEI-EMF (control group). In a controlled environment, all participants received EMF signals mimicking those from mobile phone base stations in a randomized sequence under the blinded condition. During the course, participants reported their symptoms and whether they perceived EMF, and we monitored their physiological parameters, including blood pressure (BP), heart rate (HR), and HR variability. Results: The IEI-EMF and control groups reported similar frequencies of symptoms during both the provocation and sham sessions. No participant could accurately identify the provocation. In both groups, physiological parameters were similar between the two sessions. The control group, but not the IEI-EMF group, had elevated HR when they perceived EMF exposure. Conclusions: No symptoms or changes in physiological parameters were found to be associated with short-term exposure to EMF, and no participant could accurately detect the presence of EMF. Moreover, the participants in the control group, but not those in the IEI-EMF group, had elevated HR when they perceived EMF. | D67: Huang PC, Chiang JC, Cheng YY, Cheng TJ, Huang CY, Chuang YT, Hsu T, Guo HR. | E67: 44628 | F67: UHF (300 MHz-3 GHz) studies | G67: 2100 | H67: 800 | I67: 1000 | L67: Simulated | M67: RF Signal Generator | N67: Pulsed | O67: 1 | P67: Humans | Q67: No Effect | R67: 0 | S67: 0 | T67: 0 | U67: 0 | V67: 0 | W67: 0 | X67: 0 | Y67: 0 | Z67: 0 | AA67: 1 | AB67: 0 | AC67: 1 | AD67: 0 | AE67: 0 | AF67: 0 | AG67: 0 | AH67: 0 | AI67: 0 | AJ67: =IF(OR(AC67=1,AE67=1),1,0) -> 1 | AK67: =IF(OR(AF67=1,AG67=1),1,0) -> 0 | AL67: =IF(OR(AD67=1,AH67=1,AI67=1),1,0) -> 0 | AM67: =IF(OR(AD67=1,AH67=1),1,0) -> 0 | AN67: https://pubmed.ncbi.nlm.nih.gov/35255916/
AN69: Industry | AO69: =COUNTIF(AD2:AD67,"=1") -> 3 | AP69: % | AR69: Institution | AS69: =COUNTIF(AE2:AE67,"=1") -> 8 | AT69: %
N70: Percentages | P70: Audiological/Tinnitus | Q70: =SUM(Q71:Q72) -> 66 | R70: % | AN70: Effect | AO70: =COUNTIFS(AD2:AD67,"=1",R2:R67,"=1") -> 0 | AP70: =AO70/AO69*100 -> 0 | AR70: Effect | AS70: =COUNTIFS(AE2:AE67,"=1",R2:R67,"=1") -> 2 | AT70: =AS70/AS69*100 -> 25
L71: Effect | M71: =COUNTIFS(Q2:Q67,"Effect") -> 31 | N71: =M71/M75 -> 0.47692308 | P71: Effect | Q71: =COUNTIF(R2:R67,"=1") -> 21 | R71: =Q71/Q70*100 -> 31.818182 | AN71: No significant effect | AO71: =COUNTIFS(AD2:AD67,"=1",R2:R67,"=0") -> 3 | AP71: =AO71/AO69*100 -> 100 | AR71: No significant effect | AS71: =COUNTIFS(AE2:AE67,"=1",R2:R67,"=0") -> 6 | AT71: =AS71/AS69*100 -> 75
L72: No Effect | M72: =COUNTIFS(Q2:Q67,"No Effect") -> 27 | N72: =M72/M75 -> 0.41538462 | P72: No significant effect | Q72: =COUNTIF(R2:R67,"=0") -> 45 | R72: =Q72/Q70*100 -> 68.181818
L73: Uncertain Effect | M73: =COUNTIFS(Q2:Q67,"Uncertain Effect") -> 7 | N73: =M73/M75 -> 0.10769231 | AN73: Govt or Institution | AO73: =COUNTIF(AJ2:AJ68,"=1") -> 28 | AP73: %
P74: Real | Q74: =COUNTIFS(L2:L54,"=Real") -> 41 | R74: % | AN74: Effect | AO74: =COUNTIFS(AJ2:AJ68,"=1",R2:R68,"=1") -> 4 | AP74: =AO74/AO73*100 -> 14.285714
L75: Total | M75: =SUM(M71:M73) -> 65 | P75: Effect | Q75: =COUNTIFS(L2:L67,"=Real",R2:R67,"=1") -> 16 | R75: =Q75/Q74*100 -> 39.02439 | AN75: No significant effect | AO75: =COUNTIFS(AJ2:AJ68,"=1",R2:R68,"=0") -> 24 | AP75: =AO75/AO73*100 -> 85.714286
P76: No significant effect | Q76: =COUNTIFS(L2:L67,"=Real",R2:R67,"=0") -> 36 | R76: =Q76/Q74*100 -> 87.804878
AN77: Private or Public | AO77: =COUNTIF(AK2:AK68,"=1") -> 7 | AP77: %
P78: Simulated | Q78: =COUNTIFS(L2:L67,"=Simulated") -> 11 | R78: % | AN78: Effect | AO78: =COUNTIFS(AK2:AK68,"=1",R2:R68,"=1") -> 2 | AP78: =AO78/AO77*100 -> 28.571429
P79: Effect | Q79: =COUNTIFS(L2:L67,"=Simulated",R2:R67,"=1") -> 4 | R79: =Q79/Q78*100 -> 36.363636 | AN79: No significant effect | AO79: =COUNTIFS(AK2:AK68,"=1",R2:R68,"=0") -> 5 | AP79: =AO79/AO77*100 -> 71.428571
P80: No significant effect | Q80: =COUNTIFS(L2:L67,"=Simulated",R2:R67,"=0") -> 7 | R80: =Q80/Q78*100 -> 63.636364
AN81: Industry or Unknown/Unstated | AO81: =COUNTIF(AL2:AL68,"=1") -> 37 | AP81: %
P82: Pulsed | Q82: =COUNTIFS(N2:N67,"=Pulsed") -> 58 | R82: % | AN82: Effect | AO82: =COUNTIFS(AL2:AL68,"=1",R2:R68,"=1") -> 15 | AP82: =AO82/AO81*100 -> 40.540541
P83: Effect | Q83: =COUNTIFS(N2:N67,"=Pulsed",R2:R67,"=1") -> 19 | R83: =Q83/Q82*100 -> 32.758621 | AN83: No significant effect | AO83: =COUNTIFS(AL2:AL68,"=1",R2:R68,"=0") -> 22 | AP83: =AO83/AO81*100 -> 59.459459
P84: No significant effect | Q84: =COUNTIFS(N2:N67,"=Pulsed",R2:R67,"=0") -> 39 | R84: =Q84/Q82*100 -> 67.241379
AN85: Industry Unstated | AO85: =COUNTIF(AM2:AM68,"=1") -> 3 | AP85: %
P86: Continous | Q86: =COUNTIFS(N2:N54,"=Continuous") -> 3 | R86: % | AN86: Effect | AO86: =COUNTIFS(AM2:AM68,"=1",R2:R68,"=1") -> 0 | AP86: =AO86/AO85*100 -> 0
P87: Effect | Q87: =COUNTIFS(N2:N54,"=Continuous",R2:R54,"=1") -> 1 | R87: =Q87/Q86*100 -> 33.333333 | AN87: No significant effect | AO87: =COUNTIFS(AM2:AM68,"=1",R2:R68,"=0") -> 3 | AP87: =AO87/AO85*100 -> 100
P88: No significant effect | Q88: =COUNTIFS(N2:N54,"=Continuous",R2:R54,"=0") -> 2 | R88: =Q88/Q86*100 -> 66.666667
AN89: Private | AO89: =COUNTIF(AF2:AF67,"=1") -> 3 | AP89: %
AN90: Effect | AO90: =COUNTIFS(AF2:AF68,"=1",R2:R68,"=1") -> 1 | AP90: =AO90/AO89*100 -> 33.333333
AN91: No significant effect | AO91: =COUNTIFS(AF2:AF68,"=1",R2:R68,"=0") -> 2 | AP91: =AO91/AO89*100 -> 66.666667
AN93: Unknown | AO93: =COUNTIF(AI2:AI68,"=1") -> 34 | AP93: %
AN94: Effect | AO94: =COUNTIFS(AI2:AI68,"=1",R2:R68,"=1") -> 15 | AP94: =AO94/AO93*100 -> 44.117647
AN95: No significant effect | AO95: =COUNTIFS(AI2:AI68,"=1",R2:R68,"=0") -> 19 | AP95: =AO95/AO93*100 -> 55.882353

Sheet Biochemical
A1: PaperID | B1: Title | C1: Main_Review | D1: Authors | E1: Date_Pub | F1: Freq_Cat | G1: Exposure::RFHigh | H1: Exposure::RFLow | I1: Exposure::PowerDensity | J1: Exposure::Sar_val | K1: Exposure::E_Field | L1: Signal Type | M1: Exposure::SignalGen | N1: Exposure::WaveType | O1: Exposure::CummHrs | P1: Exposure::CellsAnimal | Q1: Effect | R1: BI | S1: Birds | T1: Insects | U1: Animal | V1: Plants | W1: Microbes | X1: Marine | Y1: InVitro | Z1: InVivo | AA1: Human_Pro | AB1: Epidemiology | AC1: GFund | AD1: IndFund | AE1: InstFund | AF1: PFund | AG1: PubFund | AH1: UNFund | AI1: UnkFund | AJ1: Govt+Institutn | AK1: Priv+Pub | AL1: Indust or Unstated Unknown | AM1: Indust or UNstated | AN1: WLink
A2: 1 | B2: Low intensity microwave radiation induced oxidative stress, inflammatory response and DNA damage in rat brain | C2: Abstract The present study was undertaken to determine the influence of low intensity microwave radiation on oxidative stress, inflammatory response and DNA damage in rat brain. The study was carried out on 24 male Fischer 344 rats, randomly divided into four groups (n=6 in each group): group I consisted of sham exposed (control) rats, group II-IV consisted of rats exposed to microwave radiation at frequencies 900, 1800 and 2450MHz, specific absorption rates (SARs) 0.59, 0.58 and 0.66 mW/kg respectively in gigahertz transverse electromagnetic (GTEM) cell for 60 days Low intensity microwave exposure resulted in a frequency dependent significant increase in oxidative stress markers viz. malondialdehyde (MDA), protein carbonyl (PCO) and catalase (CAT) in microwave exposed groups in comparison to sham exposed group (p<0.05). Whereas, levels of reduced glutathione (GSH) and superoxide dismutase (SOD) were found significantly decreased in microwave exposed groups (p<0.05). A significant increase in levels of pro-inflammatory cytokines (IL-2, IL-6, TNF-α, and IFN-γ) was observed in microwave exposed animal (p<0.05). Furthermore, significant DNA damage was also observed in microwave exposed groups as compared to their corresponding values in sham exposed group (p<0.05). In conclusion, the present study suggests that low intensity microwave radiation induces oxidative stress, inflammatory response and DNA damage in brain by exerting a frequency dependent effect. The study also indicates that increased oxidative stress and inflammatory response might be the factors involved in DNA damage following low intensity microwave exposure. (2h/day, 5 days/week). Used in-vivo in FDA report ID: 3596 | D2: Megha K, Deshmukh PS, Banerjee BD, Tripathi AK, Ahmed R, Abegaonkar MP. | E2: 42302 | F2: UHF (300 MHz-3 GHz) studies | J2: 0.00059 | L2: Simulated | M2: RF Signal Generator and Transverse Electromagnetic (TEM) Cell | N2: Not Stated | O2: 85.714286 | P2: Rats - Fisher 344 Male | Q2: Effect | R2: 1 | S2: 0 | T2: 0 | U2: 1 | V2: 0 | W2: 0 | X2: 0 | Y2: 0 | Z2: 1 | AA2: 0 | AB2: 0 | AC2: 1 | AD2: 0 | AE2: 0 | AF2: 0 | AG2: 0 | AH2: 0 | AI2: 0 | AJ2: =IF(OR(AC2=1,AE2=1),1,0) -> 1 | AK2: =IF(OR(AF2=1,AG2=1),1,0) -> 0 | AL2: =IF(OR(AD2=1,AH2=1,AI2=1),1,0) -> 0 | AM2: =IF(OR(AD2=1,AH2=1),1,0) -> 0 | AN2: http://www.ncbi.nlm.nih.gov/pubmed/26511840
A3: 3 | B3: Effects of prenatal exposure to a 900 MHz electromagnetic field on 60-day-old rat testis and epididymal sperm quality | C3: Abstract We investigated the effects of exposure in utero to a 900 megahertz (MHz) electromagnetic field (EMF) on 60-day-old rat testis and epididymis. Pregnant rats were divided into control (CG; no treatment) and EMF (EMFG) groups. The EMFG was exposed to 900 MHz EMF for 1 h each day during days 13 - 21 of pregnancy. Newborn rats were either newborn CG (NCG) or newborn EMF groups (NEMFG). On postnatal day 60, a testis and epididymis were removed from each animal. Epididymal semen quality, and lipid and DNA oxidation levels, apoptotic index and histopathological damage to the testis were compared. We found a higher apoptotic index, greater DNA oxidation levels and lower sperm motility and vitality in the NEMFG compared to controls. Immature germ cells in the seminiferous tubule lumen, and altered seminiferous tubule epithelium and seminiferous tubule structure also were observed in hematoxylin and eosin stained sections of NEMFG testis. Nuclear changes that indicated apoptosis were identified in TUNEL stained sections and large numbers of apoptotic cells were observed in most of the seminiferous tubule epithelium in the NEMFG. Sixty-day-old rat testes exposed to 900 MHz EMF exhibited altered sperm quality and biochemical characteristics. | D3: Odacı E, Hancı H, Yuluğ E, Türedi S, Aliyazıcıoğlu Y, Kaya H, Çolakoğlu S. | E3: 42292 | F3: UHF (300 MHz-3 GHz) studies | J3: 0.024 | L3: Simulated | M3: RF Signal Generator | N3: Continuous | O3: 8 | P3: Rats - Sprague Dawley Female | Q3: Effect | R3: 1 | S3: 0 | T3: 0 | U3: 1 | V3: 0 | W3: 0 | X3: 0 | Y3: 0 | Z3: 1 | AA3: 0 | AB3: 0 | AC3: 0 | AD3: 0 | AE3: 0 | AF3: 0 | AG3: 0 | AH3: 0 | AI3: 1 | AJ3: =IF(OR(AC3=1,AE3=1),1,0) -> 0 | AK3: =IF(OR(AF3=1,AG3=1),1,0) -> 0 | AL3: =IF(OR(AD3=1,AH3=1,AI3=1),1,0) -> 1 | AM3: =IF(OR(AD3=1,AH3=1),1,0) -> 0 | AN3: http://www.ncbi.nlm.nih.gov/pubmed/26472053?dopt=Abstract
A4: 8 | B4: 8-oxoG DNA Glycosylase-1 Inhibition Sensitizes Neuro-2a Cells to Oxidative DNA Base Damage Induced by 900 MHz Radiofrequency Electromagnetic Radiation | C4: Abstract The purpose of this study was to explore the in vitro putative genotoxicity during exposure of Neuro-2a cells to radiofrequency electromagnetic fields (RF-EMFs) with or without silencing of 8-oxoG DNA glycosylase-1 (OGG1). Exposure to 900 MHz RF-EMFs with insufficient energy could induce oxidative DNA base damage in Neuro-2a cells. These increases were concomitant with similar increases in the generation of reactive oxygen species (ROS). Without OGG1 siRNA, 2 W/kg RF-EMFs induced oxidative DNA base damage in Neuro-2a cells. Interestingly, with OGG1 siRNA, RF-EMFs could cause DNA base damage in Neuro-2a cells as low as 1 W/kg. However, neither DNA strand breakage nor altered cell viability was observed. Free Full Text Available | D4: Wang X, Liu C, Ma Q, Feng W, Yang L, Lu Y, Zhou Z, Yu Z, Li W, Zhang L | E4: 42272 | F4: UHF (300 MHz-3 GHz) studies | J4: 0.5 | L4: Simulated | M4: Mobile Phone GSM (Talk) Simulated | N4: Pulsed | O4: 24 | P4: Mice Cells | Q4: Effect | R4: 1 | S4: 0 | T4: 0 | U4: 1 | V4: 0 | W4: 0 | X4: 0 | Y4: 1 | Z4: 0 | AA4: 0 | AB4: 0 | AC4: 1 | AD4: 0 | AE4: 0 | AF4: 0 | AG4: 0 | AH4: 0 | AI4: 0 | AJ4: =IF(OR(AC4=1,AE4=1),1,0) -> 1 | AK4: =IF(OR(AF4=1,AG4=1),1,0) -> 0 | AL4: =IF(OR(AD4=1,AH4=1,AI4=1),1,0) -> 0 | AM4: =IF(OR(AD4=1,AH4=1),1,0) -> 0 | AN4: https://www.emf-portal.org/en/article/27920
A5: 10 | B5: Impact of mobile phone radiation on the quality and DNA methylation of human sperm in vitro | C5: Abstract OBJECTIVE: To investigate the influences of mobile phone radiation on the quality and DNA methylation of human sperm in vitro. METHODS: According to the fifth edition of the WHO Laboratory Manual for the Examination and Processing of Human Semen, we randomly selected 97 male volunteers with normal semen parameters and divided each semen sample from the subjects into two equal parts, one exposed to mobile phone radiation at 1950 M Hz, SAR3. 0 W/kg for 3 hours while the other left untreated as the control. We obtained routine semen parameters as well as the acrosomal reaction ability, apoptosis and DNA methylation of sperm, and compared them between the two groups. RESULTS: Compared with the control, the radiation group showed significantly decreased progressive sperm motility ([36.64 ± 16.93] vs [27.56 ± 16.92]%, P < 0.01) and sperm viability ([63.72 ± 16.35] vs [54.31 ± 17.35]%, P < 0.01) and increased sperm head defects ([69.92 ± 4.46] vs [71.17 ± 4.89]%, P < 0.05), but no significant differences in sperm acrosomal reaction ([66.20 ± 6.75] vs [64.50 ± 3.47]%, P > 0.05). The early apoptosis rate of sperm cells was remarkably higher in the radiation group ([6.89 ± 9.84]%) than in the control ([4.44 ± 5.89]%) (P < 0.05). However, no statistically significant differences were found between the control and radiation groups in the DNA methylation patterns of the paternal imprinting gene H19 ICR ([0.60 ± 0.02] vs [1.40 ± 0.03]%, P > 0.05) or the maternal imprinting gene KvDMR1 ([0.00 ± 0.00] vs [1.80 ± 0.031%, P > 0.05). CONCLUSION: Mobile phone radiation reduces the progressive motility and viability of human sperm and increases sperm head defects and early apoptosis of sperm cells. [Article in Chinese] | D5: Wang D, Li B, Liu Y, Ma YF, Chen SQ, Sun HJ, Dong J, Ma XH, Zhou J, Wang XH. | E5: 42176 | F5: UHF (300 MHz-3 GHz) studies | J5: 3 | L5: Real | M5: Mobile Phone | N5: Pulsed | O5: 3 | P5: Human Sperm | Q5: Effect | R5: 0 | S5: 0 | T5: 0 | U5: 0 | V5: 0 | W5: 0 | X5: 0 | Y5: 1 | Z5: 0 | AA5: 0 | AB5: 0 | AC5: 0 | AD5: 0 | AE5: 0 | AF5: 0 | AG5: 0 | AH5: 0 | AI5: 1 | AJ5: =IF(OR(AC5=1,AE5=1),1,0) -> 0 | AK5: =IF(OR(AF5=1,AG5=1),1,0) -> 0 | AL5: =IF(OR(AD5=1,AH5=1,AI5=1),1,0) -> 1 | AM5: =IF(OR(AD5=1,AH5=1),1,0) -> 0 | AN5: http://www.ncbi.nlm.nih.gov/pubmed/26242041?dopt=Abstract
A6: 11 | B6: Electromagnetic radiation at 900 MHz induces sperm apoptosis through bcl-2, bax and caspase-3 signalling pathways in rats | C6: Abstract BACKGROUND: The decreased reproductive capacity of men is an important factor contributing to infertility. Accumulating evidence has shown that Electromagnetic radiation potentially has negative effects on human health. However, whether radio frequency electromagnetic radiation (RF-EMR) affects the human reproductive system still requires further investigation. Therefore, The present study investigates whether RF-EMR at a frequency of 900 MHz can trigger sperm cell apoptosis and affect semen morphology, concentration, and microstructure. METHODS: Twenty four rats were exposed to 900 MHz electromagnetic radiation with a special absorption rate of 0.66 ± 0.01 W/kg for 2 h/d. After 50d, the sperm count, morphology, apoptosis, reactive oxygen species (ROS), and total antioxidant capacity (TAC), representing the sum of enzymatic and nonenzymatic antioxidants, were investigated. Western blotting and reverse transcriptase PCR were used to determine the expression levels of apoptosis-related proteins and genes, including bcl-2, bax, cytochrome c, and capase-3. RESULTS: In the present study, the percentage of apoptotic sperm cells in the exposure group was significantly increased by 91.42% compared with the control group. Moreover, the ROS concentration in exposure group was increased by 46.21%, while the TAC was decreased by 28.01%. Radiation also dramatically decreased the protein and mRNA expression of bcl-2 and increased that of bax, cytochrome c, and caspase-3. CONCLUSION: RF-EMR increases the ROS level and decreases TAC in rat sperm. Excessive oxidative stress alters the expression levels of apoptosis-related genes and triggers sperm apoptosis through bcl-2, bax, cytochrome c and caspase-3 signaling pathways. Free Full Text Available | D6: Liu Q, Si T, Xu X, Liang F, Wang L, Pan S. | E6: 42220 | F6: UHF (300 MHz-3 GHz) studies | I6: 10000 | J6: 0.66 | L6: Simulated | M6: RF Signal Generator | N6: Amplitude Modulation | O6: 100 | P6: Rats - Sprague Dawley Male | Q6: Effect | R6: 1 | S6: 0 | T6: 0 | U6: 1 | V6: 0 | W6: 0 | X6: 0 | Y6: 0 | Z6: 1 | AA6: 0 | AB6: 0 | AC6: 1 | AD6: 0 | AE6: 0 | AF6: 0 | AG6: 0 | AH6: 0 | AI6: 0 | AJ6: =IF(OR(AC6=1,AE6=1),1,0) -> 1 | AK6: =IF(OR(AF6=1,AG6=1),1,0) -> 0 | AL6: =IF(OR(AD6=1,AH6=1,AI6=1),1,0) -> 0 | AM6: =IF(OR(AD6=1,AH6=1),1,0) -> 0 | AN6: http://www.ncbi.nlm.nih.gov/pubmed/26239320?dopt=Abstract
